 Dungeon Crawl Stone Soup version 0.30-a0-141-g30f27751c5 (webtiles) character file.

Game seed: 7788619196742799163

914579 qw the Bringer of Light (level 27, -3/179 HPs)
             Began as a Gargoyle Fighter on Sept 25, 2022.
             Was the Champion of the Shining One.
             Splashed with acid (9 damage)
             ... on level 2 of the Pits of Slime.
             The game lasted 00:53:07 (83276 turns).

qw the Bringer of Light (Gargoyle Fighter)         Turns: 83276, Time: 00:53:08

Health: -3/179     AC: 73    Str: 36      XL:     27
Magic:  28/28      EV: 16    Int: 14 (15) God:    the Shining One [******]
Gold:   6537       SH: 30    Dex: 15 (16) Spells: 26/26 levels left

rFire   + . .      SeeInvis +    i - +9 broad axe (holy)
rCold   + . .      Faith    .    A - +2 tower shield {AC+3}
rNeg    + + +      Spirit   .    y - +13 plate armour of Siveq {Contam +Inv Int+5}
rPois   inf        Reflect  +    L - +4 hat of the Barracuda {Int+4 SInv}
rElec   +          Harm     .    c - -1 cloak of Weirdness {Will++ Str+2}
rCorr   +          Rampage  .    w - +2 pair of gloves {Dex+3}
Will    ++++.      Rage     3%   t - +2 pair of boots
Stlth   ..........               f - amulet of reflection
HPRegen 0.39/turn                j - ring of Conformity {rF+ AC+4}
MPRegen 0.21/turn                K - ring of Cowardice {rC+ rN+ rCorr Str+5 Int-2}

@: flying, glowing
A: sickness immunity, AC +20, big wings, negative energy resistance 1,
electricity resistance, torment resistance 1, petrification resistance, antennae
1, fangs 1, iridescent scales 1, agile 1, berserk 1, deformed body,
deterioration 1, frail 1, low MP 3, screaming 2, weak 2, wild magic 1, inability
to drink after injury 1, inability to read after injury 1
}: 10/15 runes: serpentine, barnacled, slimy, silver, golden, demonic, glowing,
magical, fiery, dark
a: Renounce Religion, Evoke Invisibility, Divine Shield, Cleansing Flame, Summon
Divine Warrior


You were on level 2 of the Pits of Slime.
You worshipped the Shining One.
The Shining One was exalted by your worship.
You visited 12 branches of the dungeon, and saw 55 of its levels.
You visited Pandemonium 2 times, and saw 22 of its levels.
You also visited: Gauntlet.

You collected 12048 gold pieces.
You spent 5511 gold pieces at shops.


Innate Abilities, Weirdness & Mutations

You are immune to sickness and miasma.
Your stone body is resilient. (AC +20)
You are immune to poison.
Your large and strong wings let you fly.
You resist negative energy. (rN+)
You are resistant to electric shocks. (rElec)
You are resistant to unholy torment.
You are immune to petrification.
You have a pair of small antennae on your head.
You have very sharp teeth.
You are partially covered in iridescent scales. (AC +2)
You are agile. (Dex +4, Str/Int -1)
You sometimes lose your temper in combat.
Armour fits poorly on your strangely shaped body.
Your body sometimes deteriorates upon taking damage.
You are frail. (-10% HP)
Your magical capacity is extremely low. (-30% MP)
You frequently scream uncontrollably at your foes.
You are very weak. (Str -4)
Your spells are a little harder to cast, but a little more powerful.
You occasionally lose the ability to drink potions when taking damage.
You occasionally lose the ability to read scrolls when taking damage.


   Skills:
 O Level 27 Fighting
 - Level 7.1 Short Blades
 - Level 18.0 Axes
 - Level 15.0 Throwing
 O Level 27 Armour
 - Level 14.0 Dodging
 + Level 23.9 Shields
 O Level 27 Invocations


You had 26 spell levels left.
You didn't know any spells.
Your spell library was empty.

Inventory:

Hand Weapons
 i - a +9 broad axe of holy wrath (weapon)
 o - the +7 war axe of Tumult {freeze, rF++}
   (You acquired it in Pandemonium)

   It freezes those it strikes, dealing additional cold damage.
   It can also slow down cold-blooded creatures.
   rF:        It greatly protects you from fire.
 G - the +8 broad axe "Secret Weapon" {vorpal, rF+ rC- Int+2}
   (Okawaru gifted it to you on level 4 of the Shoals)

   It inflicts extra damage upon your enemies.
   Int:       It affects your intelligence (+2).
   rF:        It protects you from fire.
   rC:        It makes you vulnerable to cold.
Missiles
 l - 2 silver boomerangs (quivered)
 m - 38 boomerangs
Armour
 c - the -1 cloak of Weirdness (worn) {Will++ Str+2}
   (Okawaru gifted it to you on level 1 of the Vaults)

   Str:       It affects your strength (+2).
   Will:      It greatly increases your willpower.
 t - a +2 pair of boots (worn)
 v - the +1 pair of gloves "Naelool" {rPois rF+ rCorr Int+3}
   (You found it on level 5 of the Pits of Slime)

   Int:       It affects your intelligence (+3).
   rF:        It protects you from fire.
   rPois:     It protects you from poison.
   rCorr:     It protects you from acid and corrosion.
 w - a +2 pair of gloves of dexterity (worn)
 y - the +13 plate armour of Siveq (worn) {Contam +Inv Int+5}
   (You found it on level 12 of the Dungeon)

   Int:       It affects your intelligence (+5).
   +Inv:      It lets you turn invisible.
   Contam:    It causes magical contamination when unequipped.
 A - a +2 tower shield of protection (worn)
 F - +0 gold dragon scales
 L - the +4 hat of the Barracuda (worn) {Int+4 SInv}
   (Okawaru gifted it to you on level 5 of the Vaults)

   Int:       It affects your intelligence (+4).
   SInv:      It lets you see invisible.
 N - the +0 cloak of the Valley of Death {Drain +Inv Will+ Str+3}
   (You found it in Pandemonium)

   Str:       It affects your strength (+3).
   +Inv:      It lets you turn invisible.
   Drain:     It drains your maximum health when unequipped.
   Will:      It increases your willpower.
 P - a scarf of resistance
 S - a +2 cloak
Jewellery
 b - the ring "Voalig" {Will+ AC+4}
   (You took it off an efreet on level 12 of the Dungeon)

   [ring of protection]

   AC:        It affects your AC (+4).
   Will:      It increases your willpower.
 f - an amulet of reflection (around neck)
 j - the ring of Conformity (left hand) {rF+ AC+4}
   (You found it in Pandemonium)

   [ring of protection]

   AC:        It affects your AC (+4).
   rF:        It protects you from fire.
 x - a ring of protection from cold
 K - the ring of Cowardice (right hand) {rC+ rN+ rCorr Str+5 Int-2}
   (You took it off a skeletal warrior on level 3 of the Crypt)

   [ring of positive energy]

   Str:       It affects your strength (+5).
   Int:       It affects your intelligence (-2).
   rC:        It protects you from cold.
   rN:        It protects you from negative energy.
   rCorr:     It protects you from acid and corrosion.
 O - the ring of the Teaching Scavenger {rPois rF+ MP-9 Str+4}
   (You found it on level 3 of the Tomb of the Ancients)

   [ring of poison resistance]

   Str:       It affects your strength (+4).
   rF:        It protects you from fire.
   rPois:     It protects you from poison.
   MP:        It affects your magic capacity (-9).
 Y - the ring "Keakher" {rF- rN+ rCorr Str+6 Dex+2}
   (You found it in Pandemonium)

   [ring of strength]

   Str:       It affects your strength (+6).
   Dex:       It affects your dexterity (+2).
   rF:        It makes you vulnerable to fire.
   rN:        It protects you from negative energy.
   rCorr:     It protects you from acid and corrosion.
Wands
 J - a wand of digging (31)
Scrolls
 a - 39 scrolls of identify
 h - 7 scrolls of enchant armour
 q - a scroll of brand weapon
 I - 9 scrolls of enchant weapon
Potions
 d - 8 potions of might
 e - 26 potions of curing
 k - 5 potions of magic
 n - 5 potions of haste
 p - 21 potions of attraction
 s - 4 potions of heal wounds
 z - 2 potions of cancellation
 B - 12 potions of lignification

Dungeon Overview and Level Annotations

Branches:
Dungeon (15/15)            Temple (1/1) D:4            Lair (5/5) D:9
 Shoals (4/4) Lair:3        Snake (4/4) Lair:2        Slime (5/5) Lair:5
    Orc (2/2) D:9             Elf (0/3) Orc:2        Vaults (5/5) D:14
  Crypt (3/3) Vaults:3       Tomb (3/3) Crypt:3      Depths (4/4) D:15
    Zot (4/5) Depths:4    Gauntlet (visited)

Altars:
Ashenzari
Cheibriados
Dithmenos
Elyvilon
Fedhas
Gozag
Hepliaklqana
Kikubaaqudgha
Makhleb
Nemelex Xobeh
Okawaru
Qazlal
Ru
Sif Muna
Trog
Uskayaw
Vehumet
Wu Jian
Xom
Yredelemnul
Zin
The Shining One
Lugonu

Shops:
D:9 (   D:12 *   D:14 !*   Orc:1 *   Orc:2 *!*[=:?   Shoals:1 [   Shoals:4 *
Vaults:3 (   Depths:1 ![[*

Portals:
Hell: Depths:1 Depths:2 Depths:3 Depths:4
Abyss: Depths:2 Depths:3 Depths:4
Pandemonium: Depths:2 Depths:3
Ziggurat: Depths:4

Annotations:
D:12 1 runed translucent door
Lair:5 2 runed translucent doors


Message History

(P) Snake Pit (M) Slime Pits (O) Orcish Mines (E) Elven Halls (V) Vaults (C) Crypt (W) Tomb (U) Depths (H) Hell (Z) Zot
Where to? (* - list waypoints, Enter - Hell, ? - help) You're standing next to a slime covered wall!
You're standing next to a slime covered wall!
83273 ||| Stepping randomly (stuck).
You are splashed with acid!
You're standing next to a slime covered wall!
(D) Dungeon (T) Temple (L) Lair (A) Shoals (P) Snake Pit (M) Slime Pits (O) Orcish Mines (E) Elven Halls (V) Vaults (C) Crypt (W) Tomb (U) Depths (H) Hell (Z) Zot
Where to? (* - list waypoints, Enter - Hell, ? - help) You're standing next to a slime covered wall!
You're standing next to a slime covered wall!
83274 ||| Stepping randomly (stuck).
You are splashed with acid!
You're standing next to a slime covered wall!
(D) Dungeon (T) Temple (L) Lair (A) Shoals (P) Snake Pit (M) Slime Pits (O) Orcish Mines (E) Elven Halls (V) Vaults (C) Crypt (W) Tomb (U) Depths (H) Hell (Z) Zot
Where to? (* - list waypoints, Enter - Hell, ? - help) You're standing next to a slime covered wall!
You're standing next to a slime covered wall!
83275 ||| Stepping randomly (stuck).
You are splashed with acid!!
Your body deteriorates!
You feel dopey.
You're standing next to a slime covered wall!
(D) Dungeon (T) Temple (L) Lair (A) Shoals (P) Snake Pit (M) Slime Pits (O) Orcish Mines (E) Elven Halls (V) Vaults (C) Crypt (W) Tomb (U) Depths (H) Hell (Z) Zot
Where to? (* - list waypoints, Enter - Hell, ? - help) You're standing next to a slime covered wall!
You're standing next to a slime covered wall!
83276 ||| Stepping randomly (stuck).
You are splashed with acid!
You die...

#..................##..
##..........#...........
#.......................
##......#.......#.......
####.#####..............
##.#########.....#.......
#....###.###.........>...
#....#...##.............
###..##@##..............
#.....................
##...................#
#...........#.#....##
##...........#....## #
##.......#.##.....#
##.##..........#.....##
#....................#
##.##............##..#


There were no monsters in sight!

Vanquished Creatures
  the Royal Jelly (Slime:5)
  Lom Lobon (Pan)
  Dissolution (Slime:2)
  Mnoleg (Pan)
  3 dread liches (Vaults:5)
  5 pandemonium lords (Pan)
  Khufu (Tomb:3)
  An ancient lich (Vaults:5)
  A juggernaut (Depths:3)
  3 orbs of fire
  29 royal mummies
  Frederick (Vaults:5)
  Xtahua (Crypt:3)
  Nikola (Snake:1)
  A curse toe (Zot:4)
  12 golden dragons
  the Enchantress (Depths:3)
  Jory (Crypt:3)
  4 Brimstone Fiends (Pan)
  Jorgrun (D:15)
  8 Tzitzimimeh (Pan)
  2 electric golems
  15 tentacled monstrosities
  Rupert (Orc:2)
  11 Hell Sentinels (Pan)
  Zenata (Crypt:3)
  3 liches
  A hellephant (Pan)
  3 Ice Fiends (Pan)
  Mlioglotl (Snake:1)
  18 titans
  7 deep elf master archers
  2 eldritch tentacles (Pan)
  19 acid blobs
  A walking divine tome (Depths:3)
  6 deep elf blademasters
  11 sphinxes
  3 death cobs (Zot:4)
  7 quicksilver dragons
  14 ancient champions
  19 Executioners (Pan)
  A kraken (Shoals:3)
  Donald (Shoals:3)
  Kirke (Snake:4)
  5 tengu reavers
  11 shadow dragons
  9 storm dragons
  8 azure jellies
  5 revenants
  8 draconian monks
  Roxanne (Shoals:4)
  21 fire giants
  8 rockslimes
  19 frost giants
  6 draconian scorchers
  A deep elf sorcerer (Vaults:1)
  18 demonspawn warmongers (Pan)
  3 draconian knights
  13 vault wardens
  26 balrugs
  5 curse skulls
  4 ghost moths
  20 cacodemons
  Aizul (Snake:1)
  7 draconian shifters
  Louise (Shoals:4)
  10 draconian annihilators
  21 ironbound preservers
  8 ghouls
  8 draconian stormcallers
  A juggernaut zombie (Tomb:3)
  11 reapers
  10 demonspawn blood saints (Pan)
  23 very ugly things
  5 ironbound thunderhulks
  7 demonspawn corrupters (Pan)
  10 quicksilver oozes
  4 spriggan defenders (Depths:3)
  5 bennus (Tomb:3)
  5 vampire knights
  3 war gargoyles
  Nessos (D:12)
  17 green draconians
  11 black draconians
  28 stone giants
  8 demonspawn black suns (Pan)
  20 yellow draconians
  12 lorocyprocas (Pan)
  12 white draconians
  5 dire elephants
  A minotaur (Gauntlet)
  A bunyip (shapeshifter) (Vaults:5)
  Azrael (D:15)
  2 spark wasps (Depths:3)
  14 red draconians
  12 purple draconians
  4 eidola
  12 blizzard demons (Pan)
  17 green deaths (Pan)
  13 merfolk impalers
  14 ettins
  2 crystal guardians (Vaults:4)
  9 yaktaur captains
  11 fire dragons
  8 merfolk javelineers
  2 entropy weavers
  14 jiangshi
  2 deep elf death magi
  22 mummy priests
  4 deep elf high priests
  13 great orbs of eyes
  3 spriggan zombies
  4 peacekeepers
  6 hell beasts (Pan)
  37 vault guards
  7 ice dragons
  6 salamander tyrants
  6 hydras
  An ogre mage (Vaults:5)
  12 centaur warriors
  7 anacondas
  A juggernaut simulacrum (Depths:2)
  8 spriggan air magi
  7 rakshasas
  An Orb Guardian zombie (Crypt:3)
  4 spriggan skeletons (Crypt:2)
  Erica (Lair:2)
  A catoblepas (D:11)
  2 merfolk avatars
  An anaconda (shapeshifter) (Depths:2)
  2 satyrs
  6 ironbound frosthearts
  5 merfolk aquamancers
  21 death scarabs
  4 two-headed ogres
  2 death knights (Crypt:1)
  9 boulder beetles
  9 deep troll earth magi
  3 hell hogs (Pan)
  4 tengu warriors
  8 naga warriors
  6 spriggan berserkers
  7 death yaks (Lair:4)
  8 deep troll shamans
  7 vampire magi
  Urug (Lair:4)
  12 naga sharpshooters
  3 deep elf knights
  A titan zombie (Depths:3)
  7 shock serpents
  32 large abominations
  2 orc high priests (Orc:2)
  18 soul eaters
  72 sun demons
  Sonja (Lair:2)
  5 hell knights
  14 iron trolls
  A quicksilver ooze zombie (Crypt:2)
  6 salamander mystics
  Amaemon (Lair:1)
  32 sixfirhies (Pan)
  6 shadow wraiths
  22 skeletal warriors
  76 deep trolls
  A spark wasp zombie (Crypt:3)
  3 deep elf archers
  13 ironbound convokers
  A steelbarb worm (shapeshifter) (Vaults:5)
  15 sea snakes
  2 flayed ghosts
  8 naga ritualists
  2 bog bodies (Crypt:3)
  9 shadow demons (Pan)
  23 lindwurms
  4 glowing orange brains
  12 phantasmal warriors
  20 harpies
  5 deep elf pyromancers
  3 golden dragon skeletons
  14 orc knights
  14 wizards
  Pikel (D:6)
  9 necromancers
  28 ugly things
  2 deep elf zephyrmancers
  17 manticores
  2 orc sorcerers
  15 fauns
  A moth of wrath (shapeshifter) (Vaults:5)
  11 mana vipers
  2 oklob plants (Lair:5)
  10 shining eyes
  A shining eye (shapeshifter) (Depths:3)
  23 salamanders
  20 moths of wrath
  14 cyclopes
  A stone giant skeleton (Crypt:3)
  3 iron dragon skeletons (Depths:3)
  7 merfolk sirens
  2 dire elephant zombies (Crypt:1)
  40 black mambas
  Joseph (Lair:1)
  3 molten gargoyles
  A frost giant skeleton (Depths:3)
  3 elephants (Lair:4)
  24 orange demons
  10 naga magi
  2 rust devils (Pan)
  23 vault sentinels
  8 eyes of devastation
  9 water nymphs
  3 gargoyles
  3 guardian serpents
  An alligator snapping turtle zombie (Crypt:2)
  2 torpor snails
  A storm dragon simulacrum (Crypt:3)
  9 cane toads
  41 smoke demons
  7 unseen horrors
  A komodo dragon (shapeshifter) (Vaults:4)
  Maggie (D:9)
  10 komodo dragons
  7 hellions (Pan)
  17 demonic crawlers (Pan)
  2 kobold demonologists
  3 rime drakes
  5 freezing wraiths
  6 swamp worm zombies (Crypt:2)
  35 yaktaurs
  12 tormentors (Pan)
  6 efreet
  A grey draconian skeleton (Crypt:3)
  An alligator snapping turtle skeleton (Tomb:2)
  27 hellwings (Pan)
  33 merfolk
  A spark wasp simulacrum (Depths:3)
  4 tengu conjurers
  A yaktaur skeleton (Vaults:1)
  38 guardian mummies
  5 ice devils
  A purple draconian skeleton (Crypt:1)
  A red devil (Gauntlet)
  9 trolls
  2 harpy zombies
  4 wind drakes
  A troll (shapeshifter) (Vaults:5)
  2 polar bears
  A mana viper skeleton (Crypt:3)
  126 slime creatures
  A meliai (D:12)
  2 harpy skeletons
  5 snapping turtles
  A hornet (Depths:2)
  32 dream sheep
  31 blink frogs
  19 flying skulls
  A centaur simulacrum (Tomb:3)
  4 spriggans
  3 water elementals
  10 wraiths
  2 shadows
  7 wyverns
  27 yaks
  Grum (D:8)
  30 ushabtiu
  3 hogs (Snake:4)
  41 ynoxinuls (Pan)
  2 redbacks (Vaults:3)
  7 basilisks
  An ettin skeleton (Tomb:3)
  A tyrant leech zombie (Crypt:1)
  2 fire elementals (D:15)
  8 golden eyes
  A steam dragon (Lair:4)
  A basilisk (shapeshifter) (D:10)
  37 chaos spawn
  28 neqoxecs
  A glowing shapeshifter zombie (Depths:3)
  7 wargs
  7 vampire mosquitoes
  3 acid dragons
  30 nagas
  A naga zombie (Tomb:2)
  8 water moccasins
  A cane toad zombie (Crypt:2)
  8 hell hounds
  A water moccasin (shapeshifter) (Vaults:5)
  2 floating eyes (Pan)
  2 ice beasts
  A black bear (shapeshifter) (Vaults:5)
  2 black bears
  A snapping turtle zombie (Crypt:1)
  A meliai simulacrum (D:14)
  2 swamp drakes (Lair:4)
  45 orc warriors
  3 sky beasts
  A human zombie (Vaults:1)
  A swamp dragon zombie (Crypt:2)
  5 ogres
  A manticore skeleton (Crypt:3)
  9 centaurs
  A dream sheep skeleton (Crypt:2)
  11 wolves
  2 kobold brigands
  4 small abominations (Depths:4)
  A phantom (D:7)
  11 bullfrogs
  A bullfrog (shapeshifter) (D:12)
  8 necrophages
  3 scorpions
  3 human skeletons (Vaults:1)
  A gnoll sergeant (D:7)
  A hornet simulacrum (D:14)
  3 wights (D:10)
  A polar bear zombie (Crypt:3)
  15 killer bees
  5 electric eels
  A yak skeleton (Crypt:1)
  8 howler monkeys
  9 lava snakes (Lair:5)
  2 crimson imps (Gauntlet)
  3 jellies
  10 hounds
  11 orc priests
  4 iguanas
  17 orc wizards
  A killer bee zombie (Crypt:1)
  A hound zombie (Crypt:1)
  A boggart simulacrum (D:15)
  33 mummies
  Robin (D:4)
  15 gnolls
  10 adders
  An adder (shapeshifter) (Vaults:5)
  A river rat (Lair:3)
  A swamp drake skeleton (Crypt:2)
  5 white imps
  An ufetubus (D:5)
  A worm zombie (Crypt:1)
  A dart slug (D:4)
  83 orcs
  7 bats
  2 endoplasms
  3 giant cockroaches
  14 goblins
  11 hobgoblins
  4 quokkas
  9 ball pythons
  A ball python zombie (Crypt:2)
  An endoplasm zombie (Crypt:1)
  A frilled lizard (D:1)
  14 kobolds
  A quokka zombie (Crypt:1)
  4 rats
  11 fire vortices (Pan)
  2 tentacles (Shoals:3)
3077 creatures vanquished.

Vanquished Creatures (collateral kills)
  Cerebov (Pan)
  Gloorx Vloq (Pan)
  2 dread liches (Crypt:3)
  An ancient lich (Crypt:3)
  5 royal mummies
  4 pandemonium lords (Pan)
  6 Tzitzimimeh (Pan)
  A Brimstone Fiend (Pan)
  2 Ice Fiends (Pan)
  2 tentacled monstrosities (Pan)
  2 liches (Crypt:3)
  A deep elf master archer (Tomb:2)
  2 acid blobs
  An Executioner (Pan)
  An ancient champion (Crypt:3)
  3 rockslimes (Slime:5)
  3 demonspawn warmongers (Pan)
  3 balrugs (Pan)
  4 cacodemons (Pan)
  A ghoul (Crypt:3)
  A reaper (Pan)
  5 quicksilver oozes
  A stone giant (Tomb:2)
  A bennu (Tomb:3)
  A lorocyproca (Pan)
  A demonspawn black sun (Pan)
  A mummy priest (Tomb:2)
  A blizzard demon (Pan)
  2 green deaths (Pan)
  A vampire mage (Crypt:2)
  A death scarab (Tomb:3)
  3 soul eaters (Pan)
  18 sun demons (Pan)
  2 sixfirhies (Pan)
  2 shadow wraiths (Pan)
  A deep elf archer (Tomb:2)
  A shadow demon (Pan)
  A phantasmal warrior (Crypt:3)
  A deep elf pyromancer (Tomb:2)
  A shining eye (Pan)
  An eye of devastation (Pan)
  7 smoke demons (Pan)
  2 demonic crawlers (Pan)
  6 orange demons (Pan)
  2 efreet (Pan)
  An ice devil (Pan)
  3 hellwings (Pan)
  A red devil (Pan)
  2 guardian mummies
  A wind drake (Pan)
  5 slime creatures
  4 large abominations (Pan)
  A satyr skeleton (Crypt:2)
  4 ushabtiu
  2 flying skulls (Tomb:2)
  9 ynoxinuls (Pan)
  4 golden eyes (Pan)
  6 neqoxecs (Pan)
  2 chaos spawn (Pan)
  6 mummies
  2 fire vortices (Pan)
163 creatures vanquished.

Vanquished Creatures (others)
  An eldritch tentacle (Tomb:2)
  A fire giant (Depths:1)
  A draconian knight (Zot:3)
  A stone giant (Tomb:1)
  A black draconian (Zot:2)
  A demonspawn black sun (Pan)
  A sun demon (Pan)
  A skeletal warrior (Crypt:3)
  A salamander (Snake:4)
  A demonic crawler (Pan)
  3 smoke demons (Pan)
  A hellwing (Pan)
  A water elemental (Shoals:4)
  A basilisk (D:12)
  A naga (Snake:4)
  9 ball lightnings (Pan)
  3 fire vortices (Pan)
  14 fungi
  72 plants
  3 tentacles (Shoals:3)
118 creatures vanquished.

Grand Total: 3358 creatures vanquished

Notes
Turn   | Place    | Note
-------+----------+-------------------------------------------
     0 | D:1      | qw the Gargoyle Fighter began the quest for the Orb.
     0 | D:1      | Reached XP level 1. HP: 14/14 MP: 1/1
     0 | D:1      | 0 ||| qw: Version: 0.2-a-10-g399e6c4
     0 | D:1      | 0 ||| qw: Game counter: 252
     0 | D:1      | 0 ||| qw: Always use a shield: true
     0 | D:1      | 0 ||| qw: God list: Okawaru
     0 | D:1      | 0 ||| qw: Allow faded altars: false
     0 | D:1      | 0 ||| qw: Do Orc after D:15 true
     0 | D:1      | 0 ||| qw: Do second Lair branch before Depths: true
     0 | D:1      | 0 ||| qw: Lair rune preference: random
     0 | D:1      | 0 ||| qw: Plans: Normal, Zot:1-4, God:TSO, Crypt, Tomb,
                  | Pan, Slime:5, Hells, Abyss, Orb
     0 | D:1      | 0 ||| PLANNING D:1-11
   251 | D:1      | Reached XP level 2. HP: 19/19 MP: 2/2
   259 | D:1      | 259 ||| Stepping ~*~*~tactically~*~*~ (stealth).
   729 | D:1      | 729 ||| UPGRADING to +0 helmet.
   734 | D:1      | 734 ||| UPGRADING to ring of protection from cold.
   735 | D:1      | 735 ||| UPGRADING to ring of see invisible.
   736 | D:1      | 736 ||| READING scroll labelled CIPINISKIA.
   737 | D:1      | 737 ||| READING scroll labelled BIEPIS TEBBIFU.
   738 | D:1      | 738 ||| READING 2 scrolls labelled LAOTUL COFUDI.
   739 | D:1      | 739 ||| READING scroll labelled MUNAUTW INGYCA.
   742 | D:1      | 742 ||| DRINKING 2 cyan potions.
   743 | D:1      | 743 ||| DROPPING scroll of immolation.
   774 | D:2      | Noticed a scorpion
   785 | D:2      | Killed a scorpion
   786 | D:2      | Reached XP level 3. HP: 13/23 MP: 3/3
   786 | D:2      | Reached XP level 4. HP: 16/28 MP: 4/4
   802 | D:2      | 802 ||| FLEEEEING.
   805 | D:2      | 805 ||| STAIRDANCE
  1374 | D:2      | Found a faded altar of an unknown god.
  1761 | D:2      | 1761 ||| READING 2 scrolls labelled HYUVVUKLEV.
  1929 | D:3      | Reached XP level 5. HP: 32/32 MP: 5/5
  1929 | D:3      | 1929 ||| DROPPING +0 club.
  2450 | D:3      | 2450 ||| Stepping ~*~*~tactically~*~*~ (stealth).
  2790 | D:3      | 2790 ||| UPGRADING to +6 ring of strength.
  2792 | D:3      | 2792 ||| READING scroll labelled QOGEOMA ZINGOATI.
  2793 | D:3      | 2793 ||| READING scroll labelled FINGYI ZEDI.
  2794 | D:3      | 2794 ||| DRINKING 2 sedimented golden potions.
  2899 | D:3      | 2899 ||| DROPPING potion of berserk rage.
  3035 | D:4      | Found a staircase to the Ecumenical Temple.
  3036 | D:4      | 3036 ||| PLANNING TEMPLE
  3036 | D:4      | 3036 ||| READING scroll labelled ERUIDW XUKEMM.
  3041 | Temple   | Entered the Ecumenical Temple
  3168 | Temple   | 3168 ||| PLANNING OKAWARU WORSHIP
  3243 | Temple   | Became a worshipper of Warmaster Okawaru
  3244 | Temple   | 3244 ||| PLANNING D:1-11
  3276 | D:4      | 3276 ||| Stepping ~*~*~tactically~*~*~ (hiding).
  3287 | D:4      | Noticed Robin
  3288 | D:4      | 3288 ||| Stepping ~*~*~tactically~*~*~ (hiding).
  3298 | D:4      | Killed Robin
  3299 | D:4      | Reached skill level 1 in Throwing
  3299 | D:4      | Reached XP level 6. HP: 29/38 MP: 6/6
  3306 | D:4      | 3306 ||| FLEEEEING.
  3309 | D:4      | 3309 ||| FLEEEEING.
  3310 | D:4      | 3310 ||| FLEEEEING.
  3311 | D:4      | 3311 ||| FLEEEEING.
  3312 | D:4      | 3312 ||| FLEEEEING.
  3313 | D:4      | 3313 ||| FLEEEEING.
  3317 | D:4      | 3317 ||| FLEEEEING.
  3318 | D:4      | 3318 ||| FLEEEEING.
  3319 | D:4      | 3319 ||| FLEEEEING.
  3324 | D:4      | 3324 ||| FLEEEEING.
  3326 | D:4      | 3326 ||| FLEEEEING.
  3327 | D:4      | 3327 ||| FLEEEEING.
  3328 | D:4      | 3328 ||| FLEEEEING.
  3329 | D:4      | 3329 ||| STAIRDANCE
  3384 | D:4      | Noticed an orc warrior
  3393 | D:4      | Killed an orc warrior
  3394 | D:4      | Reached skill level 1 in Dodging
  3710 | D:4      | 3710 ||| Stepping ~*~*~tactically~*~*~ (stealth).
  3840 | D:4      | Found a hazy altar of Hepliaklqana.
  3840 | D:4      | Found a glowing silver altar of Zin.
  3841 | D:4      | Found a broken altar of Ashenzari.
  3911 | D:4      | Found a shimmering altar of Xom.
  4006 | D:4      | 4006 ||| Stepping ~*~*~tactically~*~*~ (stealth).
  4010 | D:4      | Identified the +5 halberd "Josaum" {flame, rN+ Dex+2
                  | Stlth+}
  4021 | D:4      | HP: 7/38 [orc/the +5 halberd "Josaum" {flame, rN+ Dex+2
                  | Stlth+} (10)]
  4021 | D:4      | HP: 3/38 [orc/the +5 halberd "Josaum" {flame, rN+ Dex+2
                  | Stlth+} (4)]
  4022 | D:4      | 4022 ||| READING 2 scrolls of teleportation.
  4351 | D:4      | 4351 ||| Stepping ~*~*~tactically~*~*~ (stealth).
  4363 | D:4      | Reached XP level 7. HP: 42/43 MP: 7/7
  4373 | D:4      | HP: 10/43 [orc wizard/+0 flail (6)]
  4374 | D:4      | 4374 ||| READING scroll of teleportation.
  4807 | D:4      | Reached skill level 6 in Axes
  4949 | D:4      | Reached * piety under Okawaru
  4971 | D:4      | 4971 ||| UPGRADING to +0 chain mail.
  4981 | D:4      | 4981 ||| DROPPING +0 scale mail.
  4982 | D:4      | 4982 ||| DRINKING 2 lumpy red potions.
  4982 | D:4      | Gained mutation: You are frail. (-10% HP) [potion of
                  | mutation]
  4982 | D:4      | Gained mutation: You are partially covered in iridescent
                  | scales. (AC +2) [potion of mutation]
  4982 | D:4      | Gained mutation: Your spells are a little harder to cast,
                  | but a little more powerful. [potion of mutation]
  4983 | D:4      | 4983 ||| DRINKING potion of mutation.
  4983 | D:4      | Lost mutation: You are frail. (-10% HP) [potion of
                  | mutation]
  4983 | D:4      | Lost mutation: Your spells are a little harder to cast, but
                  | a little more powerful. [potion of mutation]
  4983 | D:4      | Lost mutation: You are partially covered in iridescent
                  | scales. (AC +2) [potion of mutation]
  4983 | D:4      | Gained mutation: Your flesh is heat resistant. (rF+)
                  | [potion of mutation]
  4983 | D:4      | Gained mutation: You are strong-willed. (Will+) [potion of
                  | mutation]
  5018 | D:4      | 5018 ||| READING 2 scrolls of identify.
  5018 | D:4      | 5018 ||| IDENTIFYING fuming dark potion
  5026 | D:5      | Entered Level 5 of the Dungeon
  5082 | D:5      | 5082 ||| Stepping ~*~*~tactically~*~*~ (stealth).
  5094 | D:5      | Reached skill level 1 in Invocations
  5118 | D:5      | 5118 ||| Stepping ~*~*~tactically~*~*~ (stealth).
  5122 | D:5      | 5122 ||| Stepping ~*~*~tactically~*~*~ (stealth).
  5123 | D:5      | 5123 ||| Stepping ~*~*~tactically~*~*~ (stealth).
  5146 | D:5      | 5146 ||| Stepping ~*~*~tactically~*~*~ (stealth).
  5329 | D:5      | 5329 ||| Stepping ~*~*~tactically~*~*~ (hiding).
  5330 | D:5      | 5330 ||| Stepping ~*~*~tactically~*~*~ (hiding).
  5332 | D:5      | 5332 ||| Stepping ~*~*~tactically~*~*~ (hiding).
  5506 | D:5      | 5506 ||| INVOKING Heroism.
  5509 | D:5      | Reached skill level 3 in Invocations
  5509 | D:5      | Reached XP level 8. HP: 48/48 MP: 7/10
  5643 | D:5      | 5643 ||| READING scroll labelled QIADEIL QAEDD.
  5644 | D:5      | 5644 ||| READING scroll labelled SYT KUCIOCUSAO.
  5645 | D:5      | 5645 ||| READING scroll labelled YLAXAPT BAPH.
  5646 | D:5      | 5646 ||| READING 2 scrolls of identify.
  5646 | D:5      | 5646 ||| IDENTIFYING lumpy brown potion
  5687 | D:6      | 5687 ||| INVOKING Heroism.
  5798 | D:6      | Reached ** piety under Okawaru
  6060 | D:6      | Noticed a two-headed ogre
  6061 | D:6      | 6061 ||| INVOKING Heroism.
  6071 | D:6      | Killed a two-headed ogre
  6072 | D:6      | Reached skill level 9 in Axes
  6072 | D:6      | Reached XP level 9. HP: 22/54 MP: 10/12
  6283 | D:6      | 6283 ||| Stepping ~*~*~tactically~*~*~ (hiding).
  6284 | D:6      | 6284 ||| INVOKING Heroism.
  6288 | D:6      | Reached *** piety under Okawaru
  6301 | D:6      | Noticed Pikel
  6310 | D:6      | Killed Pikel
  6400 | D:6      | 6400 ||| Stepping ~*~*~tactically~*~*~ (hiding).
  6406 | D:6      | 6406 ||| INVOKING Heroism.
  6416 | D:6      | 6416 ||| FLEEEEING.
  6417 | D:6      | 6417 ||| FLEEEEING.
  6418 | D:6      | 6418 ||| FLEEEEING.
  6420 | D:6      | 6420 ||| FLEEEEING.
  6421 | D:6      | 6421 ||| FLEEEEING.
  6422 | D:6      | 6422 ||| FLEEEEING.
  6423 | D:6      | 6423 ||| FLEEEEING.
  6424 | D:6      | 6424 ||| FLEEEEING.
  6425 | D:6      | 6425 ||| Stepping ~*~*~tactically~*~*~ (hiding).
  6426 | D:6      | 6426 ||| FLEEEEING.
  6427 | D:6      | 6427 ||| INVOKING Heroism.
  6430 | D:6      | 6430 ||| FLEEEEING.
  6623 | D:6      | 6623 ||| DROPPING +0 flail.
  6779 | D:6      | 6779 ||| Stepping ~*~*~tactically~*~*~ (stealth).
  6780 | D:6      | 6780 ||| Stepping ~*~*~tactically~*~*~ (stealth).
  6832 | D:6      | 6832 ||| INVOKING Heroism.
  6931 | D:6      | 6931 ||| UPGRADING to amulet of regeneration.
  6936 | D:6      | 6936 ||| READING scroll labelled WUCHIZE LACE.
  6937 | D:6      | 6937 ||| READING 2 scrolls of identify.
  6937 | D:6      | 6937 ||| IDENTIFYING sedimented emerald potion
  6938 | D:6      | 6938 ||| DROPPING potion of degeneration.
  6992 | D:7      | 6992 ||| Stepping ~*~*~tactically~*~*~ (stealth).
  7020 | D:7      | 7020 ||| Stepping ~*~*~tactically~*~*~ (hiding).
  7021 | D:7      | 7021 ||| INVOKING Heroism.
  7024 | D:7      | 7024 ||| Stepping ~*~*~tactically~*~*~ (hiding).
  7135 | D:7      | 7135 ||| Stepping ~*~*~tactically~*~*~ (stealth).
  7172 | D:7      | 7172 ||| READING 3 scrolls of enchant weapon.
  7172 | D:7      | 7172 ||| ENCHANTING +1 war axe.
  7173 | D:7      | 7173 ||| READING 2 scrolls of enchant weapon.
  7173 | D:7      | 7173 ||| ENCHANTING +2 war axe.
  7174 | D:7      | 7174 ||| READING scroll of enchant weapon.
  7174 | D:7      | 7174 ||| ENCHANTING +3 war axe.
  7247 | D:7      | 7247 ||| READING scroll of enchant weapon.
  7247 | D:7      | 7247 ||| ENCHANTING +4 war axe.
  7606 | D:7      | 7606 ||| DROPPING +3 ring mail.
  7607 | D:7      | 7607 ||| UPGRADING to +0 pair of boots.
  7612 | D:7      | 7612 ||| DRINKING 2 yellow potions.
  7649 | D:8      | 7649 ||| Stepping ~*~*~tactically~*~*~ (hiding).
  7650 | D:8      | 7650 ||| Stepping ~*~*~tactically~*~*~ (hiding).
  7800 | D:8      | Reached XP level 10. HP: 61/63 MP: 13/13
  7990 | D:8      | Noticed Grum
  7991 | D:8      | 7991 ||| INVOKING Heroism.
  8001 | D:8      | Killed Grum
  8001 | D:8      | Reached **** piety under Okawaru
  8192 | D:8      | 8192 ||| Stepping ~*~*~tactically~*~*~ (stealth).
  8193 | D:8      | 8193 ||| INVOKING Heroism.
  8383 | D:8      | 8383 ||| READING scroll labelled XEOCSU KIEJUOCK.
  8535 | D:9      | 8535 ||| Stepping ~*~*~tactically~*~*~ (stealth).
  8540 | D:9      | 8540 ||| INVOKING Heroism.
  8581 | D:9      | Found a staircase to the Orcish Mines.
  8611 | D:9      | Noticed a gargoyle
  8612 | D:9      | 8612 ||| INVOKING Heroism.
  8625 | D:9      | Noticed Maggie
  8626 | D:9      | Killed a gargoyle
  8627 | D:9      | Reached skill level 6 in Invocations
  8644 | D:9      | 8644 ||| INVOKING Heroism.
  8659 | D:9      | Killed Maggie
  8659 | D:9      | Reached ***** piety under Okawaru
  8660 | D:9      | Found a staircase to the Lair.
  8714 | D:9      | 8714 ||| DROPPING +1 vorpal flail.
  8820 | D:9      | Noticed a kobold demonologist
  8826 | D:9      | Killed a kobold demonologist
  8827 | D:9      | Found Iffuesso's Antique Weapon Boutique.
  8904 | D:9      | Reached XP level 11. HP: 68/68 MP: 16/16
  9057 | D:9      | 9057 ||| PLANNING LAIR
  9057 | D:9      | 9057 ||| UPGRADING to +1 helmet.
  9067 | D:9      | 9067 ||| DROPPING +0 helmet.
  9068 | D:9      | 9068 ||| DROPPING ring of ice.
  9069 | D:9      | 9069 ||| READING 2 scrolls of identify.
  9069 | D:9      | 9069 ||| IDENTIFYING sedimented silvery potion
  9106 | Lair:1   | Entered Level 1 of the Lair of Beasts
  9134 | Lair:1   | 9134 ||| INVOKING Heroism.
  9201 | Lair:1   | Noticed Amaemon
  9201 | Lair:1   | 9201 ||| INVOKING Heroism.
  9203 | Lair:1   | 9203 ||| Stepping ~*~*~tactically~*~*~ (hiding).
  9206 | Lair:1   | 9206 ||| Stepping ~*~*~tactically~*~*~ (hiding).
  9209 | Lair:1   | Reached skill level 6 in Armour
  9222 | Lair:1   | Killed Amaemon
  9244 | Lair:1   | 9244 ||| DROPPING +0 morningstar.
  9261 | Lair:1   | 9261 ||| Stepping ~*~*~tactically~*~*~ (stealth).
  9264 | Lair:1   | 9264 ||| Stepping ~*~*~tactically~*~*~ (stealth).
  9268 | Lair:1   | 9268 ||| INVOKING Heroism.
  9278 | Lair:1   | Received a gift from Okawaru
  9346 | Lair:1   | 9346 ||| INVOKING Heroism.
  9352 | Lair:1   | Reached skill level 9 in Fighting
  9444 | Lair:1   | Reached skill level 9 in Invocations
  9509 | Lair:1   | 9509 ||| INVOKING Heroism.
  9549 | Lair:1   | Noticed a boulder beetle
  9550 | Lair:1   | 9550 ||| INVOKING Heroism.
  9552 | Lair:1   | 9552 ||| INVOKING Finesse.
  9565 | Lair:1   | Killed a boulder beetle
  9565 | Lair:1   | Received a gift from Okawaru
  9674 | Lair:1   | Noticed Joseph
  9677 | Lair:1   | 9677 ||| Stepping ~*~*~tactically~*~*~ (hiding).
  9678 | Lair:1   | 9678 ||| Stepping ~*~*~tactically~*~*~ (hiding).
  9692 | Lair:1   | Killed Joseph
  9921 | Lair:1   | 9921 ||| UPGRADING to +1 pair of gloves.
  9952 | Lair:2   | 9952 ||| INVOKING Heroism.
  9990 | Lair:2   | 9990 ||| Stepping ~*~*~tactically~*~*~ (stealth).
  9995 | Lair:2   | 9995 ||| Stepping ~*~*~tactically~*~*~ (stealth).
 10060 | Lair:2   | 10060 ||| Stepping ~*~*~tactically~*~*~ (stealth).
 10082 | Lair:2   | 10082 ||| INVOKING Heroism.
 10136 | Lair:2   | Found a staircase to the Snake Pit.
 10137 | Lair:2   | 10137 ||| Stepping ~*~*~tactically~*~*~ (hiding).
 10140 | Lair:2   | 10140 ||| Stepping ~*~*~tactically~*~*~ (hiding).
 10143 | Lair:2   | 10143 ||| Stepping ~*~*~tactically~*~*~ (hiding).
 10145 | Lair:2   | 10145 ||| Stepping ~*~*~tactically~*~*~ (hiding).
 10146 | Lair:2   | 10146 ||| Stepping ~*~*~tactically~*~*~ (stealth).
 10314 | Lair:2   | 10314 ||| INVOKING Heroism.
 10315 | Lair:2   | 10315 ||| Stepping ~*~*~tactically~*~*~ (stealth).
 10316 | Lair:2   | 10316 ||| Stepping ~*~*~tactically~*~*~ (stealth).
 10321 | Lair:2   | Identified the +2 steam dragon scales of the Pit {rElec
                  | Int+3} (Okawaru gifted it to you on level 2 of the Lair of
                  | Beasts)
 10321 | Lair:2   | Received a gift from Okawaru
 10332 | Lair:2   | Reached XP level 12. HP: 52/76 MP: 19/19
 10334 | Lair:2   | Reached skill level 12 in Axes
 10378 | Lair:2   | You fall into a shaft and drop 1 floor!
 10395 | Lair:3   | 10395 ||| Stepping ~*~*~tactically~*~*~ (stealth).
 10396 | Lair:3   | 10396 ||| INVOKING Heroism.
 10408 | Lair:3   | Reached skill level 6 in Shields
 10423 | Lair:3   | 10423 ||| INVOKING Heroism.
 10505 | Lair:3   | Noticed a four-headed hydra
 10506 | Lair:3   | 10506 ||| INVOKING Heroism.
 10507 | Lair:3   | 10507 ||| INVOKING Finesse.
 10509 | Lair:3   | 10509 ||| SWAPPING to +1 demon whip of venom.
 10514 | Lair:3   | Killed a four-headed hydra
 10515 | Lair:3   | 10515 ||| SWAPPING to +5 war axe.
 10585 | Lair:3   | 10585 ||| DROPPING +2 steam dragon scales of the Pit {rElec
                  | Int+3}.
 10586 | Lair:3   | 10586 ||| READING scroll labelled FITWEF QALUQIFO.
 10591 | Lair:3   | Identified the +1 plate armour of Free Will {Regen+}
 10618 | Lair:2   | Noticed Sonja
 10619 | Lair:2   | 10619 ||| INVOKING Finesse.
 10645 | Lair:2   | Killed Sonja
 10780 | Lair:2   | 10780 ||| INVOKING Heroism.
 10855 | Lair:2   | Noticed Erica
 10856 | Lair:2   | 10856 ||| Stepping ~*~*~tactically~*~*~ (hiding).
 10857 | Lair:2   | 10857 ||| Stepping ~*~*~tactically~*~*~ (hiding).
 10858 | Lair:2   | 10858 ||| INVOKING Heroism.
 10860 | Lair:2   | 10860 ||| INVOKING Finesse.
 10871 | Lair:2   | Killed Erica
 10951 | Lair:2   | 10951 ||| INVOKING Heroism.
 11222 | Lair:2   | 11222 ||| UPGRADING to +1 plate armour of Free Will
                  | {Regen+}.
 11232 | Lair:2   | 11232 ||| DROPPING +0 chain mail.
 11235 | Lair:3   | Noticed a boulder beetle
 11236 | Lair:3   | 11236 ||| INVOKING Heroism.
 11237 | Lair:3   | 11237 ||| INVOKING Finesse.
 11252 | Lair:3   | Killed a boulder beetle
 11363 | Lair:3   | 11363 ||| INVOKING Heroism.
 11450 | Lair:3   | Found a staircase to the Shoals.
 11486 | Lair:3   | 11486 ||| Stepping ~*~*~tactically~*~*~ (stealth).
 11494 | Lair:3   | 11494 ||| Stepping ~*~*~tactically~*~*~ (stealth).
 11498 | Lair:3   | 11498 ||| Stepping ~*~*~tactically~*~*~ (stealth).
 11508 | Lair:3   | Reached skill level 9 in Armour
 11749 | Lair:3   | 11749 ||| INVOKING Heroism.
 12060 | Lair:4   | Noticed a death yak
 12061 | Lair:4   | 12061 ||| INVOKING Heroism.
 12061 | Lair:4   | Noticed a death yak
 12062 | Lair:4   | 12062 ||| Stepping ~*~*~tactically~*~*~ (stealth).
 12063 | Lair:4   | 12063 ||| Stepping ~*~*~tactically~*~*~ (stealth).
 12064 | Lair:4   | 12064 ||| INVOKING Finesse.
 12077 | Lair:4   | Killed a death yak
 12119 | Lair:4   | Noticed a death yak
 12119 | Lair:4   | 12119 ||| Stepping ~*~*~tactically~*~*~ (stealth).
 12121 | Lair:4   | 12121 ||| INVOKING Heroism.
 12123 | Lair:4   | 12123 ||| INVOKING Finesse.
 12130 | Lair:4   | Killed a death yak
 12131 | Lair:4   | Reached XP level 13. HP: 68/82 MP: 13/20
 12138 | Lair:4   | 12138 ||| SWAPPING to +1 demon whip of venom.
 12139 | Lair:4   | 12139 ||| Stepping ~*~*~tactically~*~*~ (outnumbered).
 12140 | Lair:4   | 12140 ||| Stepping ~*~*~tactically~*~*~ (outnumbered).
 12141 | Lair:4   | 12141 ||| SWAPPING to +5 war axe.
 12143 | Lair:4   | 12143 ||| SWAPPING to +1 demon whip of venom.
 12144 | Lair:4   | 12144 ||| Stepping ~*~*~tactically~*~*~ (outnumbered).
 12145 | Lair:4   | 12145 ||| Stepping ~*~*~tactically~*~*~ (outnumbered).
 12146 | Lair:4   | 12146 ||| SWAPPING to +5 war axe.
 12147 | Lair:4   | 12147 ||| SWAPPING to +1 demon whip of venom.
 12148 | Lair:4   | 12148 ||| SWAPPING to +5 war axe.
 12150 | Lair:4   | 12150 ||| SWAPPING to +1 demon whip of venom.
 12151 | Lair:4   | 12151 ||| SWAPPING to +5 war axe.
 12153 | Lair:4   | 12153 ||| SWAPPING to +1 demon whip of venom.
 12155 | Lair:4   | 12155 ||| SWAPPING to +5 war axe.
 12157 | Lair:4   | 12157 ||| SWAPPING to +1 demon whip of venom.
 12158 | Lair:4   | 12158 ||| SWAPPING to +5 war axe.
 12160 | Lair:4   | 12160 ||| SWAPPING to +1 demon whip of venom.
 12168 | Lair:4   | 12168 ||| SWAPPING to +5 war axe.
 12248 | Lair:4   | 12248 ||| Stepping ~*~*~tactically~*~*~ (hiding).
 12275 | Lair:4   | 12275 ||| Stepping ~*~*~tactically~*~*~ (hiding).
 12294 | Lair:4   | 12294 ||| Stepping ~*~*~tactically~*~*~ (stealth).
 12296 | Lair:4   | 12296 ||| INVOKING Heroism.
 12316 | Lair:4   | 12316 ||| Stepping ~*~*~tactically~*~*~ (stealth).
 12329 | Lair:4   | Identified the +10 arbalest "Maschid" {vorpal, Int+8}
                  | (Okawaru gifted it to you on level 4 of the Lair of Beasts)
 12329 | Lair:4   | Received a gift from Okawaru
 12371 | Lair:4   | 12371 ||| Stepping ~*~*~tactically~*~*~ (stealth).
 12373 | Lair:4   | 12373 ||| INVOKING Heroism.
 12374 | Lair:4   | 12374 ||| Stepping ~*~*~tactically~*~*~ (stealth).
 12376 | Lair:4   | 12376 ||| INVOKING Finesse.
 12379 | Lair:4   | 12379 ||| Stepping ~*~*~tactically~*~*~ (stealth).
 12380 | Lair:4   | 12380 ||| Stepping ~*~*~tactically~*~*~ (stealth).
 12381 | Lair:4   | 12381 ||| Stepping ~*~*~tactically~*~*~ (stealth).
 12435 | Lair:4   | 12435 ||| INVOKING Heroism.
 12444 | Lair:4   | 12444 ||| INVOKING Finesse.
 12545 | Lair:4   | Noticed Urug
 12546 | Lair:4   | 12546 ||| INVOKING Heroism.
 12547 | Lair:4   | 12547 ||| INVOKING Finesse.
 12559 | Lair:4   | Killed Urug
 12651 | Lair:4   | 12651 ||| READING scroll of enchant armour.
 12651 | Lair:4   | 12651 ||| ENCHANTING +1 pair of gloves.
 12740 | Lair:4   | 12740 ||| INVOKING Heroism.
 12742 | Lair:4   | 12742 ||| Stepping ~*~*~tactically~*~*~ (stealth).
 12746 | Lair:4   | 12746 ||| Stepping ~*~*~tactically~*~*~ (stealth).
 12747 | Lair:4   | 12747 ||| Stepping ~*~*~tactically~*~*~ (stealth).
 12767 | Lair:4   | 12767 ||| INVOKING Heroism.
 12983 | Lair:4   | 12983 ||| Stepping ~*~*~tactically~*~*~ (stealth).
 12984 | Lair:4   | 12984 ||| Stepping ~*~*~tactically~*~*~ (stealth).
 13007 | Lair:4   | Reached skill level 3 in Throwing
 13046 | Lair:4   | 13046 ||| INVOKING Heroism.
 13105 | Lair:4   | 13105 ||| INVOKING Heroism.
 13216 | Lair:4   | 13216 ||| UPGRADING to +0 cloak.
 13246 | Lair:5   | Entered Level 5 of the Lair of Beasts
 13247 | Lair:5   | 13247 ||| INVOKING Heroism.
 13250 | Lair:5   | 13250 ||| Stepping ~*~*~tactically~*~*~ (stealth).
 13251 | Lair:5   | 13251 ||| Stepping ~*~*~tactically~*~*~ (stealth).
 13266 | Lair:5   | Identified the +4 scale mail of Nuqaetai {Str+3} (Okawaru
                  | gifted it to you on level 5 of the Lair of Beasts)
 13266 | Lair:5   | Received a gift from Okawaru
 13387 | Lair:5   | 13387 ||| INVOKING Heroism.
 13389 | Lair:5   | 13389 ||| Stepping ~*~*~tactically~*~*~ (stealth).
 13390 | Lair:5   | 13390 ||| Stepping ~*~*~tactically~*~*~ (stealth).
 13409 | Lair:5   | 13409 ||| Stepping ~*~*~tactically~*~*~ (stealth).
 13451 | Lair:5   | 13451 ||| Stepping ~*~*~tactically~*~*~ (stealth).
 13454 | Lair:5   | 13454 ||| Stepping ~*~*~tactically~*~*~ (stealth).
 13455 | Lair:5   | 13455 ||| Stepping ~*~*~tactically~*~*~ (stealth).
 13478 | Lair:5   | 13478 ||| Stepping ~*~*~tactically~*~*~ (hiding).
 13479 | Lair:5   | 13479 ||| INVOKING Heroism.
 13540 | Lair:5   | 13540 ||| INVOKING Heroism.
 13607 | Lair:5   | 13607 ||| Stepping ~*~*~tactically~*~*~ (stealth).
 13608 | Lair:5   | 13608 ||| INVOKING Heroism.
 13622 | Lair:5   | Gained mutation: Your large and strong wings let you fly.
                  | [Gargoyle growth]
 13622 | Lair:5   | Reached XP level 14. HP: 90/90 MP: 21/21
 13626 | Lair:5   | 13626 ||| Stepping ~*~*~tactically~*~*~ (hiding).
 13762 | Lair:5   | 13762 ||| Stepping ~*~*~tactically~*~*~ (stealth).
 13847 | Lair:5   | Found a staircase to the Slime Pits.
 13848 | Lair:5   | 13848 ||| Stepping ~*~*~tactically~*~*~ (stealth).
 13850 | Lair:5   | 13850 ||| Stepping ~*~*~tactically~*~*~ (stealth).
 13861 | Lair:5   | 13861 ||| INVOKING Heroism.
 13862 | Lair:5   | 13862 ||| INVOKING Finesse.
 13863 | Lair:5   | 13863 ||| SWAPPING to +1 demon whip of venom.
 13864 | Lair:5   | 13864 ||| Stepping ~*~*~tactically~*~*~ (outnumbered).
 13865 | Lair:5   | 13865 ||| SWAPPING to +5 war axe.
 13869 | Lair:5   | 13869 ||| SWAPPING to +1 demon whip of venom.
 13870 | Lair:5   | 13870 ||| SWAPPING to +5 war axe.
 13872 | Lair:5   | 13872 ||| SWAPPING to +1 demon whip of venom.
 13887 | Lair:5   | 13887 ||| SWAPPING to +5 war axe.
 13898 | Lair:5   | 13898 ||| SWAPPING to +1 demon whip of venom.
 13904 | Lair:5   | Reached skill level 15 in Axes
 13904 | Lair:5   | 13904 ||| SWAPPING to +5 war axe.
 13925 | Lair:5   | 13925 ||| INVOKING Finesse.
 13936 | Lair:5   | 13936 ||| INVOKING Heroism.
 13946 | Lair:5   | 13946 ||| SWAPPING to +1 demon whip of venom.
 13951 | Lair:5   | 13951 ||| FLEEEEING.
 13960 | Lair:5   | 13960 ||| SWAPPING to +5 war axe.
 14372 | Lair:5   | 14372 ||| Stepping ~*~*~tactically~*~*~ (hiding).
 14375 | Lair:5   | 14375 ||| Stepping ~*~*~tactically~*~*~ (hiding).
 14452 | Lair:5   | Found a large runed translucent door.
 14452 | Lair:5   | Found a large runed translucent door.
 14461 | Lair:5   | 14461 ||| INVOKING Heroism.
 14464 | Lair:5   | 14464 ||| INVOKING Finesse.
 14470 | Lair:5   | 14470 ||| SWAPPING to +1 demon whip of venom.
 14480 | Lair:5   | 14480 ||| FLEEEEING.
 14481 | Lair:5   | 14481 ||| SWAPPING to +5 war axe.
 14523 | Lair:5   | 14523 ||| INVOKING Heroism.
 14573 | Lair:5   | 14573 ||| Stepping ~*~*~tactically~*~*~ (stealth).
 14620 | Lair:5   | Reached skill level 12 in Fighting
 14812 | Lair:5   | 14812 ||| PLANNING D:1-11
 14812 | Lair:5   | 14812 ||| DROPPING amulet of faith.
 14813 | Lair:5   | 14813 ||| READING scroll labelled XUWNOSCHENU.
 14941 | D:10     | Entered Level 10 of the Dungeon
 14942 | D:10     | 14942 ||| INVOKING Heroism.
 14943 | D:10     | 14943 ||| STAIRDANCE
 14968 | D:10     | Received a gift from Okawaru
 14970 | D:10     | 14970 ||| SWAPPING to +3 vorpal broad axe.
 14971 | D:10     | 14971 ||| DROPPING +5 war axe of venom.
 15067 | D:10     | Reached skill level 3 in Dodging
 15164 | D:10     | 15164 ||| Stepping ~*~*~tactically~*~*~ (hiding).
 15224 | D:10     | Found a shimmering blue altar of Sif Muna.
 15332 | D:10     | 15332 ||| Stepping ~*~*~tactically~*~*~ (stealth).
 15651 | D:10     | 15651 ||| READING scroll labelled IMNYOW ROBEYJOIH.
 15652 | D:10     | 15652 ||| READING 10 scrolls of identify.
 15652 | D:10     | 15652 ||| IDENTIFYING smoky puce potion
 15653 | D:10     | 15653 ||| READING 9 scrolls of identify.
 15653 | D:10     | 15653 ||| IDENTIFYING blue potion
 15654 | D:10     | 15654 ||| DROPPING potion of flight.
 15688 | D:11     | 15688 ||| Stepping ~*~*~tactically~*~*~ (stealth).
 15690 | D:11     | 15690 ||| Stepping ~*~*~tactically~*~*~ (stealth).
 15869 | D:11     | 15869 ||| Stepping ~*~*~tactically~*~*~ (hiding).
 15873 | D:11     | 15873 ||| INVOKING Heroism.
 15874 | D:11     | 15874 ||| INVOKING Finesse.
 16050 | D:11     | 16050 ||| FLEEEEING.
 16051 | D:11     | 16051 ||| FLEEEEING.
 16052 | D:11     | 16052 ||| FLEEEEING.
 16053 | D:11     | 16053 ||| FLEEEEING.
 16054 | D:11     | 16054 ||| FLEEEEING.
 16055 | D:11     | 16055 ||| FLEEEEING.
 16056 | D:11     | 16056 ||| FLEEEEING.
 16057 | D:11     | 16057 ||| FLEEEEING.
 16058 | D:11     | 16058 ||| FLEEEEING.
 16063 | D:11     | 16063 ||| FLEEEEING.
 16064 | D:11     | 16064 ||| FLEEEEING.
 16065 | D:11     | 16065 ||| FLEEEEING.
 16070 | D:11     | 16070 ||| FLEEEEING.
 16071 | D:11     | 16071 ||| FLEEEEING.
 16072 | D:11     | 16072 ||| FLEEEEING.
 16126 | D:11     | 16126 ||| INVOKING Heroism.
 16400 | D:11     | 16400 ||| PLANNING D
 16428 | D:12     | 16428 ||| Stepping ~*~*~tactically~*~*~ (hiding).
 16429 | D:12     | 16429 ||| STAIRDANCE
 16538 | D:12     | 16538 ||| STAIRDANCE
 16560 | D:12     | 16560 ||| Stepping ~*~*~tactically~*~*~ (hiding).
 16561 | D:12     | 16561 ||| INVOKING Heroism.
 16562 | D:12     | 16562 ||| INVOKING Finesse.
 16631 | D:12     | 16631 ||| Stepping ~*~*~tactically~*~*~ (hiding).
 16660 | D:12     | 16660 ||| Stepping ~*~*~tactically~*~*~ (stealth).
 16680 | D:12     | Identified the +1 cloak "Jegush" {rElec}
 16695 | D:12     | 16695 ||| Stepping ~*~*~tactically~*~*~ (stealth).
 16718 | D:12     | Found Laleri's General Store.
 16724 | D:12     | 16724 ||| BUYING 3 scrolls of enchant armour (315 gold).
 16724 | D:12     | Bought 3 scrolls of enchant armour for 315 gold pieces
 16724 | D:12     | 16724 ||| BUYING scroll of enchant weapon (105 gold).
 16724 | D:12     | Bought a scroll of enchant weapon for 105 gold pieces
 16724 | D:12     | 16724 ||| READING 3 scrolls of enchant armour.
 16724 | D:12     | 16724 ||| ENCHANTING +1 helmet.
 16725 | D:12     | 16725 ||| READING 2 scrolls of enchant armour.
 16725 | D:12     | 16725 ||| ENCHANTING +0 pair of boots.
 16726 | D:12     | 16726 ||| READING scroll of enchant armour.
 16726 | D:12     | 16726 ||| ENCHANTING +1 pair of boots.
 16727 | D:12     | 16727 ||| READING scroll of enchant weapon.
 16727 | D:12     | 16727 ||| ENCHANTING +3 vorpal broad axe.
 16740 | D:12     | Identified the +1 robe of the Lotus Blossom {rC+ Dex+4
                  | Stlth+} (Okawaru gifted it to you on level 12 of the
                  | Dungeon)
 16740 | D:12     | Received a gift from Okawaru
 16826 | D:12     | 16826 ||| INVOKING Heroism.
 16827 | D:12     | 16827 ||| INVOKING Finesse.
 16916 | D:12     | Noticed Nessos
 16917 | D:12     | 16917 ||| INVOKING Finesse.
 16924 | D:12     | 16924 ||| Stepping ~*~*~tactically~*~*~ (hiding).
 16938 | D:12     | Killed Nessos
 16971 | D:12     | 16971 ||| Stepping ~*~*~tactically~*~*~ (hiding).
 17001 | D:12     | 17001 ||| READING scroll of enchant weapon.
 17001 | D:12     | 17001 ||| ENCHANTING +4 vorpal broad axe.
 17264 | D:12     | 17264 ||| INVOKING Heroism.
 17335 | D:12     | Found a runed translucent door.
 17372 | D:12     | 17372 ||| Stepping ~*~*~tactically~*~*~ (stealth).
 17374 | D:12     | 17374 ||| INVOKING Heroism.
 17408 | D:12     | Reached XP level 15. HP: 84/96 MP: 22/22
 17409 | D:12     | 17409 ||| Stepping ~*~*~tactically~*~*~ (stealth).
 17447 | D:12     | 17447 ||| INVOKING Heroism.
 17460 | D:12     | Reached skill level 12 in Armour
 17508 | D:12     | Identified the ring "Voalig" {Will+ AC+4}
 17526 | D:12     | 17526 ||| INVOKING Heroism.
 17532 | D:12     | 17532 ||| READING 5 scrolls of teleportation.
 17815 | D:12     | Identified the +13 plate armour of Siveq {Contam +Inv
                  | Int+5}
 17832 | D:12     | 17832 ||| Stepping ~*~*~tactically~*~*~ (stealth).
 17837 | D:12     | 17837 ||| INVOKING Heroism.
 17838 | D:12     | 17838 ||| READING 5 scrolls of teleportation.
 17952 | D:12     | 17952 ||| Stepping ~*~*~tactically~*~*~ (stealth).
 17956 | D:12     | 17956 ||| Stepping ~*~*~tactically~*~*~ (stealth).
 17968 | D:12     | 17968 ||| INVOKING Heroism.
 17995 | D:12     | Identified the +1 scale mail of Marbles {Rampage rPois
                  | Str-5 Int-2}
 18078 | D:12     | 18078 ||| UPGRADING to +1 cloak "Jegush" {rElec}.
 18088 | D:12     | 18088 ||| DROPPING +0 cloak.
 18089 | D:12     | 18089 ||| UPGRADING to +13 plate armour of Siveq {Contam
                  | +Inv Int+5}.
 18099 | D:12     | 18099 ||| DROPPING +1 plate armour of Free Will {Regen+}.
 18100 | D:12     | 18100 ||| DROPPING +6 ring of dexterity.
 18101 | D:12     | 18101 ||| UPGRADING to ring "Voalig" {Will+ AC+4}.
 18103 | D:12     | 18103 ||| READING 13 scrolls of identify.
 18103 | D:12     | 18103 ||| IDENTIFYING metallic yellow potion
 18220 | D:13     | 18220 ||| Stepping ~*~*~tactically~*~*~ (hiding).
 18260 | D:13     | 18260 ||| READING scroll of enchant weapon.
 18260 | D:13     | 18260 ||| ENCHANTING +5 vorpal broad axe.
 18281 | D:13     | 18281 ||| Stepping ~*~*~tactically~*~*~ (hiding).
 18283 | D:13     | 18283 ||| Stepping ~*~*~tactically~*~*~ (hiding).
 18284 | D:13     | 18284 ||| Stepping ~*~*~tactically~*~*~ (hiding).
 18307 | D:13     | 18307 ||| INVOKING Heroism.
 18329 | D:13     | Identified the +0 robe of Watchfulness {Fly Str-5 Dex+10
                  | Slay-6}
 18475 | D:13     | 18475 ||| INVOKING Heroism.
 18641 | D:13     | 18641 ||| Stepping ~*~*~tactically~*~*~ (hiding).
 18642 | D:13     | 18642 ||| Stepping ~*~*~tactically~*~*~ (hiding).
 18930 | D:14     | 18930 ||| FLEEEEING.
 18931 | D:14     | 18931 ||| STAIRDANCE
 18983 | D:14     | Found Nulosch's General Store.
 18985 | D:14     | Found Urinky Fets's Specific Store.
 18989 | D:14     | 18989 ||| BUYING potion of might (52 gold).
 18989 | D:14     | Bought a potion of might for 52 gold pieces
 18993 | D:14     | 18993 ||| BUYING scroll of enchant armour (112 gold).
 18993 | D:14     | Bought a scroll of enchant armour for 112 gold pieces
 19037 | D:14     | Found Asa Busk's Distillery.
 19045 | D:14     | 19045 ||| BUYING 2 potions of lignification (114 gold).
 19045 | D:14     | Bought 2 potions of lignification for 114 gold pieces
 19045 | D:14     | 19045 ||| BUYING 2 potions of magic (304 gold).
 19045 | D:14     | Bought 2 potions of magic for 304 gold pieces
 19045 | D:14     | 19045 ||| BUYING potion of cancellation (152 gold).
 19045 | D:14     | Bought a potion of cancellation for 152 gold pieces
 19045 | D:14     | 19045 ||| BUYING potion of curing (57 gold).
 19045 | D:14     | Bought a potion of curing for 57 gold pieces
 19045 | D:14     | 19045 ||| SHOPLISTING potion of mutation (152 gold, have
                  | 123).
 19045 | D:14     | 19045 ||| SHOPLISTING potion of resistance (190 gold, have
                  | 123).
 19065 | D:14     | Found a gate to the Vaults.
 19066 | D:14     | 19066 ||| Stepping ~*~*~tactically~*~*~ (stealth).
 19067 | D:14     | 19067 ||| INVOKING Heroism.
 19073 | D:14     | Received a gift from Okawaru
 19156 | D:14     | 19156 ||| INVOKING Heroism.
 19687 | D:14     | 19687 ||| DROPPING ring of magical power.
 19701 | D:15     | Entered Level 15 of the Dungeon
 19702 | D:15     | 19702 ||| PLANNING GAUNTLET
 19735 | D:15     | Found a gate leading to a gauntlet.
 19743 | Gauntlet | Entered a Gauntlet
 19743 | Gauntlet | Found a transporter.
 19749 | Gauntlet | Found a runed translucent door.
 19753 | Gauntlet | Found a transporter.
 19764 | Gauntlet | Found a transporter.
 19767 | Gauntlet | Found a transporter.
 19771 | Gauntlet | Found a runed translucent door.
 19771 | Gauntlet | Noticed a cacodemon
 19772 | Gauntlet | Found a runed translucent door.
 19775 | Gauntlet | Found a transporter.
 19796 | Gauntlet | Found a transporter.
 19807 | Gauntlet | Found a transporter.
 19818 | Gauntlet | Found a transporter.
 19838 | Gauntlet | Found a transporter.
 19851 | Gauntlet | Found a transporter.
 19851 | Gauntlet | Found a transporter.
 19863 | Gauntlet | Found a transporter.
 19901 | Gauntlet | Found a transporter.
 19919 | Gauntlet | Found a transporter.
 20042 | Gauntlet | 20042 ||| INVOKING Heroism.
 20101 | Gauntlet | 20101 ||| Stepping randomly (stuck).
 20102 | Gauntlet | 20102 ||| Stepping randomly (stuck).
 20108 | Gauntlet | 20108 ||| INVOKING Heroism.
 20109 | Gauntlet | Killed a cacodemon
 20148 | Gauntlet | Identified the -1 pair of gloves of Keahykhlebb {Int+2}
 20155 | Gauntlet | 20155 ||| DROPPING -1 pair of gloves of Keahykhlebb
                  | {Int+2}.
 20173 | Gauntlet | 20173 ||| INVOKING Heroism.
 20251 | D:15     | 20251 ||| PLANNING D
 20352 | D:15     | Noticed Azrael
 20353 | D:15     | 20353 ||| INVOKING Heroism.
 20354 | D:15     | 20354 ||| INVOKING Finesse.
 20369 | D:15     | Killed Azrael
 20369 | D:15     | Received a gift from Okawaru
 20427 | D:15     | 20427 ||| Stepping ~*~*~tactically~*~*~ (stealth).
 20430 | D:15     | 20430 ||| INVOKING Heroism.
 20431 | D:15     | 20431 ||| Stepping ~*~*~tactically~*~*~ (stealth).
 20439 | D:15     | 20439 ||| READING 5 scrolls of teleportation.
 20445 | D:15     | Noticed Jorgrun
 20446 | D:15     | 20446 ||| Stepping ~*~*~tactically~*~*~ (hiding).
 20451 | D:15     | 20451 ||| INVOKING Finesse.
 20459 | D:15     | HP: 10/98 [Jorgrun/iron shot (21)]
 20460 | D:15     | 20460 ||| READING 4 scrolls of teleportation.
 20461 | D:15     | 20461 ||| DRINKING 7 potions of heal wounds.
 20469 | D:15     | Found a white marble altar of Elyvilon.
 20626 | D:15     | 20626 ||| Stepping ~*~*~tactically~*~*~ (stealth).
 20629 | D:15     | 20629 ||| Stepping ~*~*~tactically~*~*~ (stealth).
 20637 | D:15     | 20637 ||| INVOKING Heroism.
 20692 | D:15     | 20692 ||| Stepping ~*~*~tactically~*~*~ (hiding).
 20820 | D:15     | 20820 ||| INVOKING Heroism.
 20829 | D:15     | 20829 ||| READING 3 scrolls of teleportation.
 20855 | D:15     | 20855 ||| Stepping ~*~*~tactically~*~*~ (stealth).
 21001 | D:15     | 21001 ||| Stepping ~*~*~tactically~*~*~ (hiding).
 21020 | D:15     | Reached skill level 6 in Throwing
 21051 | D:15     | 21051 ||| Stepping ~*~*~tactically~*~*~ (hiding).
 21061 | D:15     | 21061 ||| Stepping ~*~*~tactically~*~*~ (stealth).
 21063 | D:15     | 21063 ||| INVOKING Heroism.
 21064 | D:15     | 21064 ||| INVOKING Finesse.
 21072 | D:15     | Killed Jorgrun
 21162 | D:15     | 21162 ||| Stepping ~*~*~tactically~*~*~ (hiding).
 21166 | D:15     | 21166 ||| INVOKING Heroism.
 21233 | D:15     | 21233 ||| DROPPING +4 war axe.
 21238 | D:15     | Found a staircase to the Depths.
 21389 | D:15     | 21389 ||| PLANNING ORC
 21389 | D:15     | 21389 ||| READING 12 scrolls of identify.
 21389 | D:15     | 21389 ||| IDENTIFYING orange potion
 21390 | D:15     | 21390 ||| DROPPING potion of brilliance.
 21518 | Orc:1    | Entered Level 1 of the Orcish Mines
 21560 | Orc:1    | 21560 ||| Stepping ~*~*~tactically~*~*~ (hiding).
 21574 | Orc:1    | 21574 ||| INVOKING Heroism.
 21582 | Orc:1    | 21582 ||| Stepping ~*~*~tactically~*~*~ (hiding).
 21583 | Orc:1    | 21583 ||| Stepping ~*~*~tactically~*~*~ (hiding).
 21584 | Orc:1    | 21584 ||| Stepping ~*~*~tactically~*~*~ (hiding).
 21608 | Orc:1    | 21608 ||| INVOKING Heroism.
 21638 | Orc:1    | 21638 ||| INVOKING Finesse.
 21645 | Orc:1    | Reached XP level 16. HP: 104/104 MP: 17/23
 21695 | Orc:1    | Found Reygaoc's Assorted Antiques.
 21709 | Orc:1    | 21709 ||| BUYING 2 potions of resistance (520 gold).
 21709 | Orc:1    | Bought 2 potions of resistance for 520 gold pieces
 21709 | Orc:1    | 21709 ||| SHOPLISTING copper ring (130 gold, have 67).
 21709 | Orc:1    | 21709 ||| SHOPLISTING potion of heal wounds (130 gold, have
                  | 67).
 21918 | Orc:2    | Entered Level 2 of the Orcish Mines
 21918 | Orc:2    | Found Dyofuext's General Store.
 21918 | Orc:2    | Found Worho's Distillery.
 21919 | Orc:2    | 21919 ||| INVOKING Heroism.
 21960 | Orc:2    | 21960 ||| BUYING potion of haste (160 gold).
 21960 | Orc:2    | Bought a potion of haste for 160 gold pieces
 21960 | Orc:2    | 21960 ||| SHOPLISTING potion of haste (160 gold, have 139).
 21960 | Orc:2    | 21960 ||| BUYING potion of heal wounds (80 gold).
 21960 | Orc:2    | Bought a potion of heal wounds for 80 gold pieces
 21960 | Orc:2    | 21960 ||| SHOPLISTING potion of heal wounds (80 gold, have
                  | 59).
 21971 | Orc:2    | 21971 ||| INVOKING Heroism.
 22014 | Orc:2    | 22014 ||| INVOKING Heroism.
 22023 | Orc:2    | 22023 ||| Stepping ~*~*~tactically~*~*~ (hiding).
 22025 | Orc:2    | Noticed Rupert
 22042 | Orc:2    | HP: 14/104 [Rupert/+0 executioner's axe of electrocution
                  | (25)]
 22043 | Orc:2    | 22043 ||| READING 3 scrolls of teleportation.
 22044 | Orc:2    | 22044 ||| DRINKING 7 potions of heal wounds.
 22046 | Orc:2    | 22046 ||| Stepping ~*~*~tactically~*~*~ (hiding).
 22055 | Orc:2    | 22055 ||| Stepping ~*~*~tactically~*~*~ (stealth).
 22055 | Orc:2    | Found a staircase to the Elven Halls.
 22061 | Orc:2    | 22061 ||| Stepping ~*~*~tactically~*~*~ (stealth).
 22066 | Orc:2    | 22066 ||| INVOKING Heroism.
 22075 | Orc:2    | 22075 ||| Stepping ~*~*~tactically~*~*~ (stealth).
 22079 | Orc:2    | 22079 ||| Stepping ~*~*~tactically~*~*~ (stealth).
 22080 | Orc:2    | 22080 ||| Stepping ~*~*~tactically~*~*~ (stealth).
 22100 | Orc:2    | 22100 ||| Stepping ~*~*~tactically~*~*~ (stealth).
 22101 | Orc:2    | 22101 ||| Stepping ~*~*~tactically~*~*~ (stealth).
 22129 | Orc:2    | 22129 ||| INVOKING Heroism.
 22147 | Orc:2    | 22147 ||| Stepping ~*~*~tactically~*~*~ (stealth).
 22179 | Orc:2    | 22179 ||| Stepping ~*~*~tactically~*~*~ (hiding).
 22194 | Orc:2    | 22194 ||| Stepping ~*~*~tactically~*~*~ (hiding).
 22195 | Orc:2    | 22195 ||| Stepping ~*~*~tactically~*~*~ (hiding).
 22199 | Orc:2    | 22199 ||| INVOKING Heroism.
 22221 | Orc:2    | 22221 ||| Stepping ~*~*~tactically~*~*~ (stealth).
 22222 | Orc:2    | 22222 ||| Stepping ~*~*~tactically~*~*~ (stealth).
 22279 | Orc:2    | 22279 ||| Stepping ~*~*~tactically~*~*~ (stealth).
 22282 | Orc:2    | 22282 ||| Stepping ~*~*~tactically~*~*~ (hiding).
 22314 | Orc:2    | 22314 ||| Stepping ~*~*~tactically~*~*~ (stealth).
 22314 | Orc:2    | Found Qeom's Magic Scroll Shop.
 22314 | Orc:2    | Found Arausor's Book Emporium.
 22319 | Orc:2    | 22319 ||| BUYING scroll of enchant armour (112 gold).
 22319 | Orc:2    | Bought a scroll of enchant armour for 112 gold pieces
 22319 | Orc:2    | 22319 ||| BUYING scroll of teleportation (45 gold).
 22319 | Orc:2    | Bought a scroll of teleportation for 45 gold pieces
 22319 | Orc:2    | 22319 ||| SHOPLISTING scroll of teleportation (45 gold,
                  | have 5).
 22338 | Orc:2    | 22338 ||| Stepping ~*~*~tactically~*~*~ (stealth).
 22340 | Orc:2    | 22340 ||| Stepping ~*~*~tactically~*~*~ (hiding).
 22344 | Orc:2    | 22344 ||| INVOKING Heroism.
 22361 | Orc:2    | 22361 ||| Stepping ~*~*~tactically~*~*~ (stealth).
 22363 | Orc:2    | 22363 ||| INVOKING Finesse.
 22380 | Orc:2    | Killed Rupert
 22451 | Orc:2    | 22451 ||| Stepping ~*~*~tactically~*~*~ (stealth).
 22453 | Orc:2    | 22453 ||| Stepping ~*~*~tactically~*~*~ (stealth).
 22458 | Orc:2    | 22458 ||| Stepping ~*~*~tactically~*~*~ (stealth).
 22459 | Orc:2    | 22459 ||| Stepping ~*~*~tactically~*~*~ (stealth).
 22460 | Orc:2    | 22460 ||| Stepping ~*~*~tactically~*~*~ (stealth).
 22461 | Orc:2    | 22461 ||| Stepping ~*~*~tactically~*~*~ (stealth).
 22462 | Orc:2    | 22462 ||| Stepping ~*~*~tactically~*~*~ (stealth).
 22473 | Orc:2    | 22473 ||| Stepping ~*~*~tactically~*~*~ (hiding).
 22484 | Orc:2    | 22484 ||| INVOKING Heroism.
 22486 | Orc:2    | 22486 ||| Stepping ~*~*~tactically~*~*~ (hiding).
 22501 | Orc:2    | Found Ritufar's Antique Armour Emporium.
 22501 | Orc:2    | Found Wuibb's Jewellery Shop.
 22505 | Orc:2    | Reached skill level 18 in Axes
 22548 | Orc:2    | 22548 ||| SHOPLISTING +4 ring of evasion (504 gold, have
                  | 49).
 22548 | Orc:2    | 22548 ||| SHOPLISTING amulet "Fuqups" {Faith +Inv rElec
                  | Dex-4 SInv} (795 gold, have 49).
 22548 | Orc:2    | 22548 ||| SHOPLISTING ring of resist corrosion (280 gold,
                  | have 49).
 22563 | Orc:2    | 22563 ||| Stepping ~*~*~tactically~*~*~ (hiding).
 22583 | Orc:2    | Found Mueq's General Store.
 22704 | Orc:2    | 22704 ||| Stepping ~*~*~tactically~*~*~ (stealth).
 22812 | Orc:2    | 22812 ||| SHOPLISTING wand of digging (8) (470 gold, have
                  | 92).
 22825 | Orc:2    | 22825 ||| PLANNING SNAKE:1-3
 22904 | Snake:1  | Entered Level 1 of the Snake Pit
 22942 | Snake:1  | Noticed Mlioglotl
 22943 | Snake:1  | 22943 ||| INVOKING Heroism.
 22944 | Snake:1  | 22944 ||| INVOKING Finesse.
 22956 | Snake:1  | Gained mutation: Your spells are a little easier to cast,
                  | but a little less powerful. [a neqoxec]
 22960 | Snake:1  | Noticed an ancient lich
 22970 | Snake:1  | Killed Mlioglotl
 22970 | Snake:1  | Received a gift from Okawaru
 23125 | Snake:1  | Noticed Aizul
 23126 | Snake:1  | 23126 ||| INVOKING Heroism.
 23127 | Snake:1  | 23127 ||| INVOKING Finesse.
 23143 | Snake:1  | Killed Aizul
 23144 | Snake:1  | Reached skill level 9 in Shields
 23245 | Snake:1  | 23245 ||| Stepping ~*~*~tactically~*~*~ (hiding).
 23246 | Snake:1  | 23246 ||| Stepping ~*~*~tactically~*~*~ (hiding).
 23248 | Snake:1  | 23248 ||| Stepping ~*~*~tactically~*~*~ (hiding).
 23249 | Snake:1  | 23249 ||| Stepping ~*~*~tactically~*~*~ (hiding).
 23252 | Snake:1  | 23252 ||| Stepping ~*~*~tactically~*~*~ (hiding).
 23621 | Snake:1  | 23621 ||| INVOKING Heroism.
 23709 | Snake:1  | Noticed Nikola
 23710 | Snake:1  | 23710 ||| Stepping ~*~*~tactically~*~*~ (stealth).
 23717 | Snake:1  | 23717 ||| INVOKING Heroism.
 23719 | Snake:1  | 23719 ||| INVOKING Finesse.
 23739 | Snake:1  | Killed Nikola
 23967 | Snake:1  | 23967 ||| Stepping ~*~*~tactically~*~*~ (stealth).
 23976 | Snake:1  | 23976 ||| INVOKING Heroism.
 24323 | Snake:2  | 24323 ||| Stepping ~*~*~tactically~*~*~ (hiding).
 24325 | Snake:2  | 24325 ||| Stepping ~*~*~tactically~*~*~ (hiding).
 24328 | Snake:2  | 24328 ||| Stepping ~*~*~tactically~*~*~ (hiding).
 24329 | Snake:2  | 24329 ||| Stepping ~*~*~tactically~*~*~ (hiding).
 24345 | Snake:2  | 24345 ||| Stepping ~*~*~tactically~*~*~ (stealth).
 24346 | Snake:2  | 24346 ||| Stepping ~*~*~tactically~*~*~ (stealth).
 24350 | Snake:2  | 24350 ||| Stepping ~*~*~tactically~*~*~ (hiding).
 24357 | Snake:2  | Received a gift from Okawaru
 24361 | Snake:2  | 24361 ||| Stepping ~*~*~tactically~*~*~ (hiding).
 24367 | Snake:2  | 24367 ||| Stepping ~*~*~tactically~*~*~ (hiding).
 24374 | Snake:2  | 24374 ||| Stepping ~*~*~tactically~*~*~ (hiding).
 24376 | Snake:2  | 24376 ||| Stepping ~*~*~tactically~*~*~ (hiding).
 24391 | Snake:2  | 24391 ||| Stepping ~*~*~tactically~*~*~ (hiding).
 24393 | Snake:2  | 24393 ||| Stepping ~*~*~tactically~*~*~ (stealth).
 24398 | Snake:2  | 24398 ||| Stepping ~*~*~tactically~*~*~ (hiding).
 24405 | Snake:2  | 24405 ||| Stepping ~*~*~tactically~*~*~ (hiding).
 24411 | Snake:2  | 24411 ||| INVOKING Heroism.
 24548 | Snake:2  | 24548 ||| Stepping ~*~*~tactically~*~*~ (hiding).
 24559 | Snake:2  | Received a gift from Okawaru
 24618 | Snake:2  | 24618 ||| Stepping ~*~*~tactically~*~*~ (hiding).
 24652 | Snake:2  | 24652 ||| Stepping ~*~*~tactically~*~*~ (hiding).
 24744 | Snake:2  | 24744 ||| INVOKING Heroism.
 24824 | Snake:2  | 24824 ||| Stepping ~*~*~tactically~*~*~ (hiding).
 24827 | Snake:2  | 24827 ||| Stepping ~*~*~tactically~*~*~ (hiding).
 24836 | Snake:2  | 24836 ||| Stepping ~*~*~tactically~*~*~ (hiding).
 24838 | Snake:2  | 24838 ||| Stepping ~*~*~tactically~*~*~ (hiding).
 24850 | Snake:2  | 24850 ||| Stepping ~*~*~tactically~*~*~ (stealth).
 24853 | Snake:2  | 24853 ||| INVOKING Heroism.
 24887 | Snake:2  | Received a gift from Okawaru
 25170 | Snake:2  | 25170 ||| INVOKING Heroism.
 25267 | Snake:2  | 25267 ||| Stepping ~*~*~tactically~*~*~ (hiding).
 25270 | Snake:2  | 25270 ||| Stepping ~*~*~tactically~*~*~ (hiding).
 25393 | Snake:2  | 25393 ||| Stepping ~*~*~tactically~*~*~ (hiding).
 25861 | Snake:2  | 25861 ||| UPGRADING to +0 kite shield.
 25871 | Snake:2  | 25871 ||| DROPPING +0 buckler.
 25872 | Snake:2  | 25872 ||| UPGRADING to +0 tower shield of protection.
 25882 | Snake:2  | 25882 ||| DROPPING +0 kite shield.
 25883 | Snake:2  | 25883 ||| READING 13 scrolls of identify.
 25883 | Snake:2  | 25883 ||| IDENTIFYING golden potion
 25884 | Snake:2  | 25884 ||| DROPPING potion of invisibility.
 25952 | Snake:3  | 25952 ||| INVOKING Heroism.
 25964 | Snake:3  | Reached XP level 17. HP: 91/111 MP: 24/24
 25970 | Snake:3  | Received a gift from Okawaru
 26000 | Snake:3  | 26000 ||| INVOKING Heroism.
 26061 | Snake:3  | 26061 ||| INVOKING Heroism.
 26189 | Snake:3  | Received a gift from Okawaru
 26630 | Snake:3  | 26630 ||| Stepping ~*~*~tactically~*~*~ (stealth).
 26821 | Snake:3  | 26821 ||| PLANNING SHOALS:1-3
 26937 | Shoals:1 | Entered Level 1 of the Shoals
 26938 | Shoals:1 | 26938 ||| Stepping ~*~*~tactically~*~*~ (hiding).
 26940 | Shoals:1 | 26940 ||| INVOKING Heroism.
 26981 | Shoals:1 | 26981 ||| INVOKING Heroism.
 27003 | Shoals:1 | Reached skill level 12 in Shields
 27125 | Shoals:1 | 27125 ||| INVOKING Heroism.
 27126 | Shoals:1 | 27126 ||| INVOKING Finesse.
 27183 | Shoals:1 | Found Geakh's Armour Shop.
 27326 | Shoals:1 | Reached ****** piety under Okawaru
 27335 | Shoals:1 | Identified the +1 acid dragon scales "Hozoeleas" {-Tele
                  | +Inv rCorr MP+9 Int+4} (Okawaru gifted it to you on level 1
                  | of the Shoals)
 27335 | Shoals:1 | Received a gift from Okawaru
 27352 | Shoals:1 | 27352 ||| INVOKING Heroism.
 27366 | Shoals:1 | 27366 ||| Stepping ~*~*~tactically~*~*~ (stealth).
 27367 | Shoals:1 | 27367 ||| Stepping ~*~*~tactically~*~*~ (stealth).
 27368 | Shoals:1 | 27368 ||| Stepping ~*~*~tactically~*~*~ (stealth).
 27369 | Shoals:1 | 27369 ||| Stepping ~*~*~tactically~*~*~ (stealth).
 27371 | Shoals:1 | 27371 ||| Stepping ~*~*~tactically~*~*~ (stealth).
 27408 | Shoals:1 | 27408 ||| Stepping ~*~*~tactically~*~*~ (stealth).
 27459 | Shoals:1 | 27459 ||| Stepping ~*~*~tactically~*~*~ (hiding).
 27550 | Shoals:1 | 27550 ||| INVOKING Heroism.
 27894 | Shoals:1 | 27894 ||| DROPPING +2 hat.
 27920 | Shoals:2 | 27920 ||| Stepping ~*~*~tactically~*~*~ (stealth).
 27921 | Shoals:2 | 27921 ||| Stepping ~*~*~tactically~*~*~ (stealth).
 27922 | Shoals:2 | 27922 ||| Stepping ~*~*~tactically~*~*~ (stealth).
 27927 | Shoals:2 | 27927 ||| INVOKING Heroism.
 27933 | Shoals:2 | 27933 ||| Stepping ~*~*~tactically~*~*~ (hiding).
 28109 | Shoals:2 | 28109 ||| INVOKING Heroism.
 28133 | Shoals:2 | 28133 ||| Stepping ~*~*~tactically~*~*~ (stealth).
 28135 | Shoals:2 | 28135 ||| Stepping ~*~*~tactically~*~*~ (hiding).
 28136 | Shoals:2 | 28136 ||| Stepping ~*~*~tactically~*~*~ (hiding).
 28156 | Shoals:2 | 28156 ||| Stepping ~*~*~tactically~*~*~ (stealth).
 28158 | Shoals:2 | 28158 ||| Stepping ~*~*~tactically~*~*~ (stealth).
 28167 | Shoals:2 | 28167 ||| Stepping ~*~*~tactically~*~*~ (stealth).
 28206 | Shoals:2 | 28206 ||| INVOKING Heroism.
 28308 | Shoals:2 | 28308 ||| Stepping ~*~*~tactically~*~*~ (hiding).
 28523 | Shoals:2 | 28523 ||| INVOKING Heroism.
 28524 | Shoals:2 | 28524 ||| INVOKING Finesse.
 28665 | Shoals:2 | Reached skill level 15 in Shields
 28983 | Shoals:3 | 28983 ||| INVOKING Heroism.
 28996 | Shoals:3 | Identified the +2 scale mail of a Hundred Underlurkers
                  | {Will+ Dex+7 Stlth+} (Okawaru gifted it to you on level 3
                  | of the Shoals)
 28996 | Shoals:3 | Received a gift from Okawaru
 29011 | Shoals:3 | 29011 ||| INVOKING Finesse.
 29033 | Shoals:3 | 29033 ||| INVOKING Heroism.
 29051 | Shoals:3 | Reached XP level 18. HP: 116/116 MP: 20/25
 29051 | Shoals:3 | 29051 ||| DROPPING +1 demon whip of venom.
 29122 | Shoals:3 | 29122 ||| INVOKING Heroism.
 29124 | Shoals:3 | 29124 ||| INVOKING Finesse.
 29176 | Shoals:3 | 29176 ||| Stepping ~*~*~tactically~*~*~ (hiding).
 29177 | Shoals:3 | 29177 ||| Stepping ~*~*~tactically~*~*~ (hiding).
 29180 | Shoals:3 | 29180 ||| INVOKING Heroism.
 29181 | Shoals:3 | 29181 ||| INVOKING Finesse.
 29227 | Shoals:3 | 29227 ||| INVOKING Heroism.
 29253 | Shoals:3 | 29253 ||| Stepping ~*~*~tactically~*~*~ (stealth).
 29290 | Shoals:3 | 29290 ||| Stepping ~*~*~tactically~*~*~ (hiding).
 29291 | Shoals:3 | 29291 ||| Stepping ~*~*~tactically~*~*~ (hiding).
 29311 | Shoals:3 | 29311 ||| Stepping ~*~*~tactically~*~*~ (hiding).
 29313 | Shoals:3 | 29313 ||| INVOKING Heroism.
 29323 | Shoals:3 | Noticed Donald
 29324 | Shoals:3 | 29324 ||| INVOKING Finesse.
 29363 | Shoals:3 | 29363 ||| INVOKING Finesse.
 29469 | Shoals:3 | 29469 ||| INVOKING Heroism.
 29520 | Shoals:3 | 29520 ||| INVOKING Heroism.
 29738 | Shoals:3 | 29738 ||| INVOKING Heroism.
 29739 | Shoals:3 | 29739 ||| INVOKING Finesse.
 29763 | Shoals:3 | Killed Donald
 30015 | Shoals:3 | 30015 ||| PLANNING SNAKE:4
 30164 | Snake:4  | Entered Level 4 of the Snake Pit
 30171 | Snake:4  | 30171 ||| INVOKING Heroism.
 30234 | Snake:4  | 30234 ||| INVOKING Heroism.
 30268 | Snake:4  | HP: 28/116 [naga/+0 dire flail (22)]
 30269 | Snake:4  | 30269 ||| READING 4 scrolls of teleportation.
 30270 | Snake:4  | 30270 ||| DRINKING 8 potions of heal wounds.
 30275 | Snake:4  | Noticed Kirke
 30276 | Snake:4  | 30276 ||| INVOKING Heroism.
 30296 | Snake:4  | Killed Kirke
 30305 | Snake:4  | 30305 ||| Stepping ~*~*~tactically~*~*~ (stealth).
 30380 | Snake:4  | 30380 ||| READING scroll of enchant weapon.
 30380 | Snake:4  | 30380 ||| ENCHANTING +6 vorpal broad axe.
 30428 | Snake:4  | 30428 ||| Stepping ~*~*~tactically~*~*~ (hiding).
 30435 | Snake:4  | 30435 ||| Stepping ~*~*~tactically~*~*~ (hiding).
 30441 | Snake:4  | 30441 ||| INVOKING Heroism.
 30487 | Snake:4  | 30487 ||| Stepping ~*~*~tactically~*~*~ (stealth).
 30492 | Snake:4  | 30492 ||| INVOKING Heroism.
 30501 | Snake:4  | 30501 ||| Stepping ~*~*~tactically~*~*~ (stealth).
 30528 | Snake:4  | 30528 ||| Stepping ~*~*~tactically~*~*~ (hiding).
 30541 | Snake:4  | Identified the +0 scale mail "Nellat" {Int+3}
 30585 | Snake:4  | 30585 ||| Stepping ~*~*~tactically~*~*~ (stealth).
 30586 | Snake:4  | 30586 ||| Stepping ~*~*~tactically~*~*~ (hiding).
 30587 | Snake:4  | 30587 ||| Stepping ~*~*~tactically~*~*~ (hiding).
 30588 | Snake:4  | 30588 ||| Stepping ~*~*~tactically~*~*~ (hiding).
 30589 | Snake:4  | 30589 ||| Stepping ~*~*~tactically~*~*~ (hiding).
 30590 | Snake:4  | 30590 ||| Stepping ~*~*~tactically~*~*~ (hiding).
 30591 | Snake:4  | 30591 ||| Stepping ~*~*~tactically~*~*~ (hiding).
 30592 | Snake:4  | 30592 ||| Stepping ~*~*~tactically~*~*~ (hiding).
 30593 | Snake:4  | 30593 ||| Stepping ~*~*~tactically~*~*~ (hiding).
 30595 | Snake:4  | 30595 ||| INVOKING Heroism.
 30601 | Snake:4  | Identified the +0 robe "Tiserim" {-Tele rElec rC++}
                  | (Okawaru gifted it to you on level 4 of the Snake Pit)
 30601 | Snake:4  | Received a gift from Okawaru
 30673 | Snake:4  | 30673 ||| INVOKING Heroism.
 30675 | Snake:4  | Reached skill level 18 in Shields
 30711 | Snake:4  | 30711 ||| Stepping ~*~*~tactically~*~*~ (hiding).
 30726 | Snake:4  | 30726 ||| INVOKING Heroism.
 30749 | Snake:4  | Reached skill level 15 in Fighting
 30808 | Snake:4  | 30808 ||| INVOKING Heroism.
 30903 | Snake:4  | Got a serpentine rune of Zot
 31027 | Snake:4  | 31027 ||| PLANNING VAULTS:1-4
 31286 | Vaults:1 | Entered Level 1 of the Vaults
 31368 | Vaults:1 | 31368 ||| Stepping ~*~*~tactically~*~*~ (hiding).
 31369 | Vaults:1 | 31369 ||| Stepping ~*~*~tactically~*~*~ (hiding).
 31371 | Vaults:1 | 31371 ||| INVOKING Heroism.
 31375 | Vaults:1 | 31375 ||| INVOKING Finesse.
 31503 | Vaults:1 | 31503 ||| INVOKING Heroism.
 31528 | Vaults:1 | 31528 ||| INVOKING Heroism.
 31541 | Vaults:1 | Reached skill level 15 in Armour
 31550 | Vaults:1 | 31550 ||| Stepping ~*~*~tactically~*~*~ (hiding).
 31553 | Vaults:1 | 31553 ||| INVOKING Heroism.
 31615 | Vaults:1 | 31615 ||| INVOKING Heroism.
 31626 | Vaults:1 | Reached XP level 19. HP: 109/124 MP: 24/26
 31687 | Vaults:1 | 31687 ||| Stepping ~*~*~tactically~*~*~ (hiding).
 31750 | Vaults:1 | 31750 ||| INVOKING Finesse.
 31788 | Vaults:1 | 31788 ||| Stepping ~*~*~tactically~*~*~ (stealth).
 31793 | Vaults:1 | 31793 ||| INVOKING Heroism.
 31857 | Vaults:1 | 31857 ||| Stepping ~*~*~tactically~*~*~ (hiding).
 31916 | Vaults:1 | 31916 ||| INVOKING Heroism.
 31917 | Vaults:1 | 31917 ||| INVOKING Finesse.
 32107 | Vaults:1 | 32107 ||| Stepping ~*~*~tactically~*~*~ (hiding).
 32175 | Vaults:1 | 32175 ||| Stepping ~*~*~tactically~*~*~ (stealth).
 32212 | Vaults:1 | 32212 ||| INVOKING Heroism.
 32218 | Vaults:1 | 32218 ||| Stepping ~*~*~tactically~*~*~ (stealth).
 32230 | Vaults:1 | 32230 ||| Stepping ~*~*~tactically~*~*~ (stealth).
 32234 | Vaults:1 | Received a gift from Okawaru
 32316 | Vaults:1 | 32316 ||| INVOKING Heroism.
 32411 | Vaults:1 | 32411 ||| INVOKING Heroism.
 32418 | Vaults:1 | Identified the -1 cloak of Weirdness {Will++ Str+2}
                  | (Okawaru gifted it to you on level 1 of the Vaults)
 32418 | Vaults:1 | Received a gift from Okawaru
 32510 | Vaults:1 | 32510 ||| INVOKING Heroism.
 32522 | Vaults:1 | 32522 ||| Stepping ~*~*~tactically~*~*~ (hiding).
 32524 | Vaults:1 | 32524 ||| Stepping ~*~*~tactically~*~*~ (hiding).
 32541 | Vaults:1 | Reached skill level 9 in Throwing
 32720 | Vaults:1 | 32720 ||| INVOKING Heroism.
 32934 | Vaults:1 | 32934 ||| UPGRADING to -1 cloak of Weirdness {Will++
                  | Str+2}.
 33022 | Vaults:2 | 33022 ||| Stepping ~*~*~tactically~*~*~ (stealth).
 33028 | Vaults:2 | 33028 ||| Stepping ~*~*~tactically~*~*~ (hiding).
 33032 | Vaults:2 | 33032 ||| INVOKING Heroism.
 33037 | Vaults:2 | 33037 ||| Stepping ~*~*~tactically~*~*~ (hiding).
 33127 | Vaults:2 | 33127 ||| INVOKING Heroism.
 33128 | Vaults:2 | 33128 ||| INVOKING Finesse.
 33131 | Vaults:2 | 33131 ||| Stepping ~*~*~tactically~*~*~ (hiding).
 33178 | Vaults:2 | 33178 ||| READING 3 scrolls of brand weapon.
 33178 | Vaults:2 | 33178 ||| BRANDING +7 vorpal broad axe.
 33179 | Vaults:2 | 33179 ||| READING 2 scrolls of brand weapon.
 33179 | Vaults:2 | 33179 ||| BRANDING +7 broad axe of flaming.
 33180 | Vaults:2 | 33180 ||| READING scroll of brand weapon.
 33180 | Vaults:2 | 33180 ||| BRANDING +7 broad axe of venom.
 33192 | Vaults:2 | 33192 ||| INVOKING Heroism.
 33232 | Vaults:2 | 33232 ||| Stepping ~*~*~tactically~*~*~ (hiding).
 33235 | Vaults:2 | 33235 ||| INVOKING Heroism.
 33392 | Vaults:2 | 33392 ||| Stepping ~*~*~tactically~*~*~ (hiding).
 33443 | Vaults:2 | 33443 ||| Stepping ~*~*~tactically~*~*~ (hiding).
 33445 | Vaults:2 | 33445 ||| Stepping ~*~*~tactically~*~*~ (hiding).
 33451 | Vaults:2 | 33451 ||| INVOKING Heroism.
 33488 | Vaults:2 | 33488 ||| Stepping ~*~*~tactically~*~*~ (stealth).
 33491 | Vaults:2 | 33491 ||| Stepping ~*~*~tactically~*~*~ (stealth).
 33669 | Vaults:2 | 33669 ||| Stepping ~*~*~tactically~*~*~ (stealth).
 33670 | Vaults:2 | 33670 ||| Stepping ~*~*~tactically~*~*~ (stealth).
 33680 | Vaults:2 | 33680 ||| INVOKING Heroism.
 33746 | Vaults:2 | 33746 ||| Stepping ~*~*~tactically~*~*~ (hiding).
 33757 | Vaults:2 | 33757 ||| INVOKING Heroism.
 33914 | Vaults:2 | 33914 ||| Stepping ~*~*~tactically~*~*~ (hiding).
 33916 | Vaults:2 | 33916 ||| Stepping ~*~*~tactically~*~*~ (hiding).
 33919 | Vaults:2 | 33919 ||| INVOKING Heroism.
 33953 | Vaults:2 | 33953 ||| Stepping ~*~*~tactically~*~*~ (hiding).
 33967 | Vaults:2 | 33967 ||| Stepping ~*~*~tactically~*~*~ (hiding).
 33974 | Vaults:2 | Reached XP level 20. HP: 134/134 MP: 27/27
 33976 | Vaults:2 | 33976 ||| Stepping ~*~*~tactically~*~*~ (stealth).
 33983 | Vaults:2 | 33983 ||| Stepping ~*~*~tactically~*~*~ (stealth).
 33984 | Vaults:2 | 33984 ||| Stepping ~*~*~tactically~*~*~ (stealth).
 34062 | Vaults:2 | 34062 ||| READING scroll of enchant weapon.
 34062 | Vaults:2 | 34062 ||| ENCHANTING +7 broad axe of draining.
 34090 | Vaults:3 | 34090 ||| Stepping ~*~*~tactically~*~*~ (hiding).
 34100 | Vaults:3 | 34100 ||| INVOKING Heroism.
 34111 | Vaults:3 | Received a gift from Okawaru
 34205 | Vaults:3 | 34205 ||| INVOKING Heroism.
 34280 | Vaults:3 | 34280 ||| Stepping ~*~*~tactically~*~*~ (stealth).
 34282 | Vaults:3 | 34282 ||| INVOKING Heroism.
 34292 | Vaults:3 | Received a gift from Okawaru
 34322 | Vaults:3 | 34322 ||| Stepping ~*~*~tactically~*~*~ (hiding).
 34386 | Vaults:3 | 34386 ||| Stepping ~*~*~tactically~*~*~ (hiding).
 34389 | Vaults:3 | 34389 ||| Stepping ~*~*~tactically~*~*~ (hiding).
 34405 | Vaults:3 | 34405 ||| Stepping ~*~*~tactically~*~*~ (stealth).
 34454 | Vaults:3 | 34454 ||| INVOKING Heroism.
 34455 | Vaults:3 | 34455 ||| INVOKING Finesse.
 34522 | Vaults:3 | 34522 ||| Stepping ~*~*~tactically~*~*~ (hiding).
 34711 | Vaults:3 | Found a staircase to the Crypt.
 34711 | Vaults:3 | Found a basalt altar of Yredelemnul.
 34711 | Vaults:3 | Found an ancient bone altar of Kikubaaqudgha.
 34746 | Vaults:3 | You are sucked into a shaft and drop 1 floor!
 34779 | Vaults:4 | 34779 ||| INVOKING Heroism.
 34831 | Vaults:4 | 34831 ||| Stepping ~*~*~tactically~*~*~ (hiding).
 34833 | Vaults:4 | 34833 ||| INVOKING Heroism.
 34839 | Vaults:4 | Received a gift from Okawaru
 34885 | Vaults:4 | 34885 ||| Stepping ~*~*~tactically~*~*~ (hiding).
 34891 | Vaults:4 | 34891 ||| Stepping ~*~*~tactically~*~*~ (hiding).
 34894 | Vaults:4 | 34894 ||| INVOKING Heroism.
 34897 | Vaults:4 | 34897 ||| Stepping ~*~*~tactically~*~*~ (hiding).
 34898 | Vaults:4 | 34898 ||| Stepping ~*~*~tactically~*~*~ (hiding).
 34913 | Vaults:4 | Identified the +0 pair of boots of the Demon Prince {Fly
                  | Int+4} (Okawaru gifted it to you on level 4 of the Vaults)
 34913 | Vaults:4 | Received a gift from Okawaru
 35010 | Vaults:4 | 35010 ||| DROPPING +0 pair of boots of the Demon Prince
                  | {Fly Int+4}.
 35089 | Vaults:3 | 35089 ||| INVOKING Heroism.
 35109 | Vaults:3 | Reached skill level 18 in Fighting
 35139 | Vaults:3 | 35139 ||| Stepping ~*~*~tactically~*~*~ (stealth).
 35301 | Vaults:3 | Found Jousm's Weapon Emporium.
 35408 | Vaults:3 | 35408 ||| Stepping ~*~*~tactically~*~*~ (hiding).
 35517 | Vaults:3 | 35517 ||| Stepping ~*~*~tactically~*~*~ (stealth).
 35518 | Vaults:3 | 35518 ||| Stepping ~*~*~tactically~*~*~ (stealth).
 35765 | Vaults:4 | 35765 ||| INVOKING Heroism.
 35961 | Vaults:4 | 35961 ||| FLEEEEING.
 35962 | Vaults:4 | 35962 ||| FLEEEEING.
 35963 | Vaults:4 | 35963 ||| FLEEEEING.
 35964 | Vaults:4 | 35964 ||| FLEEEEING.
 35965 | Vaults:4 | 35965 ||| FLEEEEING.
 35966 | Vaults:4 | 35966 ||| FLEEEEING.
 35967 | Vaults:4 | 35967 ||| FLEEEEING.
 36034 | Vaults:4 | 36034 ||| Stepping ~*~*~tactically~*~*~ (stealth).
 36036 | Vaults:4 | 36036 ||| INVOKING Heroism.
 36038 | Vaults:4 | 36038 ||| Stepping ~*~*~tactically~*~*~ (stealth).
 36054 | Vaults:4 | 36054 ||| Stepping ~*~*~tactically~*~*~ (stealth).
 36333 | Vaults:4 | 36333 ||| INVOKING Heroism.
 36451 | Vaults:4 | 36451 ||| Stepping ~*~*~tactically~*~*~ (hiding).
 36893 | Vaults:3 | 36893 ||| PLANNING SHOALS:4
 37248 | Shoals:4 | Entered Level 4 of the Shoals
 37330 | Shoals:4 | Identified Roxanne's Anthology of the Rocks
 37330 | Shoals:4 | Noticed Roxanne
 37334 | Shoals:4 | 37334 ||| INVOKING Heroism.
 37353 | Shoals:4 | Reached XP level 21. HP: 124/141 MP: 28/28
 37367 | Shoals:4 | Killed Roxanne
 37401 | Shoals:4 | Noticed Louise
 37418 | Shoals:4 | Killed Louise
 37429 | Shoals:4 | 37429 ||| READING scroll of enchant weapon.
 37429 | Shoals:4 | 37429 ||| ENCHANTING +8 broad axe of draining.
 37443 | Shoals:4 | 37443 ||| INVOKING Heroism.
 37444 | Shoals:4 | 37444 ||| INVOKING Finesse.
 37489 | Shoals:4 | Reached skill level 18 in Armour
 37515 | Shoals:4 | 37515 ||| Stepping ~*~*~tactically~*~*~ (hiding).
 37516 | Shoals:4 | 37516 ||| Stepping ~*~*~tactically~*~*~ (hiding).
 37517 | Shoals:4 | 37517 ||| Stepping ~*~*~tactically~*~*~ (hiding).
 37518 | Shoals:4 | 37518 ||| Stepping ~*~*~tactically~*~*~ (hiding).
 37520 | Shoals:4 | 37520 ||| Stepping ~*~*~tactically~*~*~ (hiding).
 37541 | Shoals:4 | Identified the +11 longbow "Tuxzaopo" {flame, rPois Str-4
                  | Dex+4}
 37609 | Shoals:4 | 37609 ||| Stepping ~*~*~tactically~*~*~ (stealth).
 37611 | Shoals:4 | 37611 ||| Stepping ~*~*~tactically~*~*~ (hiding).
 37732 | Shoals:4 | Got a barnacled rune of Zot
 37862 | Shoals:4 | 37862 ||| INVOKING Heroism.
 37863 | Shoals:4 | 37863 ||| Stepping ~*~*~tactically~*~*~ (stealth).
 37905 | Shoals:4 | 37905 ||| Stepping ~*~*~tactically~*~*~ (hiding).
 37970 | Shoals:4 | Found Ohithrej's Gadget Gallery.
 37977 | Shoals:4 | Identified the +8 broad axe "Secret Weapon" {vorpal, rF+
                  | rC- Int+2} (Okawaru gifted it to you on level 4 of the
                  | Shoals)
 37977 | Shoals:4 | Received a gift from Okawaru
 38000 | Shoals:4 | 38000 ||| BUYING wand of digging (5) (315 gold).
 38000 | Shoals:4 | Bought a wand of digging (5) for 315 gold pieces
 38291 | Shoals:4 | 38291 ||| INVOKING Heroism.
 38371 | Shoals:4 | 38371 ||| PLANNING DEPTHS
 38371 | Shoals:4 | 38371 ||| DROPPING +6 ring of strength.
 38372 | Shoals:4 | 38372 ||| READING 29 scrolls of identify.
 38372 | Shoals:4 | 38372 ||| IDENTIFYING fizzy golden potion
 38373 | Shoals:4 | 38373 ||| DROPPING potion of ambrosia.
 38699 | Depths:1 | Entered Level 1 of the Depths
 38707 | Depths:1 | 38707 ||| Stepping ~*~*~tactically~*~*~ (hiding).
 38709 | Depths:1 | 38709 ||| INVOKING Heroism.
 38710 | Depths:1 | 38710 ||| INVOKING Finesse.
 38750 | Depths:1 | 38750 ||| INVOKING Heroism.
 38751 | Depths:1 | 38751 ||| Stepping ~*~*~tactically~*~*~ (stealth).
 38752 | Depths:1 | 38752 ||| Stepping ~*~*~tactically~*~*~ (stealth).
 38753 | Depths:1 | 38753 ||| INVOKING Finesse.
 38881 | Depths:1 | 38881 ||| INVOKING Heroism.
 38882 | Depths:1 | 38882 ||| INVOKING Finesse.
 38899 | Depths:1 | 38899 ||| Stepping ~*~*~tactically~*~*~ (hiding).
 38928 | Depths:1 | 38928 ||| Stepping ~*~*~tactically~*~*~ (stealth).
 38932 | Depths:1 | 38932 ||| Stepping ~*~*~tactically~*~*~ (hiding).
 38933 | Depths:1 | 38933 ||| Stepping ~*~*~tactically~*~*~ (hiding).
 39176 | Depths:1 | Identified the +5 robe of Poituky {Str+5 Dex+6 Stlth-}
                  | (Okawaru gifted it to you on level 1 of the Depths)
 39176 | Depths:1 | Received a gift from Okawaru
 39184 | Depths:1 | 39184 ||| Stepping ~*~*~tactically~*~*~ (hiding).
 39186 | Depths:1 | 39186 ||| Stepping ~*~*~tactically~*~*~ (hiding).
 39193 | Depths:1 | 39193 ||| INVOKING Finesse.
 39311 | Depths:1 | Found Dar Qaeth's Armour Emporium.
 39311 | Depths:1 | Found Ixuix's Antique Armour Shoppe.
 39312 | Depths:1 | Found Osiulai's Distillery.
 39315 | Depths:1 | 39315 ||| Stepping ~*~*~tactically~*~*~ (hiding).
 39315 | Depths:1 | Found Jimn's General Store.
 39327 | Depths:1 | 39327 ||| BUYING potion of attraction (54 gold).
 39327 | Depths:1 | Bought a potion of attraction for 54 gold pieces
 39327 | Depths:1 | 39327 ||| BUYING potion of cancellation (144 gold).
 39327 | Depths:1 | Bought a potion of cancellation for 144 gold pieces
 39327 | Depths:1 | 39327 ||| BUYING potion of curing (54 gold).
 39327 | Depths:1 | Bought a potion of curing for 54 gold pieces
 39327 | Depths:1 | 39327 ||| BUYING potion of heal wounds (90 gold).
 39327 | Depths:1 | Bought a potion of heal wounds for 90 gold pieces
 39327 | Depths:1 | 39327 ||| BUYING potion of heal wounds (90 gold).
 39327 | Depths:1 | Bought a potion of heal wounds for 90 gold pieces
 39327 | Depths:1 | 39327 ||| BUYING potion of lignification (54 gold).
 39327 | Depths:1 | Bought a potion of lignification for 54 gold pieces
 39327 | Depths:1 | 39327 ||| BUYING potion of lignification (54 gold).
 39327 | Depths:1 | Bought a potion of lignification for 54 gold pieces
 39327 | Depths:1 | 39327 ||| BUYING potion of lignification (54 gold).
 39327 | Depths:1 | Bought a potion of lignification for 54 gold pieces
 39340 | Depths:1 | 39340 ||| BUYING scroll of enchant weapon (172 gold).
 39340 | Depths:1 | Bought a scroll of enchant weapon for 172 gold pieces
 39344 | Depths:1 | 39344 ||| Stepping ~*~*~tactically~*~*~ (stealth).
 39347 | Depths:1 | 39347 ||| INVOKING Heroism.
 39348 | Depths:1 | 39348 ||| Stepping ~*~*~tactically~*~*~ (hiding).
 39349 | Depths:1 | 39349 ||| Stepping ~*~*~tactically~*~*~ (hiding).
 39350 | Depths:1 | 39350 ||| Stepping ~*~*~tactically~*~*~ (hiding).
 39351 | Depths:1 | 39351 ||| INVOKING Finesse.
 39413 | Depths:1 | 39413 ||| INVOKING Heroism.
 39416 | Depths:1 | 39416 ||| INVOKING Finesse.
 39418 | Depths:1 | Noticed a golden dragon
 39419 | Depths:1 | 39419 ||| Stepping ~*~*~tactically~*~*~ (stealth).
 39420 | Depths:1 | 39420 ||| INVOKING Finesse.
 39437 | Depths:1 | Killed a golden dragon
 39559 | Depths:1 | 39559 ||| Stepping ~*~*~tactically~*~*~ (hiding).
 39580 | Depths:1 | Found a gateway to Hell.
 39687 | Depths:1 | 39687 ||| Stepping ~*~*~tactically~*~*~ (stealth).
 39689 | Depths:1 | 39689 ||| Stepping ~*~*~tactically~*~*~ (hiding).
 39695 | Depths:1 | 39695 ||| INVOKING Heroism.
 39784 | Depths:1 | 39784 ||| INVOKING Heroism.
 39949 | Depths:2 | 39949 ||| STAIRDANCE
 39959 | Depths:2 | 39959 ||| STAIRDANCE
 39981 | Depths:2 | 39981 ||| INVOKING Heroism.
 40020 | Depths:2 | 40020 ||| Stepping ~*~*~tactically~*~*~ (stealth).
 40021 | Depths:2 | 40021 ||| Stepping ~*~*~tactically~*~*~ (stealth).
 40134 | Depths:2 | 40134 ||| INVOKING Heroism.
 40234 | Depths:2 | Found a one-way gate to the infinite horrors of the Abyss.
 40266 | Depths:2 | Found a sparkling altar of Nemelex Xobeh.
 40333 | Depths:2 | 40333 ||| INVOKING Heroism.
 40397 | Depths:2 | Found a runed translucent door.
 40485 | Depths:2 | 40485 ||| INVOKING Heroism.
 40486 | Depths:2 | 40486 ||| INVOKING Finesse.
 40567 | Depths:2 | 40567 ||| Stepping ~*~*~tactically~*~*~ (hiding).
 40619 | Depths:2 | 40619 ||| INVOKING Heroism.
 40798 | Depths:2 | 40798 ||| Stepping ~*~*~tactically~*~*~ (stealth).
 40802 | Depths:2 | 40802 ||| INVOKING Heroism.
 40835 | Depths:2 | Found a one-way gate leading to the halls of Pandemonium.
 40879 | Depths:2 | 40879 ||| Stepping ~*~*~tactically~*~*~ (hiding).
 40895 | Depths:2 | 40895 ||| INVOKING Heroism.
 40920 | Depths:2 | Reached XP level 22. HP: 147/150 MP: 29/29
 40977 | Depths:2 | 40977 ||| FLEEEEING.
 41065 | Depths:2 | 41065 ||| INVOKING Heroism.
 41066 | Depths:2 | 41066 ||| INVOKING Finesse.
 41118 | Depths:2 | 41118 ||| INVOKING Heroism.
 41129 | Depths:2 | 41129 ||| INVOKING Finesse.
 41131 | Depths:2 | HP: 32/152 [frost giant/bolt of cold (64)]
 41132 | Depths:2 | 41132 ||| READING 5 scrolls of teleportation.
 41133 | Depths:2 | 41133 ||| DRINKING 13 potions of heal wounds.
 41297 | Depths:2 | 41297 ||| READING 4 scrolls of teleportation.
 41301 | Depths:2 | 41301 ||| INVOKING Heroism.
 41411 | Depths:3 | 41411 ||| INVOKING Heroism.
 41495 | Depths:3 | 41495 ||| INVOKING Heroism.
 41559 | Depths:3 | 41559 ||| Stepping ~*~*~tactically~*~*~ (stealth).
 41569 | Depths:3 | 41569 ||| Stepping ~*~*~tactically~*~*~ (stealth).
 41571 | Depths:3 | 41571 ||| INVOKING Heroism.
 41629 | Depths:3 | 41629 ||| INVOKING Heroism.
 41631 | Depths:3 | Reached skill level 6 in Dodging
 41651 | Depths:3 | 41651 ||| Stepping ~*~*~tactically~*~*~ (hiding).
 41745 | Depths:3 | 41745 ||| Stepping ~*~*~tactically~*~*~ (hiding).
 41785 | Depths:3 | 41785 ||| INVOKING Heroism.
 41785 | Depths:3 | Noticed the Enchantress
 41812 | Depths:3 | 41812 ||| INVOKING Finesse.
 41813 | Depths:3 | Killed the Enchantress
 41895 | Depths:3 | 41895 ||| Stepping ~*~*~tactically~*~*~ (hiding).
 42081 | Depths:3 | 42081 ||| INVOKING Heroism.
 42086 | Depths:3 | 42086 ||| Stepping ~*~*~tactically~*~*~ (hiding).
 42175 | Depths:3 | 42175 ||| Stepping ~*~*~tactically~*~*~ (stealth).
 42177 | Depths:3 | Noticed a juggernaut
 42178 | Depths:3 | 42178 ||| INVOKING Heroism.
 42179 | Depths:3 | 42179 ||| INVOKING Finesse.
 42202 | Depths:3 | Killed a juggernaut
 42210 | Depths:3 | 42210 ||| Stepping ~*~*~tactically~*~*~ (hiding).
 42216 | Depths:3 | 42216 ||| Stepping ~*~*~tactically~*~*~ (hiding).
 42224 | Depths:3 | 42224 ||| Stepping ~*~*~tactically~*~*~ (stealth).
 42239 | Depths:3 | 42239 ||| Stepping ~*~*~tactically~*~*~ (stealth).
 42244 | Depths:3 | Noticed a golden dragon
 42245 | Depths:3 | 42245 ||| INVOKING Heroism.
 42246 | Depths:3 | 42246 ||| INVOKING Finesse.
 42254 | Depths:3 | Killed a golden dragon
 42294 | Depths:3 | 42294 ||| Stepping ~*~*~tactically~*~*~ (stealth).
 42296 | Depths:3 | 42296 ||| Stepping ~*~*~tactically~*~*~ (hiding).
 42301 | Depths:3 | 42301 ||| INVOKING Heroism.
 42302 | Depths:3 | 42302 ||| INVOKING Finesse.
 42313 | Depths:3 | Identified the +2 robe of the Moon Troll {+Inv Int+8}
 42316 | Depths:3 | 42316 ||| Stepping ~*~*~tactically~*~*~ (hiding).
 42327 | Depths:3 | Reached skill level 21 in Shields
 42424 | Depths:3 | 42424 ||| INVOKING Heroism.
 42425 | Depths:3 | 42425 ||| Stepping ~*~*~tactically~*~*~ (hiding).
 42426 | Depths:3 | 42426 ||| Stepping ~*~*~tactically~*~*~ (hiding).
 42438 | Depths:3 | Received a gift from Okawaru
 42649 | Depths:3 | Found a corrupted altar of Lugonu.
 42659 | Depths:3 | 42659 ||| Stepping ~*~*~tactically~*~*~ (stealth).
 42661 | Depths:3 | 42661 ||| INVOKING Heroism.
 42811 | Depths:3 | 42811 ||| INVOKING Finesse.
 42923 | Depths:3 | 42923 ||| Stepping ~*~*~tactically~*~*~ (stealth).
 42925 | Depths:3 | 42925 ||| Stepping ~*~*~tactically~*~*~ (hiding).
 42946 | Depths:3 | Identified the +3 dire flail of Peoti {drain, Fly Will+++
                  | MP+9 Int-4}
 43075 | Depths:4 | Entered Level 4 of the Depths
 43081 | Depths:4 | 43081 ||| Stepping ~*~*~tactically~*~*~ (hiding).
 43226 | Depths:4 | 43226 ||| INVOKING Heroism.
 43227 | Depths:4 | 43227 ||| INVOKING Finesse.
 43299 | Depths:4 | 43299 ||| INVOKING Heroism.
 43357 | Depths:4 | 43357 ||| INVOKING Finesse.
 43358 | Depths:4 | 43358 ||| INVOKING Heroism.
 43379 | Depths:4 | HP: 36/153 [iron troll (8)]
 43380 | Depths:4 | 43380 ||| READING 4 scrolls of teleportation.
 43381 | Depths:4 | 43381 ||| DRINKING 12 potions of heal wounds.
 43420 | Depths:4 | 43420 ||| Stepping ~*~*~tactically~*~*~ (stealth).
 43427 | Depths:4 | 43427 ||| Stepping ~*~*~tactically~*~*~ (stealth).
 43466 | Depths:4 | 43466 ||| INVOKING Heroism.
 43482 | Depths:4 | 43482 ||| Stepping ~*~*~tactically~*~*~ (stealth).
 43499 | Depths:4 | 43499 ||| Stepping ~*~*~tactically~*~*~ (stealth).
 43506 | Depths:4 | Reached skill level 21 in Fighting
 43522 | Depths:4 | 43522 ||| Stepping ~*~*~tactically~*~*~ (stealth).
 43538 | Depths:4 | 43538 ||| Stepping ~*~*~tactically~*~*~ (stealth).
 43579 | Depths:4 | 43579 ||| Stepping ~*~*~tactically~*~*~ (hiding).
 43583 | Depths:4 | 43583 ||| INVOKING Heroism.
 43614 | Depths:4 | 43614 ||| Stepping ~*~*~tactically~*~*~ (hiding).
 43626 | Depths:4 | 43626 ||| Stepping ~*~*~tactically~*~*~ (hiding).
 43628 | Depths:4 | 43628 ||| Stepping ~*~*~tactically~*~*~ (hiding).
 43629 | Depths:4 | 43629 ||| Stepping ~*~*~tactically~*~*~ (hiding).
 43641 | Depths:4 | 43641 ||| INVOKING Heroism.
 43669 | Depths:4 | Noticed a golden dragon
 43671 | Depths:4 | 43671 ||| Stepping ~*~*~tactically~*~*~ (hiding).
 43678 | Depths:4 | Killed a golden dragon
 43806 | Depths:4 | 43806 ||| Stepping ~*~*~tactically~*~*~ (hiding).
 43812 | Depths:4 | 43812 ||| INVOKING Heroism.
 43818 | Depths:4 | Reached XP level 23. HP: 160/160 MP: 28/30
 43827 | Depths:4 | Noticed a golden dragon
 43844 | Depths:4 | Killed a golden dragon
 43845 | Depths:4 | Reached skill level 12 in Throwing
 43900 | Depths:4 | 43900 ||| Stepping ~*~*~tactically~*~*~ (stealth).
 43908 | Depths:4 | 43908 ||| Stepping ~*~*~tactically~*~*~ (hiding).
 43909 | Depths:4 | 43909 ||| Stepping ~*~*~tactically~*~*~ (stealth).
 43910 | Depths:4 | 43910 ||| Stepping ~*~*~tactically~*~*~ (hiding).
 43911 | Depths:4 | 43911 ||| Stepping ~*~*~tactically~*~*~ (hiding).
 43929 | Depths:4 | 43929 ||| Stepping ~*~*~tactically~*~*~ (stealth).
 43942 | Depths:4 | Received a gift from Okawaru
 43943 | Depths:4 | 43943 ||| INVOKING Heroism.
 44144 | Depths:4 | Noticed a golden dragon
 44145 | Depths:4 | 44145 ||| Stepping ~*~*~tactically~*~*~ (hiding).
 44146 | Depths:4 | 44146 ||| INVOKING Heroism.
 44148 | Depths:4 | 44148 ||| INVOKING Finesse.
 44157 | Depths:4 | Killed a golden dragon
 44225 | Depths:4 | 44225 ||| Stepping ~*~*~tactically~*~*~ (stealth).
 44232 | Depths:4 | 44232 ||| Stepping ~*~*~tactically~*~*~ (hiding).
 44244 | Depths:4 | 44244 ||| Stepping ~*~*~tactically~*~*~ (hiding).
 44394 | Depths:4 | Found a one-way gateway to a ziggurat.
 44395 | Depths:4 | 44395 ||| FLEEEEING.
 44401 | Depths:4 | 44401 ||| FLEEEEING.
 44402 | Depths:4 | 44402 ||| FLEEEEING.
 44403 | Depths:4 | 44403 ||| FLEEEEING.
 44404 | Depths:4 | 44404 ||| FLEEEEING.
 44405 | Depths:4 | 44405 ||| FLEEEEING.
 44406 | Depths:4 | 44406 ||| FLEEEEING.
 44407 | Depths:4 | 44407 ||| FLEEEEING.
 44408 | Depths:4 | 44408 ||| FLEEEEING.
 44412 | Depths:4 | 44412 ||| FLEEEEING.
 44413 | Depths:4 | 44413 ||| FLEEEEING.
 44414 | Depths:4 | 44414 ||| FLEEEEING.
 44415 | Depths:4 | 44415 ||| FLEEEEING.
 44416 | Depths:4 | 44416 ||| FLEEEEING.
 44417 | Depths:4 | 44417 ||| FLEEEEING.
 44419 | Depths:4 | 44419 ||| INVOKING Heroism.
 44431 | Depths:4 | Reached skill level 21 in Armour
 44730 | Depths:4 | Found a gate to the Realm of Zot.
 44765 | Depths:4 | 44765 ||| PLANNING VAULTS:5
 45029 | Vaults:5 | Entered Level 5 of the Vaults
 45030 | Vaults:5 | 45030 ||| INVOKING Heroism.
 45031 | Vaults:5 | 45031 ||| STAIRDANCE
 45049 | Vaults:5 | 45049 ||| STAIRDANCE
 45075 | Vaults:5 | 45075 ||| STAIRDANCE
 45077 | Vaults:4 | 45077 ||| INVOKING Finesse.
 45079 | Vaults:4 | Received a gift from Okawaru
 45091 | Vaults:4 | 45091 ||| INVOKING Heroism.
 45152 | Vaults:5 | 45152 ||| STAIRDANCE
 45154 | Vaults:4 | 45154 ||| INVOKING Heroism.
 45176 | Vaults:5 | 45176 ||| STAIRDANCE
 45178 | Vaults:4 | 45178 ||| INVOKING Finesse.
 45226 | Vaults:5 | 45226 ||| STAIRDANCE
 45250 | Vaults:5 | 45250 ||| Stepping ~*~*~tactically~*~*~ (hiding).
 45265 | Vaults:5 | 45265 ||| INVOKING Heroism.
 45267 | Vaults:5 | Received a gift from Okawaru
 45296 | Vaults:5 | Noticed a dread lich
 45298 | Vaults:5 | 45298 ||| Stepping ~*~*~tactically~*~*~ (hiding).
 45299 | Vaults:5 | 45299 ||| INVOKING Heroism.
 45300 | Vaults:5 | 45300 ||| INVOKING Finesse.
 45312 | Vaults:5 | Killed a dread lich
 45341 | Vaults:5 | 45341 ||| Stepping ~*~*~tactically~*~*~ (hiding).
 45343 | Vaults:5 | Found the +3 giant club "Skullcrusher" {speed, Str+7}
 45389 | Vaults:5 | 45389 ||| Stepping ~*~*~tactically~*~*~ (hiding).
 45390 | Vaults:5 | 45390 ||| Stepping ~*~*~tactically~*~*~ (hiding).
 45391 | Vaults:5 | 45391 ||| FLEEEEING.
 45392 | Vaults:5 | 45392 ||| FLEEEEING.
 45395 | Vaults:5 | 45395 ||| FLEEEEING.
 45396 | Vaults:5 | 45396 ||| INVOKING Heroism.
 45397 | Vaults:5 | 45397 ||| INVOKING Finesse.
 45410 | Vaults:5 | Received a gift from Okawaru
 45424 | Vaults:5 | Noticed a dread lich
 45430 | Vaults:5 | Noticed an ancient lich
 45436 | Vaults:5 | Noticed Frederick
 45441 | Vaults:5 | 45441 ||| INVOKING Heroism.
 45454 | Vaults:5 | Killed Frederick
 45457 | Vaults:5 | Killed an ancient lich
 45457 | Vaults:5 | Received a gift from Okawaru
 45461 | Vaults:5 | Killed a dread lich
 45469 | Vaults:5 | HP: 37/155 [shadow dragon/bolt of negative energy (27)]
 45470 | Vaults:5 | 45470 ||| READING 5 scrolls of teleportation.
 45470 | Vaults:5 | Noticed a golden dragon
 45471 | Vaults:5 | 45471 ||| DRINKING 11 potions of heal wounds.
 45528 | Vaults:5 | Identified the ring of Buowkomp {rElec rC+}
 45531 | Vaults:5 | Identified the +4 hat of the Barracuda {Int+4 SInv}
                  | (Okawaru gifted it to you on level 5 of the Vaults)
 45531 | Vaults:5 | Received a gift from Okawaru
 45532 | Vaults:5 | Reached XP level 24. HP: 137/165 MP: 30/30
 45533 | Vaults:5 | 45533 ||| Stepping ~*~*~tactically~*~*~ (stealth).
 45538 | Vaults:5 | 45538 ||| INVOKING Heroism.
 45569 | Vaults:5 | 45569 ||| Stepping ~*~*~tactically~*~*~ (hiding).
 45570 | Vaults:5 | 45570 ||| Stepping ~*~*~tactically~*~*~ (hiding).
 45573 | Vaults:5 | 45573 ||| INVOKING Heroism.
 45587 | Vaults:5 | Noticed a dread lich
 45588 | Vaults:5 | 45588 ||| INVOKING Finesse.
 45613 | Vaults:5 | Killed a dread lich
 45642 | Vaults:5 | 45642 ||| Stepping ~*~*~tactically~*~*~ (stealth).
 45679 | Vaults:5 | 45679 ||| INVOKING Heroism.
 45714 | Vaults:5 | 45714 ||| Stepping ~*~*~tactically~*~*~ (stealth).
 45715 | Vaults:5 | 45715 ||| Stepping ~*~*~tactically~*~*~ (stealth).
 45716 | Vaults:5 | 45716 ||| Stepping ~*~*~tactically~*~*~ (stealth).
 45756 | Vaults:5 | 45756 ||| Stepping ~*~*~tactically~*~*~ (stealth).
 45757 | Vaults:5 | 45757 ||| Stepping ~*~*~tactically~*~*~ (stealth).
 45758 | Vaults:5 | 45758 ||| Stepping ~*~*~tactically~*~*~ (stealth).
 45759 | Vaults:5 | 45759 ||| Stepping ~*~*~tactically~*~*~ (stealth).
 45867 | Vaults:5 | 45867 ||| Stepping ~*~*~tactically~*~*~ (stealth).
 45910 | Vaults:5 | 45910 ||| Stepping ~*~*~tactically~*~*~ (hiding).
 45920 | Vaults:5 | 45920 ||| Stepping ~*~*~tactically~*~*~ (hiding).
 45921 | Vaults:5 | 45921 ||| Stepping ~*~*~tactically~*~*~ (hiding).
 45925 | Vaults:5 | 45925 ||| INVOKING Heroism.
 45984 | Vaults:5 | 45984 ||| INVOKING Heroism.
 46134 | Vaults:5 | Identified the +4 mace of Komeckiu {vorpal, rF+ Will+}
 46258 | Vaults:5 | 46258 ||| INVOKING Heroism.
 46286 | Vaults:5 | Identified the +1 bardiche of Valour {vorpal, *Slow Str+4
                  | Int+5}
 46287 | Vaults:5 | 46287 ||| Stepping ~*~*~tactically~*~*~ (hiding).
 46423 | Vaults:5 | Got a silver rune of Zot
 46592 | Vaults:5 | 46592 ||| Stepping ~*~*~tactically~*~*~ (stealth).
 46597 | Vaults:5 | Identified the +9 flail of Drought {flame, Fly Int+2}
 46598 | Vaults:5 | 46598 ||| INVOKING Heroism.
 46641 | Vaults:5 | Identified the +0 ring mail of Biet Qaa {Will+++ Dex+5 SInv
                  | Stlth-}
 46923 | Vaults:5 | Identified the ring "Hynul" {Int+6 Dex+4}
 46932 | Vaults:5 | 46932 ||| PLANNING SHOPPING SPREE
 46932 | Vaults:5 | 46932 ||| DROPPING ring "Hynul" {Int+6 Dex+4}.
 47288 | Orc:2    | 47288 ||| BUYING scroll of teleportation (45 gold).
 47288 | Orc:2    | Bought a scroll of teleportation for 45 gold pieces
 47331 | Orc:2    | 47331 ||| BUYING potion of haste (160 gold).
 47331 | Orc:2    | Bought a potion of haste for 160 gold pieces
 47331 | Orc:2    | 47331 ||| BUYING potion of heal wounds (80 gold).
 47331 | Orc:2    | Bought a potion of heal wounds for 80 gold pieces
 47358 | Orc:1    | 47358 ||| BUYING potion of heal wounds (130 gold).
 47358 | Orc:1    | Bought a potion of heal wounds for 130 gold pieces
 47523 | D:14     | 47523 ||| BUYING potion of mutation (152 gold).
 47523 | D:14     | Bought a potion of mutation for 152 gold pieces
 47523 | D:14     | 47523 ||| BUYING potion of resistance (190 gold).
 47523 | D:14     | Bought a potion of resistance for 190 gold pieces
 47676 | Orc:2    | 47676 ||| BUYING wand of digging (8) (470 gold).
 47676 | Orc:2    | Bought a wand of digging (8) for 470 gold pieces
 47703 | Orc:2    | 47703 ||| BUYING amulet "Fuqups" {Faith +Inv rElec Dex-4
                  | SInv} (795 gold).
 47703 | Orc:2    | Bought the amulet "Fuqups" {Faith +Inv rElec Dex-4 SInv}
                  | for 795 gold pieces
 47703 | Orc:2    | 47703 ||| BUYING ring of resist corrosion (280 gold).
 47703 | Orc:2    | Bought a ring of resist corrosion for 280 gold pieces
 47703 | Orc:2    | 47703 ||| PLANNING ZOT:1-4
 48008 | Zot:1    | Entered Level 1 of the Realm of Zot
 48120 | Zot:1    | 48120 ||| Stepping ~*~*~tactically~*~*~ (stealth).
 48149 | Zot:1    | 48149 ||| Stepping ~*~*~tactically~*~*~ (stealth).
 48160 | Zot:1    | 48160 ||| Stepping ~*~*~tactically~*~*~ (hiding).
 48164 | Zot:1    | 48164 ||| INVOKING Heroism.
 48206 | Zot:1    | 48206 ||| Stepping ~*~*~tactically~*~*~ (stealth).
 48219 | Zot:1    | 48219 ||| INVOKING Heroism.
 48220 | Zot:1    | 48220 ||| Stepping ~*~*~tactically~*~*~ (hiding).
 48251 | Zot:1    | 48251 ||| INVOKING Heroism.
 48257 | Zot:1    | 48257 ||| Stepping ~*~*~tactically~*~*~ (hiding).
 48258 | Zot:1    | 48258 ||| Stepping ~*~*~tactically~*~*~ (hiding).
 48304 | Zot:1    | 48304 ||| INVOKING Heroism.
 48356 | Zot:1    | 48356 ||| Stepping ~*~*~tactically~*~*~ (hiding).
 48435 | Zot:1    | 48435 ||| Stepping ~*~*~tactically~*~*~ (hiding).
 48437 | Zot:1    | 48437 ||| INVOKING Heroism.
 48596 | Zot:1    | 48596 ||| Stepping ~*~*~tactically~*~*~ (hiding).
 48605 | Zot:1    | 48605 ||| Stepping ~*~*~tactically~*~*~ (hiding).
 48608 | Zot:1    | 48608 ||| INVOKING Heroism.
 48609 | Zot:1    | Identified the ring "Dezxash" {Ice Int+4}
 48643 | Zot:1    | Received a gift from Okawaru
 48850 | Zot:1    | Identified the +3 rapier of the Sea {freeze, Dex+3 Stlth+}
 48961 | Zot:1    | 48961 ||| Stepping ~*~*~tactically~*~*~ (hiding).
 49013 | Zot:1    | 49013 ||| INVOKING Heroism.
 49368 | Zot:1    | Noticed an orb of fire
 49368 | Zot:1    | 49368 ||| DRINKING 4 potions of resistance.
 49369 | Zot:1    | 49369 ||| INVOKING Heroism.
 49370 | Zot:1    | 49370 ||| INVOKING Finesse.
 49377 | Zot:1    | Lost mutation: Your flesh is heat resistant. (rF+) [an orb
                  | of fire]
 49378 | Zot:1    | 49378 ||| SWAPPING to +8 broad axe "Secret Weapon" {vorpal,
                  | rF+ rC- Int+2}.
 49389 | Zot:1    | Killed an orb of fire
 49542 | Zot:1    | 49542 ||| DROPPING +1 cloak "Jegush" {rElec}.
 49543 | Zot:1    | 49543 ||| UPGRADING to scarf of resistance.
 49553 | Zot:1    | 49553 ||| SWAPPING to +9 broad axe of draining.
 49632 | Zot:2    | 49632 ||| INVOKING Heroism.
 49656 | Zot:2    | 49656 ||| STAIRDANCE
 49745 | Zot:2    | 49745 ||| STAIRDANCE
 49747 | Zot:1    | 49747 ||| INVOKING Heroism.
 49789 | Zot:2    | Reached skill level 24 in Fighting
 49795 | Zot:2    | 49795 ||| DRINKING 5 potions of cancellation.
 49796 | Zot:2    | Identified the -1 helmet "Zuyca" {rC+ Dex+3} (Okawaru
                  | gifted it to you on level 2 of the Realm of Zot)
 49796 | Zot:2    | Received a gift from Okawaru
 49796 | Zot:2    | HP: 32/173 [purple draconian shifter/bolt of dispelling
                  | energy[a yellow draconian annihilator] (15)]
 49797 | Zot:2    | 49797 ||| READING 11 scrolls of teleportation.
 49798 | Zot:2    | 49798 ||| READING 10 scrolls of teleportation.
 49799 | Zot:2    | 49799 ||| DRINKING 13 potions of heal wounds.
 49810 | Zot:2    | 49810 ||| Stepping ~*~*~tactically~*~*~ (hiding).
 49812 | Zot:2    | Noticed an orb of fire
 49813 | Zot:2    | 49813 ||| Stepping ~*~*~tactically~*~*~ (hiding).
 49816 | Zot:2    | 49816 ||| DRINKING 3 potions of resistance.
 49817 | Zot:2    | 49817 ||| INVOKING Finesse.
 49817 | Zot:2    | HP: 41/173 [orb of fire/fireball (20)]
 49818 | Zot:2    | 49818 ||| READING 9 scrolls of teleportation.
 49819 | Zot:2    | 49819 ||| DRINKING 12 potions of heal wounds.
 49819 | Zot:2    | Gained mutation: You have hidden genetic defects. [an orb
                  | of fire]
 49820 | Zot:2    | 49820 ||| INVOKING Heroism.
 49830 | Zot:2    | Killed an orb of fire
 49831 | Zot:2    | Reached XP level 25. HP: 52/178 MP: 24/30
 49832 | Zot:2    | HP: 41/178 [green draconian monk[a red draconian scorcher]
                  | (13)]
 49833 | Zot:2    | 49833 ||| DRINKING 11 potions of heal wounds.
 49986 | Zot:2    | 49986 ||| Stepping ~*~*~tactically~*~*~ (stealth).
 50045 | Zot:2    | 50045 ||| INVOKING Heroism.
 50081 | Zot:2    | 50081 ||| Stepping ~*~*~tactically~*~*~ (cloud).
 50268 | Zot:2    | 50268 ||| Stepping ~*~*~tactically~*~*~ (hiding).
 50287 | Zot:2    | 50287 ||| Stepping ~*~*~tactically~*~*~ (hiding).
 50288 | Zot:2    | 50288 ||| Stepping ~*~*~tactically~*~*~ (hiding).
 50537 | Zot:3    | 50537 ||| STAIRDANCE
 50550 | Zot:3    | 50550 ||| INVOKING Heroism.
 50551 | Zot:3    | 50551 ||| STAIRDANCE
 50560 | Zot:3    | 50560 ||| STAIRDANCE
 50676 | Zot:3    | 50676 ||| INVOKING Heroism.
 50677 | Zot:3    | 50677 ||| STAIRDANCE
 50684 | Zot:2    | 50684 ||| Stepping ~*~*~tactically~*~*~ (cloud).
 50728 | Zot:3    | 50728 ||| INVOKING Heroism.
 50730 | Zot:3    | 50730 ||| Stepping ~*~*~tactically~*~*~ (hiding).
 50836 | Zot:3    | 50836 ||| INVOKING Heroism.
 50859 | Zot:3    | Gained mutation: You occasionally lose the ability to drink
                  | potions when taking damage. [hidden defects]
 50924 | Zot:3    | 50924 ||| DRINKING 10 potions of mutation.
 50924 | Zot:3    | Lost mutation: Your spells are a little easier to cast, but
                  | a little less powerful. [potion of mutation]
 50924 | Zot:3    | Lost mutation: You occasionally lose the ability to drink
                  | potions when taking damage. [potion of mutation]
 50924 | Zot:3    | Gained mutation: Armour fits poorly on your strangely
                  | shaped body. [potion of mutation]
 50924 | Zot:3    | Gained mutation: You passively map a small area around you.
                  | [potion of mutation]
 50925 | Zot:3    | 50925 ||| DRINKING 9 potions of mutation.
 50925 | Zot:3    | Lost mutation: You are strong-willed. (Will+) [potion of
                  | mutation]
 50925 | Zot:3    | Lost mutation: You have hidden genetic defects. [potion of
                  | mutation]
 50925 | Zot:3    | Lost mutation: You passively map a small area around you.
                  | [potion of mutation]
 50925 | Zot:3    | Gained mutation: Your mind is acute. (Int +4, Str/Dex -1)
                  | [potion of mutation]
 50925 | Zot:3    | Gained mutation: You are agile. (Dex +4, Str/Int -1)
                  | [potion of mutation]
 50925 | Zot:3    | Gained mutation: You have large cloven feet. [potion of
                  | mutation]
 50926 | Zot:3    | 50926 ||| DRINKING 8 potions of mutation.
 50926 | Zot:3    | Lost mutation: Armour fits poorly on your strangely shaped
                  | body. [potion of mutation]
 50926 | Zot:3    | Lost mutation: Your mind is acute. (Int +4, Str/Dex -1)
                  | [potion of mutation]
 50926 | Zot:3    | Gained mutation: Your body sometimes deteriorates upon
                  | taking damage. [potion of mutation]
 50926 | Zot:3    | Gained mutation: You are frail. (-10% HP) [potion of
                  | mutation]
 50927 | Zot:3    | 50927 ||| DRINKING 7 potions of mutation.
 50927 | Zot:3    | Lost mutation: You have large cloven feet. [potion of
                  | mutation]
 50927 | Zot:3    | Lost mutation: Your body sometimes deteriorates upon taking
                  | damage. [potion of mutation]
 50927 | Zot:3    | Gained mutation: You have large cloven feet. [potion of
                  | mutation]
 50928 | Zot:3    | 50928 ||| DRINKING 6 potions of mutation.
 50928 | Zot:3    | Lost mutation: You have large cloven feet. [potion of
                  | mutation]
 50928 | Zot:3    | Lost mutation: You are agile. (Dex +4, Str/Int -1) [potion
                  | of mutation]
 50928 | Zot:3    | Lost mutation: You are frail. (-10% HP) [potion of
                  | mutation]
 50928 | Zot:3    | Gained mutation: You have hidden genetic potential. [potion
                  | of mutation]
 51038 | Zot:3    | 51038 ||| INVOKING Heroism.
 51159 | Zot:3    | 51159 ||| INVOKING Heroism.
 51166 | Zot:3    | Noticed an orb of fire
 51166 | Zot:3    | Gained mutation: You are vulnerable to cold. (rC-) [an orb
                  | of fire]
 51167 | Zot:3    | 51167 ||| DRINKING 2 potions of resistance.
 51168 | Zot:3    | 51168 ||| INVOKING Finesse.
 51183 | Zot:3    | Killed an orb of fire
 51313 | Zot:3    | 51313 ||| INVOKING Heroism.
 51433 | Zot:3    | 51433 ||| INVOKING Heroism.
 51554 | Zot:3    | 51554 ||| Stepping ~*~*~tactically~*~*~ (hiding).
 51781 | Zot:4    | 51781 ||| INVOKING Heroism.
 51913 | Zot:4    | 51913 ||| INVOKING Heroism.
 51927 | Zot:4    | Gained mutation: You sometimes lose your temper in combat.
                  | [mutagenic glow]
 51942 | Zot:4    | Gained mutation: You are frail. (-10% HP) [mutagenic glow]
 51948 | Zot:4    | 51948 ||| Stepping ~*~*~tactically~*~*~ (stealth).
 51971 | Zot:4    | Gained mutation: You have an uncontrollable temper.
                  | [mutagenic glow]
 52054 | Zot:4    | 52054 ||| DRINKING 6 potions of mutation.
 52054 | Zot:4    | Lost mutation: You have hidden genetic potential. [potion
                  | of mutation]
 52054 | Zot:4    | Lost mutation: You are frail. (-10% HP) [potion of
                  | mutation]
 52054 | Zot:4    | Lost mutation: You have an uncontrollable temper. [potion
                  | of mutation]
 52054 | Zot:4    | Gained mutation: You have a pair of small antennae on your
                  | head. [potion of mutation]
 52054 | Zot:4    | Gained mutation: Your muscles are strong. (Str +4, Int/Dex
                  | -1) [potion of mutation]
 52070 | Zot:4    | 52070 ||| DRINKING 5 potions of mutation.
 52070 | Zot:4    | Lost mutation: You sometimes lose your temper in combat.
                  | [potion of mutation]
 52070 | Zot:4    | Lost mutation: You are vulnerable to cold. (rC-) [potion of
                  | mutation]
 52070 | Zot:4    | Gained mutation: You occasionally lose the ability to drink
                  | potions when taking damage. [potion of mutation]
 52070 | Zot:4    | Gained mutation: You are agile. (Dex +4, Str/Int -1)
                  | [potion of mutation]
 52070 | Zot:4    | Gained mutation: You are partially covered in iridescent
                  | scales. (AC +2) [potion of mutation]
 52071 | Zot:4    | 52071 ||| DRINKING 4 potions of mutation.
 52071 | Zot:4    | Lost mutation: Your muscles are strong. (Str +4, Int/Dex
                  | -1) [potion of mutation]
 52071 | Zot:4    | Lost mutation: You are agile. (Dex +4, Str/Int -1) [potion
                  | of mutation]
 52071 | Zot:4    | Gained mutation: You are frail. (-10% HP) [potion of
                  | mutation]
 52071 | Zot:4    | Gained mutation: Your spells are a little harder to cast,
                  | but a little more powerful. [potion of mutation]
 52071 | Zot:4    | Gained mutation: You expend magic power (3 MP) to
                  | strengthen your wands. [potion of mutation]
 52072 | Zot:4    | 52072 ||| DRINKING 3 potions of mutation.
 52072 | Zot:4    | Lost mutation: You expend magic power (3 MP) to strengthen
                  | your wands. [potion of mutation]
 52072 | Zot:4    | Lost mutation: You occasionally lose the ability to drink
                  | potions when taking damage. [potion of mutation]
 52072 | Zot:4    | Lost mutation: Your spells are a little harder to cast, but
                  | a little more powerful. [potion of mutation]
 52072 | Zot:4    | Gained mutation: You are strong-willed. (Will+) [potion of
                  | mutation]
 52073 | Zot:4    | 52073 ||| DRINKING 2 potions of mutation.
 52073 | Zot:4    | Lost mutation: You are partially covered in iridescent
                  | scales. (AC +2) [potion of mutation]
 52073 | Zot:4    | Lost mutation: You are frail. (-10% HP) [potion of
                  | mutation]
 52073 | Zot:4    | Lost mutation: You have a pair of small antennae on your
                  | head. [potion of mutation]
 52073 | Zot:4    | Gained mutation: You are partially covered in iridescent
                  | scales. (AC +2) [potion of mutation]
 52116 | Zot:4    | 52116 ||| INVOKING Heroism.
 52145 | Zot:4    | 52145 ||| READING 9 scrolls of teleportation.
 52148 | Zot:4    | HP: 5/181 [yellow draconian annihilator/crystal spear[a
                  | green draconian monk] (56)]
 52149 | Zot:4    | 52149 ||| DRINKING 10 potions of heal wounds.
 52150 | Zot:4    | 52150 ||| DRINKING 9 potions of heal wounds.
 52151 | Zot:4    | 52151 ||| DRINKING 8 potions of heal wounds.
 52326 | Zot:4    | 52326 ||| INVOKING Heroism.
 52520 | Zot:4    | 52520 ||| Stepping ~*~*~tactically~*~*~ (hiding).
 52521 | Zot:4    | 52521 ||| Stepping ~*~*~tactically~*~*~ (hiding).
 52566 | Zot:4    | 52566 ||| INVOKING Heroism.
 52591 | Zot:4    | Received a gift from Okawaru
 52598 | Zot:4    | Reached skill level 15 in Throwing
 52725 | Zot:4    | 52725 ||| INVOKING Heroism.
 52819 | Zot:4    | 52819 ||| PLANNING THE SHINING ONE WORSHIP
 52819 | Zot:4    | 52819 ||| UPGRADING to +2 helmet.
 52824 | Zot:4    | 52824 ||| READING scroll labelled NOTRURA CULAU.
 53296 | Temple   | Fell from the grace of Okawaru
 53296 | Temple   | Became a worshipper of the Shining One
 53297 | Temple   | 53297 ||| PLANNING CRYPT
 53297 | Temple   | 53297 ||| SWAPPING to +8 broad axe "Secret Weapon" {vorpal,
                  | rF+ rC- Int+2}.
 53298 | Temple   | 53298 ||| UPGRADING to -1 helmet "Zuyca" {rC+ Dex+3}.
 53308 | Temple   | 53308 ||| UPGRADING to -1 cloak of Weirdness {Will++
                  | Str+2}.
 53318 | Temple   | 53318 ||| DROPPING +2 helmet.
 53676 | Crypt:1  | Entered Level 1 of the Crypt
 53765 | Crypt:1  | 53765 ||| Stepping ~*~*~tactically~*~*~ (hiding).
 53766 | Crypt:1  | Reached * piety under the Shining One
 53870 | Crypt:1  | 53870 ||| Stepping ~*~*~tactically~*~*~ (stealth).
 53882 | Crypt:1  | Reached ** piety under the Shining One
 53883 | Crypt:1  | 53883 ||| REMOVING ring of see invisible.
 53999 | Crypt:1  | 53999 ||| Stepping ~*~*~tactically~*~*~ (hiding).
 54123 | Crypt:1  | Reached *** piety under the Shining One
 54207 | Crypt:1  | 54207 ||| INVOKING Cleansing Flame.
 54208 | Crypt:1  | 54208 ||| INVOKING Cleansing Flame.
 54507 | Crypt:1  | 54507 ||| DROPPING amulet "Fuqups" {Faith +Inv rElec Dex-4
                  | SInv}.
 54508 | Crypt:1  | 54508 ||| UPGRADING to ring of protection from cold.
 54509 | Crypt:1  | 54509 ||| DROPPING ring of see invisible.
 54510 | Crypt:1  | 54510 ||| UPGRADING to +4 ring of protection.
 54600 | Crypt:2  | Reached **** piety under the Shining One
 54652 | Crypt:2  | 54652 ||| Stepping ~*~*~tactically~*~*~ (stealth).
 54674 | Crypt:2  | Reached skill level 12 in Invocations
 54752 | Crypt:2  | Reached ***** piety under the Shining One
 54753 | Crypt:2  | 54753 ||| Stepping ~*~*~tactically~*~*~ (stealth).
 54768 | Crypt:2  | Reached XP level 26. HP: 188/188 MP: 32/32
 54768 | Crypt:2  | 54768 ||| Stepping randomly (cloudy).
 54769 | Crypt:2  | 54769 ||| Stepping ~*~*~tactically~*~*~ (cloud).
 54929 | Crypt:2  | 54929 ||| Stepping randomly (disturbance).
 54930 | Crypt:2  | 54930 ||| Stepping ~*~*~tactically~*~*~ (stealth).
 54931 | Crypt:2  | 54931 ||| Stepping randomly (disturbance).
 54934 | Crypt:2  | 54934 ||| Stepping ~*~*~tactically~*~*~ (stealth).
 54958 | Crypt:2  | 54958 ||| DRINKING 4 potions of cancellation.
 55069 | Crypt:2  | 55069 ||| INVOKING Summon Divine Warrior.
 55070 | Crypt:2  | 55070 ||| INVOKING Summon Divine Warrior.
 55436 | Crypt:3  | Entered Level 3 of the Crypt
 55440 | Crypt:3  | 55440 ||| Stepping ~*~*~tactically~*~*~ (hiding).
 55453 | Crypt:3  | 55453 ||| Stepping ~*~*~tactically~*~*~ (hiding).
 55457 | Crypt:3  | 55457 ||| Stepping ~*~*~tactically~*~*~ (hiding).
 55460 | Crypt:3  | 55460 ||| Stepping ~*~*~tactically~*~*~ (hiding).
 55503 | Crypt:3  | 55503 ||| Stepping ~*~*~tactically~*~*~ (hiding).
 55536 | Crypt:3  | Noticed Jory
 55537 | Crypt:3  | 55537 ||| Stepping ~*~*~tactically~*~*~ (hiding).
 55541 | Crypt:3  | Noticed Zenata
 55555 | Crypt:3  | Killed Jory
 55569 | Crypt:3  | Reached ****** piety under the Shining One
 55589 | Crypt:3  | Killed Zenata
 55594 | Crypt:3  | 55594 ||| FLEEEEING.
 55614 | Crypt:3  | 55614 ||| INVOKING Brand Weapon With Holy Wrath.
 55614 | Crypt:3  | Identified a +9 broad axe of holy wrath (a +9 broad axe of
                  | draining blessed by the Shining One)
 55614 | Crypt:3  | Received a gift from the Shining One
 55615 | Crypt:3  | 55615 ||| SWAPPING to +9 broad axe of holy wrath.
 55635 | Crypt:3  | 55635 ||| INVOKING Summon Divine Warrior.
 55853 | Crypt:3  | Noticed Xtahua
 55854 | Crypt:3  | 55854 ||| DRINKING 4 potions of resistance.
 55866 | Crypt:3  | Killed Xtahua
 55867 | Crypt:3  | Reached skill level 15 in Invocations
 55890 | Crypt:3  | 55890 ||| READING 8 scrolls of teleportation.
 55941 | Crypt:3  | 55941 ||| Stepping ~*~*~tactically~*~*~ (hiding).
 55951 | Crypt:3  | 55951 ||| Stepping ~*~*~tactically~*~*~ (hiding).
 55960 | Crypt:3  | 55960 ||| Stepping ~*~*~tactically~*~*~ (stealth).
 55970 | Crypt:3  | Identified the ring "Syblyoph" {+Blink rPois rF+ rN+}
 55976 | Crypt:3  | 55976 ||| FLEEEEING.
 55977 | Crypt:3  | 55977 ||| FLEEEEING.
 55978 | Crypt:3  | 55978 ||| FLEEEEING.
 55979 | Crypt:3  | 55979 ||| FLEEEEING.
 55980 | Crypt:3  | 55980 ||| FLEEEEING.
 55981 | Crypt:3  | 55981 ||| FLEEEEING.
 55982 | Crypt:3  | 55982 ||| FLEEEEING.
 55983 | Crypt:3  | 55983 ||| STAIRDANCE
 56027 | Crypt:3  | 56027 ||| INVOKING Cleansing Flame.
 56033 | Crypt:3  | 56033 ||| INVOKING Cleansing Flame.
 56046 | Crypt:3  | 56046 ||| INVOKING Cleansing Flame.
 56054 | Crypt:3  | Identified the +6 shortbow "Micludint" {freeze, Int+4}
 56060 | Crypt:3  | Identified the ring of Cowardice {rC+ rN+ rCorr Str+5
                  | Int-2}
 56195 | Crypt:3  | Found a staircase to the Tomb.
 56226 | Crypt:3  | Noticed a dread lich
 56227 | Crypt:3  | 56227 ||| INVOKING Summon Divine Warrior.
 56249 | Crypt:3  | 56249 ||| Stepping ~*~*~tactically~*~*~ (hiding).
 56253 | Crypt:3  | 56253 ||| INVOKING Cleansing Flame.
 56254 | Crypt:3  | 56254 ||| INVOKING Cleansing Flame.
 56255 | Crypt:3  | 56255 ||| INVOKING Cleansing Flame.
 56337 | Crypt:3  | Noticed an ancient lich
 56337 | Crypt:3  | Noticed a dread lich
 56338 | Crypt:3  | 56338 ||| INVOKING Summon Divine Warrior.
 56344 | Crypt:3  | Killed a dread lich
 56349 | Crypt:3  | Killed a dread lich
 56352 | Crypt:3  | Killed an ancient lich
 56395 | Crypt:3  | Identified the ring "Rol Pav" {rPois rN+}
 56628 | Crypt:3  | 56628 ||| PLANNING TOMB
 56628 | Crypt:3  | 56628 ||| UPGRADING to ring of Cowardice {rC+ rN+ rCorr
                  | Str+5 Int-2}.
 56630 | Crypt:3  | 56630 ||| UPGRADING to +4 hat of the Barracuda {Int+4
                  | SInv}.
 56640 | Crypt:3  | 56640 ||| DROPPING ring of protection from cold.
 56641 | Crypt:3  | 56641 ||| DROPPING ring "Rol Pav" {rPois rN+}.
 56642 | Crypt:3  | 56642 ||| DROPPING ring of fire.
 56643 | Crypt:3  | 56643 ||| DROPPING ring of resist corrosion.
 56701 | Tomb:1   | Entered Level 1 of the Tomb of the Ancients
 56888 | Tomb:1   | 56888 ||| Stepping ~*~*~tactically~*~*~ (hiding).
 56890 | Tomb:1   | 56890 ||| Stepping ~*~*~tactically~*~*~ (hiding).
 56898 | Tomb:1   | 56898 ||| DRINKING 18 potions of curing.
 56898 | Tomb:1   | 56898 ||| (to cure confusion)
 57329 | Tomb:1   | Noticed a royal mummy
 57330 | Tomb:1   | 57330 ||| INVOKING Summon Divine Warrior.
 57343 | Tomb:1   | Killed a royal mummy
 57483 | Tomb:1   | 57483 ||| Stepping randomly (cloudy).
 57484 | Tomb:1   | 57484 ||| Stepping ~*~*~tactically~*~*~ (cloud).
 57516 | Tomb:1   | 57516 ||| INVOKING Cleansing Flame.
 57636 | Tomb:2   | 57636 ||| DRINKING 8 potions of haste.
 57637 | Tomb:2   | 57637 ||| DRINKING 12 potions of attraction.
 57642 | Tomb:2   | 57642 ||| INVOKING Cleansing Flame.
 57642 | Tomb:2   | Noticed a royal mummy
 57642 | Tomb:2   | Noticed a royal mummy
 57643 | Tomb:2   | 57643 ||| INVOKING Summon Divine Warrior.
 57643 | Tomb:2   | Noticed a royal mummy
 57643 | Tomb:2   | Noticed a royal mummy
 57646 | Tomb:2   | 57646 ||| INVOKING Cleansing Flame.
 57650 | Tomb:2   | Killed a royal mummy
 57651 | Tomb:2   | Reached skill level 18 in Invocations
 57651 | Tomb:2   | 57651 ||| INVOKING Cleansing Flame.
 57652 | Tomb:2   | Killed a royal mummy
 57652 | Tomb:2   | Killed a royal mummy
 57652 | Tomb:2   | Killed a royal mummy
 57653 | Tomb:2   | 57653 ||| INVOKING Cleansing Flame.
 57690 | Tomb:2   | 57690 ||| INVOKING Cleansing Flame.
 58129 | Tomb:2   | 58129 ||| INVOKING Summon Divine Warrior.
 58270 | Tomb:1   | Noticed a royal mummy
 58271 | Tomb:1   | 58271 ||| Stepping ~*~*~tactically~*~*~ (stealth).
 58272 | Tomb:1   | Noticed a royal mummy
 58273 | Tomb:1   | 58273 ||| Stepping ~*~*~tactically~*~*~ (hiding).
 58273 | Tomb:1   | Noticed a royal mummy
 58274 | Tomb:1   | 58274 ||| Stepping ~*~*~tactically~*~*~ (stealth).
 58275 | Tomb:1   | 58275 ||| INVOKING Summon Divine Warrior.
 58279 | Tomb:1   | Noticed a royal mummy
 58280 | Tomb:1   | Noticed a royal mummy
 58283 | Tomb:1   | Killed a royal mummy
 58283 | Tomb:1   | Noticed a royal mummy
 58283 | Tomb:1   | Noticed a royal mummy
 58284 | Tomb:1   | 58284 ||| INVOKING Cleansing Flame.
 58285 | Tomb:1   | 58285 ||| INVOKING Cleansing Flame.
 58287 | Tomb:1   | 58287 ||| INVOKING Cleansing Flame.
 58288 | Tomb:1   | 58288 ||| INVOKING Cleansing Flame.
 58289 | Tomb:1   | 58289 ||| INVOKING Cleansing Flame.
 58290 | Tomb:1   | 58290 ||| INVOKING Cleansing Flame.
 58290 | Tomb:1   | Killed a royal mummy
 58293 | Tomb:1   | Killed a royal mummy
 58294 | Tomb:1   | Reached XP level 27. HP: 62/193 MP: 11/36
 58294 | Tomb:1   | 58294 ||| INVOKING Cleansing Flame.
 58295 | Tomb:1   | 58295 ||| DRINKING 5 potions of magic.
 58296 | Tomb:1   | 58296 ||| INVOKING Cleansing Flame.
 58297 | Tomb:1   | 58297 ||| INVOKING Cleansing Flame.
 58298 | Tomb:1   | 58298 ||| INVOKING Summon Divine Warrior.
 58298 | Tomb:1   | HP: 48/193 [??? (9)]
 58299 | Tomb:1   | 58299 ||| READING 8 scrolls of teleportation.
 58301 | Tomb:1   | 58301 ||| DRINKING 9 potions of heal wounds.
 58302 | Tomb:1   | Killed a royal mummy
 58754 | Tomb:2   | 58754 ||| Stepping ~*~*~tactically~*~*~ (cloud).
 58758 | Tomb:2   | 58758 ||| Stepping ~*~*~tactically~*~*~ (cloud).
 58761 | Tomb:2   | 58761 ||| Stepping ~*~*~tactically~*~*~ (cloud).
 58767 | Tomb:2   | Was forgiven by Okawaru
 58780 | Tomb:2   | 58780 ||| INVOKING Summon Divine Warrior.
 58931 | Tomb:1   | 58931 ||| INVOKING Summon Divine Warrior.
 58932 | Tomb:1   | Noticed a royal mummy
 58934 | Tomb:1   | 58934 ||| INVOKING Cleansing Flame.
 58935 | Tomb:1   | 58935 ||| INVOKING Cleansing Flame.
 58936 | Tomb:1   | 58936 ||| INVOKING Cleansing Flame.
 58936 | Tomb:1   | Killed a royal mummy
 58938 | Tomb:1   | 58938 ||| INVOKING Cleansing Flame.
 58939 | Tomb:1   | 58939 ||| INVOKING Cleansing Flame.
 58940 | Tomb:1   | 58940 ||| INVOKING Cleansing Flame.
 58940 | Tomb:1   | Killed a royal mummy
 58942 | Tomb:1   | 58942 ||| DRINKING 4 potions of magic.
 58943 | Tomb:1   | 58943 ||| INVOKING Summon Divine Warrior.
 58948 | Tomb:1   | Noticed a royal mummy
 58950 | Tomb:1   | Killed a royal mummy
 58964 | Tomb:1   | 58964 ||| INVOKING Cleansing Flame.
 58965 | Tomb:1   | 58965 ||| INVOKING Cleansing Flame.
 58966 | Tomb:1   | 58966 ||| INVOKING Cleansing Flame.
 58969 | Tomb:1   | Killed a royal mummy
 58978 | Tomb:1   | Noticed a royal mummy
 58980 | Tomb:1   | 58980 ||| INVOKING Summon Divine Warrior.
 58985 | Tomb:1   | Killed a royal mummy
 58988 | Tomb:1   | Killed a royal mummy
 59088 | Tomb:1   | Noticed a royal mummy
 59092 | Tomb:1   | 59092 ||| INVOKING Cleansing Flame.
 59092 | Tomb:1   | Noticed a royal mummy
 59093 | Tomb:1   | 59093 ||| INVOKING Cleansing Flame.
 59094 | Tomb:1   | 59094 ||| INVOKING Cleansing Flame.
 59094 | Tomb:1   | Killed a royal mummy
 59095 | Tomb:1   | 59095 ||| INVOKING Cleansing Flame.
 59096 | Tomb:1   | 59096 ||| INVOKING Cleansing Flame.
 59096 | Tomb:1   | Killed a royal mummy
 59099 | Tomb:1   | Noticed a royal mummy
 59100 | Tomb:1   | 59100 ||| INVOKING Cleansing Flame.
 59101 | Tomb:1   | 59101 ||| INVOKING Cleansing Flame.
 59102 | Tomb:1   | Killed a royal mummy
 59103 | Tomb:1   | Noticed a royal mummy
 59105 | Tomb:1   | 59105 ||| INVOKING Cleansing Flame.
 59108 | Tomb:1   | Killed a royal mummy
 59118 | Tomb:1   | Noticed a royal mummy
 59121 | Tomb:1   | 59121 ||| INVOKING Cleansing Flame.
 59122 | Tomb:1   | 59122 ||| INVOKING Cleansing Flame.
 59124 | Tomb:1   | Killed a royal mummy
 59127 | Tomb:1   | Noticed a royal mummy
 59128 | Tomb:1   | Noticed a royal mummy
 59129 | Tomb:1   | Noticed a royal mummy
 59131 | Tomb:1   | Noticed a royal mummy
 59133 | Tomb:1   | Killed a royal mummy
 59139 | Tomb:1   | Killed a royal mummy
 59140 | Tomb:1   | Reached skill level 21 in Invocations
 59149 | Tomb:1   | Killed a royal mummy
 59153 | Tomb:1   | Noticed a royal mummy
 59157 | Tomb:1   | 59157 ||| INVOKING Cleansing Flame.
 59159 | Tomb:1   | Killed a royal mummy
 59160 | Tomb:1   | 59160 ||| INVOKING Cleansing Flame.
 59164 | Tomb:1   | Killed a royal mummy
 59310 | Tomb:1   | Noticed a royal mummy
 59317 | Tomb:1   | 59317 ||| INVOKING Cleansing Flame.
 59321 | Tomb:1   | Killed a royal mummy
 59622 | Tomb:2   | 59622 ||| INVOKING Cleansing Flame.
 59628 | Tomb:2   | 59628 ||| Stepping ~*~*~tactically~*~*~ (hiding).
 59631 | Tomb:2   | 59631 ||| Stepping ~*~*~tactically~*~*~ (hiding).
 59634 | Tomb:2   | 59634 ||| INVOKING Cleansing Flame.
 59635 | Tomb:2   | 59635 ||| INVOKING Cleansing Flame.
 59641 | Tomb:2   | 59641 ||| Stepping ~*~*~tactically~*~*~ (hiding).
 59661 | Tomb:2   | 59661 ||| Stepping ~*~*~tactically~*~*~ (hiding).
 59664 | Tomb:2   | 59664 ||| Stepping ~*~*~tactically~*~*~ (hiding).
 59681 | Tomb:2   | Gained mutation: Your body sometimes deteriorates upon
                  | taking damage. [mutagenic glow]
 59896 | Tomb:3   | Entered Level 3 of the Tomb of the Ancients
 59897 | Tomb:3   | 59897 ||| DRINKING 7 potions of haste.
 59898 | Tomb:3   | 59898 ||| DRINKING 11 potions of attraction.
 59910 | Tomb:3   | 59910 ||| INVOKING Cleansing Flame.
 59918 | Tomb:3   | 59918 ||| INVOKING Cleansing Flame.
 59920 | Tomb:3   | 59920 ||| INVOKING Summon Divine Warrior.
 59921 | Tomb:3   | Noticed a royal mummy
 59921 | Tomb:3   | Noticed a royal mummy
 59922 | Tomb:3   | Noticed a royal mummy
 59923 | Tomb:3   | 59923 ||| INVOKING Cleansing Flame.
 59925 | Tomb:3   | 59925 ||| INVOKING Cleansing Flame.
 59925 | Tomb:3   | Noticed a royal mummy
 59926 | Tomb:3   | 59926 ||| INVOKING Cleansing Flame.
 59926 | Tomb:3   | Noticed a royal mummy
 59927 | Tomb:3   | 59927 ||| INVOKING Cleansing Flame.
 59927 | Tomb:3   | Noticed a royal mummy
 59928 | Tomb:3   | 59928 ||| INVOKING Cleansing Flame.
 59929 | Tomb:3   | 59929 ||| INVOKING Cleansing Flame.
 59930 | Tomb:3   | 59930 ||| INVOKING Cleansing Flame.
 59931 | Tomb:3   | 59931 ||| INVOKING Cleansing Flame.
 59931 | Tomb:3   | Noticed a royal mummy
 59932 | Tomb:3   | 59932 ||| INVOKING Cleansing Flame.
 59932 | Tomb:3   | Killed a royal mummy
 59933 | Tomb:3   | 59933 ||| INVOKING Cleansing Flame.
 59933 | Tomb:3   | Noticed a royal mummy
 59934 | Tomb:3   | 59934 ||| INVOKING Cleansing Flame.
 59934 | Tomb:3   | Killed a royal mummy
 59935 | Tomb:3   | 59935 ||| INVOKING Cleansing Flame.
 59935 | Tomb:3   | Killed a royal mummy
 59936 | Tomb:3   | 59936 ||| INVOKING Cleansing Flame.
 59937 | Tomb:3   | 59937 ||| INVOKING Cleansing Flame.
 59937 | Tomb:3   | Noticed Khufu
 59938 | Tomb:3   | 59938 ||| INVOKING Cleansing Flame.
 59938 | Tomb:3   | Killed a royal mummy
 59939 | Tomb:3   | 59939 ||| INVOKING Cleansing Flame.
 59939 | Tomb:3   | Killed a royal mummy
 59941 | Tomb:3   | 59941 ||| INVOKING Cleansing Flame.
 59944 | Tomb:3   | 59944 ||| INVOKING Cleansing Flame.
 59946 | Tomb:3   | Killed a royal mummy
 59946 | Tomb:3   | HP: 33/193 [something (17)]
 59947 | Tomb:3   | 59947 ||| READING 7 scrolls of teleportation.
 59947 | Tomb:3   | HP: 6/193 [mummy priest/divine providence (16)]
 59948 | Tomb:3   | 59948 ||| DRINKING 8 potions of heal wounds.
 60033 | Tomb:3   | 60033 ||| INVOKING Summon Divine Warrior.
 60039 | Tomb:3   | 60039 ||| INVOKING Cleansing Flame.
 60040 | Tomb:3   | 60040 ||| INVOKING Cleansing Flame.
 60040 | Tomb:3   | Killed a royal mummy
 60050 | Tomb:3   | 60050 ||| INVOKING Cleansing Flame.
 60051 | Tomb:3   | 60051 ||| INVOKING Cleansing Flame.
 60051 | Tomb:3   | Killed a royal mummy
 60054 | Tomb:3   | Identified the +2 short sword of the Usurping Gods {vorpal,
                  | rN++}
 60142 | Tomb:3   | 60142 ||| INVOKING Cleansing Flame.
 60143 | Tomb:3   | 60143 ||| INVOKING Cleansing Flame.
 60144 | Tomb:3   | 60144 ||| INVOKING Cleansing Flame.
 60144 | Tomb:3   | Killed Khufu
 60198 | Tomb:3   | Found the +5 scythe "Finisher" {speed, eviscerate}
 60231 | Tomb:3   | Found the +0 pair of fencer's gloves {Riposte Dex+3}
 60249 | Tomb:3   | Identified the +4 falchion "Xyixyel" {vorpal, rN+}
 60272 | Tomb:3   | Identified the +7 dagger of Amorality {venom, rElec Int+4}
 60297 | Tomb:3   | Identified the ring of the Teaching Scavenger {rPois rF+
                  | MP-9 Str+4}
 60301 | Tomb:3   | Identified the +6 scimitar "Concordance" {flame, +Blink
                  | rPois Int+4 Dex+2}
 60306 | Tomb:3   | Identified the +2 war axe "Motzakumn" {vorpal, rElec rPois
                  | SInv}
 60340 | Tomb:3   | Got a golden rune of Zot
 60577 | Tomb:3   | 60577 ||| PLANNING PAN
 60577 | Tomb:3   | 60577 ||| UPGRADING to ring of the Teaching Scavenger
                  | {rPois rF+ MP-9 Str+4}.
 60579 | Tomb:3   | 60579 ||| DROPPING ring of fire.
 61062 | Pan      | Entered Pandemonium
 61122 | Pan      | Reached skill level 24 in Invocations
 61194 | Pan      | 61194 ||| INVOKING Cleansing Flame.
 61218 | Pan      | 61218 ||| INVOKING Cleansing Flame.
 61336 | Pan      | Noticed Welib the pandemonium lord
 61337 | Pan      | 61337 ||| INVOKING Summon Divine Warrior.
 61339 | Pan      | 61339 ||| INVOKING Cleansing Flame.
 61355 | Pan      | Killed Welib the pandemonium lord
 61363 | Pan      | 61363 ||| INVOKING Cleansing Flame.
 61676 | Pan      | 61676 ||| DROPPING scarf of repulsion.
 61677 | Pan      | 61677 ||| UPGRADING to +2 tower shield of protection.
 61687 | Pan      | 61687 ||| DROPPING +0 tower shield of protection.
 61714 | Pan      | Found a transporter.
 61747 | Pan      | Found an exit through the horrors of the Abyss.
 61817 | Pan      | 61817 ||| Stepping ~*~*~tactically~*~*~ (stealth).
 61818 | Pan      | 61818 ||| Stepping ~*~*~tactically~*~*~ (stealth).
 61873 | Pan      | 61873 ||| Stepping ~*~*~tactically~*~*~ (stealth).
 61875 | Pan      | 61875 ||| Stepping ~*~*~tactically~*~*~ (hiding).
 62015 | Pan      | Found a transporter.
 62256 | Pan      | 62256 ||| Stepping ~*~*~tactically~*~*~ (stealth).
 62257 | Pan      | 62257 ||| Stepping ~*~*~tactically~*~*~ (stealth).
 62314 | Pan      | 62314 ||| Stepping ~*~*~tactically~*~*~ (hiding).
 62315 | Pan      | 62315 ||| Stepping ~*~*~tactically~*~*~ (hiding).
 62317 | Pan      | 62317 ||| INVOKING Cleansing Flame.
 62413 | Pan      | 62413 ||| Stepping ~*~*~tactically~*~*~ (stealth).
 62485 | Pan      | 62485 ||| INVOKING Summon Divine Warrior.
 62489 | Pan      | 62489 ||| INVOKING Cleansing Flame.
 62490 | Pan      | 62490 ||| INVOKING Cleansing Flame.
 62491 | Pan      | 62491 ||| INVOKING Cleansing Flame.
 62639 | Pan      | 62639 ||| DRINKING 3 potions of resistance.
 62755 | Pan      | Noticed Toviemen the pandemonium lord
 62757 | Pan      | 62757 ||| INVOKING Cleansing Flame.
 62761 | Pan      | Killed Toviemen the pandemonium lord
 62876 | Pan      | Got a demonic rune of Zot
 62881 | Pan      | Entered the realm of Cerebov.
 62917 | Pan      | 62917 ||| Stepping ~*~*~tactically~*~*~ (hiding).
 62918 | Pan      | 62918 ||| Stepping ~*~*~tactically~*~*~ (hiding).
 62923 | Pan      | 62923 ||| Stepping ~*~*~tactically~*~*~ (hiding).
 62929 | Pan      | 62929 ||| Stepping ~*~*~tactically~*~*~ (hiding).
 62936 | Pan      | Found the +6 sword of Cerebov {flame}
 62936 | Pan      | Noticed Cerebov
 62937 | Pan      | 62937 ||| DRINKING 7 potions of haste.
 62938 | Pan      | 62938 ||| DRINKING 2 potions of resistance.
 62939 | Pan      | 62939 ||| INVOKING Summon Divine Warrior.
 62940 | Pan      | 62940 ||| DRINKING 10 potions of might.
 62944 | Pan      | 62944 ||| INVOKING Cleansing Flame.
 62945 | Pan      | 62945 ||| INVOKING Cleansing Flame.
 62946 | Pan      | 62946 ||| INVOKING Cleansing Flame.
 62964 | Pan      | Killed Cerebov
 63060 | Pan      | 63060 ||| Stepping ~*~*~tactically~*~*~ (hiding).
 63223 | Pan      | 63223 ||| Stepping ~*~*~tactically~*~*~ (hiding).
 63224 | Pan      | 63224 ||| Stepping ~*~*~tactically~*~*~ (hiding).
 63406 | Pan      | 63406 ||| INVOKING Summon Divine Warrior.
 63441 | Pan      | Found an exit through the horrors of the Abyss.
 63599 | Pan      | Identified the +2 leather armour of Baldness {rF+}
 63605 | Pan      | Identified the amulet "Eggoank" {Faith +Blink +Inv Regen+
                  | Dex+5}
 63607 | Pan      | Identified the +7 hand axe of Fate {venom, Fragile rF+ rN++
                  | rCorr}
 63645 | Pan      | Identified the +0 cloak of the Valley of Death {Drain +Inv
                  | Will+ Str+3}
 63649 | Pan      | Identified the ring of Conformity {rF+ AC+4}
 63678 | Pan      | Identified the +5 glaive "Usodus" {vorpal, Int+4}
 63783 | Pan      | Got a fiery rune of Zot
 63816 | Pan      | Entered the realm of Gloorx Vloq.
 63825 | Pan      | Noticed Gloorx Vloq
 63826 | Pan      | 63826 ||| INVOKING Summon Divine Warrior.
 63826 | Pan      | Identified the -1 tower shield of Zadeamn {rF+}
 63839 | Pan      | Killed Gloorx Vloq
 63890 | Pan      | Got a dark rune of Zot
 64081 | Pan      | Reached skill level 27 in Invocations
 64218 | Pan      | 64218 ||| Stepping ~*~*~tactically~*~*~ (hiding).
 64219 | Pan      | 64219 ||| Stepping ~*~*~tactically~*~*~ (hiding).
 64242 | Pan      | 64242 ||| Stepping ~*~*~tactically~*~*~ (hiding).
 64272 | Pan      | 64272 ||| Stepping ~*~*~tactically~*~*~ (hiding).
 64284 | Pan      | 64284 ||| DROPPING scarf of harm.
 64285 | Pan      | 64285 ||| UPGRADING to amulet "Eggoank" {Faith +Blink +Inv
                  | Regen+ Dex+5}.
 64397 | Pan      | 64397 ||| Stepping ~*~*~tactically~*~*~ (stealth).
 64399 | Pan      | 64399 ||| Stepping ~*~*~tactically~*~*~ (hiding).
 64422 | Depths:2 | Escaped Pandemonium
 64423 | Depths:2 | 64423 ||| UPGRADING to amulet "Eggoank" {Faith +Blink +Inv
                  | Regen+ Dex+5}.
 64433 | Depths:2 | 64433 ||| DROPPING amulet of regeneration.
 64434 | Depths:2 | 64434 ||| DROPPING ring "Syblyoph" {+Blink rPois rF+ rN+}.
 64435 | Depths:2 | 64435 ||| UPGRADING to ring of Conformity {rF+ AC+4}.
 64437 | Depths:2 | 64437 ||| DROPPING +4 ring of protection.
 64438 | Depths:2 | 64438 ||| DROPPING ring of willpower.
 64440 | Pan      | Entered Pandemonium
 64443 | Pan      | 64443 ||| Stepping ~*~*~tactically~*~*~ (stealth).
 64445 | Pan      | 64445 ||| Stepping ~*~*~tactically~*~*~ (stealth).
 64458 | Pan      | 64458 ||| Stepping ~*~*~tactically~*~*~ (stealth).
 64459 | Pan      | 64459 ||| INVOKING Summon Divine Warrior.
 64467 | Pan      | Reached skill level 9 in Dodging
 64598 | Pan      | 64598 ||| INVOKING Cleansing Flame.
 64600 | Pan      | Noticed Fatuimab the pandemonium lord
 64612 | Pan      | 64612 ||| INVOKING Cleansing Flame.
 64612 | Pan      | Killed Fatuimab the pandemonium lord
 64613 | Pan      | 64613 ||| INVOKING Cleansing Flame.
 64616 | Pan      | 64616 ||| INVOKING Cleansing Flame.
 64621 | Pan      | 64621 ||| INVOKING Cleansing Flame.
 64622 | Pan      | 64622 ||| INVOKING Cleansing Flame.
 64626 | Pan      | 64626 ||| INVOKING Cleansing Flame.
 64633 | Pan      | Gained mutation: You occasionally shout uncontrollably at
                  | your foes. [a cacodemon]
 65075 | Pan      | Found an exit through the horrors of the Abyss.
 65142 | Pan      | 65142 ||| Stepping ~*~*~tactically~*~*~ (stealth).
 65200 | Pan      | Entered the realm of Lom Lobon.
 65249 | Pan      | 65249 ||| Stepping ~*~*~tactically~*~*~ (hiding).
 65250 | Pan      | 65250 ||| Stepping ~*~*~tactically~*~*~ (hiding).
 65323 | Pan      | 65323 ||| Stepping ~*~*~tactically~*~*~ (stealth).
 65324 | Pan      | 65324 ||| Stepping ~*~*~tactically~*~*~ (stealth).
 65325 | Pan      | 65325 ||| Stepping ~*~*~tactically~*~*~ (stealth).
 65338 | Pan      | 65338 ||| Stepping ~*~*~tactically~*~*~ (hiding).
 65371 | Pan      | 65371 ||| Stepping randomly (cloudy).
 65372 | Pan      | 65372 ||| Stepping randomly (cloudy).
 65427 | Pan      | 65427 ||| Stepping ~*~*~tactically~*~*~ (stealth).
 65432 | Pan      | Found an exit through the horrors of the Abyss.
 65626 | Pan      | 65626 ||| Stepping ~*~*~tactically~*~*~ (stealth).
 65628 | Pan      | 65628 ||| Stepping ~*~*~tactically~*~*~ (stealth).
 65872 | Pan      | 65872 ||| Stepping ~*~*~tactically~*~*~ (stealth).
 65950 | Pan      | 65950 ||| Stepping ~*~*~tactically~*~*~ (stealth).
 65952 | Pan      | 65952 ||| Stepping ~*~*~tactically~*~*~ (hiding).
 66091 | Pan      | 66091 ||| Stepping ~*~*~tactically~*~*~ (hiding).
 66093 | Pan      | 66093 ||| Stepping ~*~*~tactically~*~*~ (hiding).
 66096 | Pan      | 66096 ||| Stepping ~*~*~tactically~*~*~ (hiding).
 66098 | Pan      | 66098 ||| Stepping ~*~*~tactically~*~*~ (hiding).
 66123 | Pan      | 66123 ||| Stepping ~*~*~tactically~*~*~ (hiding).
 66124 | Pan      | 66124 ||| Stepping ~*~*~tactically~*~*~ (hiding).
 66133 | Pan      | 66133 ||| Stepping ~*~*~tactically~*~*~ (cloud).
 66179 | Pan      | 66179 ||| Stepping ~*~*~tactically~*~*~ (hiding).
 66180 | Pan      | 66180 ||| Stepping ~*~*~tactically~*~*~ (hiding).
 66183 | Pan      | 66183 ||| Stepping ~*~*~tactically~*~*~ (hiding).
 66225 | Pan      | 66225 ||| Stepping ~*~*~tactically~*~*~ (stealth).
 66226 | Pan      | 66226 ||| Stepping ~*~*~tactically~*~*~ (stealth).
 66228 | Pan      | 66228 ||| Stepping randomly (cloudy).
 66229 | Pan      | 66229 ||| Stepping randomly (cloudy).
 66231 | Pan      | 66231 ||| Stepping ~*~*~tactically~*~*~ (cloud).
 66232 | Pan      | 66232 ||| READING 7 scrolls of teleportation.
 66382 | Pan      | 66382 ||| Stepping ~*~*~tactically~*~*~ (stealth).
 66383 | Pan      | 66383 ||| Stepping ~*~*~tactically~*~*~ (stealth).
 66384 | Pan      | 66384 ||| Stepping ~*~*~tactically~*~*~ (stealth).
 66439 | Pan      | 66439 ||| Stepping ~*~*~tactically~*~*~ (stealth).
 66463 | Pan      | Noticed Lom Lobon
 66464 | Pan      | 66464 ||| DRINKING 6 potions of haste.
 66465 | Pan      | 66465 ||| INVOKING Summon Divine Warrior.
 66466 | Pan      | 66466 ||| DRINKING 9 potions of might.
 66469 | Pan      | 66469 ||| Stepping randomly (cloudy).
 66470 | Pan      | 66470 ||| READING 6 scrolls of teleportation.
 66471 | Pan      | 66471 ||| Stepping ~*~*~tactically~*~*~ (cloud).
 66562 | Pan      | 66562 ||| DRINKING 5 potions of haste.
 66563 | Pan      | 66563 ||| Stepping ~*~*~tactically~*~*~ (cloud).
 66564 | Pan      | 66564 ||| INVOKING Summon Divine Warrior.
 66565 | Pan      | 66565 ||| DRINKING 8 potions of might.
 66566 | Pan      | 66566 ||| INVOKING Cleansing Flame.
 66570 | Pan      | 66570 ||| INVOKING Summon Divine Warrior.
 66578 | Pan      | Killed Lom Lobon
 66737 | Pan      | Got a magical rune of Zot
 66876 | Pan      | Found an exit through the horrors of the Abyss.
 66900 | Pan      | 66900 ||| DRINKING potion of resistance.
 66901 | Pan      | 66901 ||| INVOKING Summon Divine Warrior.
 66941 | Pan      | 66941 ||| INVOKING Cleansing Flame.
 67141 | Pan      | Found a runed translucent door.
 67155 | Pan      | Found a runed translucent door.
 67157 | Pan      | Noticed Osaxurph the pandemonium lord
 67184 | Pan      | Found a runed translucent door.
 67184 | Pan      | Found a runed translucent door.
 67248 | Pan      | 67248 ||| READING 6 scrolls of teleportation.
 67307 | Pan      | 67307 ||| READING 5 scrolls of teleportation.
 67373 | Pan      | 67373 ||| INVOKING Cleansing Flame.
 67488 | Pan      | 67488 ||| Stepping ~*~*~tactically~*~*~ (hiding).
 67490 | Pan      | 67490 ||| Stepping ~*~*~tactically~*~*~ (hiding).
 67492 | Pan      | 67492 ||| INVOKING Cleansing Flame.
 67559 | Pan      | 67559 ||| READING 4 scrolls of teleportation.
 67630 | Pan      | 67630 ||| Stepping ~*~*~tactically~*~*~ (stealth).
 67674 | Pan      | 67674 ||| INVOKING Summon Divine Warrior.
 67677 | Pan      | 67677 ||| INVOKING Cleansing Flame.
 67746 | Pan      | Entered the realm of Mnoleg.
 67746 | Pan      | Noticed Mnoleg
 67748 | Pan      | 67748 ||| INVOKING Summon Divine Warrior.
 67750 | Pan      | Paralysed by a floating eye for 2 turns
 67756 | Pan      | Gained mutation: You are clumsy. (Dex -2) [a shining eye]
 67758 | Pan      | 67758 ||| INVOKING Cleansing Flame.
 67765 | Pan      | 67765 ||| INVOKING Summon Divine Warrior.
 67768 | Pan      | Gained mutation: You are frail. (-10% HP) [a cacodemon]
 67777 | Pan      | Killed Mnoleg
 67790 | Pan      | 67790 ||| Stepping ~*~*~tactically~*~*~ (cloud).
 67791 | Pan      | 67791 ||| DRINKING 4 potions of mutation.
 67791 | Pan      | Lost mutation: You are strong-willed. (Will+) [potion of
                  | mutation]
 67791 | Pan      | Lost mutation: You are frail. (-10% HP) [potion of
                  | mutation]
 67791 | Pan      | Lost mutation: You occasionally shout uncontrollably at
                  | your foes. [potion of mutation]
 67791 | Pan      | Gained mutation: You are weak. (Str -2) [potion of
                  | mutation]
 67791 | Pan      | Gained mutation: Your mind is acute. (Int +4, Str/Dex -1)
                  | [potion of mutation]
 67828 | Pan      | Got a glowing rune of Zot
 67880 | Pan      | Identified the ring "Keakher" {rF- rN+ rCorr Str+6 Dex+2}
 67927 | Pan      | Gained mutation: You occasionally lose the ability to read
                  | scrolls when taking damage. [a neqoxec]
 67938 | Pan      | Reached skill level 24 in Armour
 67938 | Pan      | 67938 ||| DRINKING 3 potions of mutation.
 67938 | Pan      | Lost mutation: You are weak. (Str -2) [potion of mutation]
 67938 | Pan      | Lost mutation: Your body sometimes deteriorates upon taking
                  | damage. [potion of mutation]
 67938 | Pan      | Gained mutation: You have hidden genetic defects. [potion
                  | of mutation]
 67939 | Pan      | 67939 ||| DRINKING 2 potions of mutation.
 67939 | Pan      | Lost mutation: You are clumsy. (Dex -2) [potion of
                  | mutation]
 67939 | Pan      | Lost mutation: You have hidden genetic defects. [potion of
                  | mutation]
 67939 | Pan      | Lost mutation: You occasionally lose the ability to read
                  | scrolls when taking damage. [potion of mutation]
 67939 | Pan      | Lost mutation: Your mind is acute. (Int +4, Str/Dex -1)
                  | [potion of mutation]
 67939 | Pan      | Gained mutation: Your body sometimes deteriorates upon
                  | taking damage. [potion of mutation]
 67939 | Pan      | Gained mutation: Your spells are a little harder to cast,
                  | but a little more powerful. [potion of mutation]
 67980 | Pan      | Identified the +11 dagger "Ychiutez" {vamp, rF+}
 68189 | Pan      | Gained mutation: You are strong-willed. (Will+) [a
                  | cacodemon]
 68224 | Pan      | Gained mutation: You occasionally lose the ability to read
                  | scrolls when taking damage. [a neqoxec]
 68228 | Pan      | 68228 ||| DRINKING potion of mutation.
 68228 | Pan      | Lost mutation: You are partially covered in iridescent
                  | scales. (AC +2) [potion of mutation]
 68228 | Pan      | Lost mutation: You occasionally lose the ability to read
                  | scrolls when taking damage. [potion of mutation]
 68228 | Pan      | Gained mutation: You are partially covered in iridescent
                  | scales. (AC +2) [potion of mutation]
 68228 | Pan      | Gained mutation: You have a pair of small antennae on your
                  | head. [potion of mutation]
 68228 | Pan      | Gained mutation: You are agile. (Dex +4, Str/Int -1)
                  | [potion of mutation]
 68357 | Pan      | Gained mutation: You occasionally lose the ability to read
                  | scrolls when taking damage. [a neqoxec]
 68481 | Pan      | Gained mutation: You sometimes lose your temper in combat.
                  | [a neqoxec]
 68482 | Pan      | Gained mutation: You sometimes lose the ability to read
                  | scrolls when taking damage. [a neqoxec]
 68492 | Pan      | Gained mutation: You occasionally shout uncontrollably at
                  | your foes. [a neqoxec]
 68690 | Pan      | 68690 ||| PLANNING SLIME:5
 68690 | Pan      | 68690 ||| DROPPING -1 helmet "Zuyca" {rC+ Dex+3}.
 68691 | Pan      | 68691 ||| UPGRADING to +0 cloak of the Valley of Death
                  | {Drain +Inv Will+ Str+3}.
 68701 | Pan      | 68701 ||| UPGRADING to +2 cloak.
 68711 | Pan      | 68711 ||| UPGRADING to ring "Keakher" {rF- rN+ rCorr Str+6
                  | Dex+2}.
 68739 | Pan      | 68739 ||| Stepping ~*~*~tactically~*~*~ (hiding).
 68740 | Pan      | 68740 ||| Stepping ~*~*~tactically~*~*~ (hiding).
 68743 | Pan      | 68743 ||| INVOKING Cleansing Flame.
 68744 | Pan      | 68744 ||| INVOKING Cleansing Flame.
 68746 | Pan      | 68746 ||| INVOKING Summon Divine Warrior.
 68749 | Pan      | 68749 ||| INVOKING Cleansing Flame.
 68765 | Pan      | 68765 ||| INVOKING Cleansing Flame.
 68766 | Pan      | 68766 ||| INVOKING Summon Divine Warrior.
 68846 | Pan      | Reached skill level 12 in Dodging
 68861 | Pan      | 68861 ||| Stepping ~*~*~tactically~*~*~ (hiding).
 68867 | Pan      | 68867 ||| Stepping ~*~*~tactically~*~*~ (hiding).
 68871 | Pan      | 68871 ||| Stepping ~*~*~tactically~*~*~ (hiding).
 68872 | Pan      | 68872 ||| Stepping ~*~*~tactically~*~*~ (hiding).
 68895 | Pan      | 68895 ||| INVOKING Summon Divine Warrior.
 68905 | Pan      | Noticed Exagihotys the pandemonium lord
 68910 | Pan      | 68910 ||| INVOKING Cleansing Flame.
 68913 | Pan      | Killed Exagihotys the pandemonium lord
 68923 | Pan      | 68923 ||| INVOKING Cleansing Flame.
 68924 | Pan      | 68924 ||| INVOKING Cleansing Flame.
 68967 | Pan      | 68967 ||| INVOKING Cleansing Flame.
 68968 | Pan      | 68968 ||| INVOKING Cleansing Flame.
 68969 | Pan      | 68969 ||| INVOKING Cleansing Flame.
 69060 | Pan      | Found an exit through the horrors of the Abyss.
 69316 | Pan      | 69316 ||| INVOKING Summon Divine Warrior.
 69319 | Pan      | 69319 ||| INVOKING Cleansing Flame.
 69320 | Pan      | 69320 ||| INVOKING Cleansing Flame.
 69365 | Pan      | 69365 ||| INVOKING Summon Divine Warrior.
 69366 | Pan      | 69366 ||| INVOKING Cleansing Flame.
 69367 | Pan      | 69367 ||| INVOKING Cleansing Flame.
 69511 | Pan      | 69511 ||| INVOKING Cleansing Flame.
 69629 | Pan      | 69629 ||| INVOKING Cleansing Flame.
 69632 | Pan      | 69632 ||| INVOKING Cleansing Flame.
 69633 | Pan      | 69633 ||| INVOKING Cleansing Flame.
 69634 | Pan      | 69634 ||| INVOKING Cleansing Flame.
 69714 | Pan      | 69714 ||| INVOKING Cleansing Flame.
 69715 | Pan      | 69715 ||| INVOKING Cleansing Flame.
 69716 | Pan      | 69716 ||| INVOKING Cleansing Flame.
 69995 | Pan      | 69995 ||| UPGRADING to amulet of reflection.
 70005 | Pan      | 70005 ||| DROPPING amulet of magic regeneration.
 70006 | Pan      | 70006 ||| DROPPING amulet "Eggoank" {Faith +Blink +Inv
                  | Regen+ Dex+5}.
 70042 | Pan      | 70042 ||| Stepping ~*~*~tactically~*~*~ (hiding).
 70045 | Pan      | 70045 ||| Stepping ~*~*~tactically~*~*~ (hiding).
 70047 | Pan      | 70047 ||| Stepping ~*~*~tactically~*~*~ (hiding).
 70069 | Pan      | 70069 ||| Stepping ~*~*~tactically~*~*~ (stealth).
 70073 | Pan      | 70073 ||| Stepping ~*~*~tactically~*~*~ (hiding).
 70074 | Pan      | 70074 ||| Stepping ~*~*~tactically~*~*~ (hiding).
 70138 | Pan      | 70138 ||| Stepping ~*~*~tactically~*~*~ (stealth).
 70145 | Pan      | 70145 ||| Stepping ~*~*~tactically~*~*~ (hiding).
 70289 | Pan      | 70289 ||| Stepping ~*~*~tactically~*~*~ (stealth).
 70293 | Pan      | 70293 ||| Stepping ~*~*~tactically~*~*~ (stealth).
 70332 | Pan      | 70332 ||| Stepping ~*~*~tactically~*~*~ (hiding).
 70333 | Pan      | 70333 ||| Stepping ~*~*~tactically~*~*~ (hiding).
 70457 | Pan      | 70457 ||| Stepping ~*~*~tactically~*~*~ (hiding).
 70471 | Pan      | 70471 ||| Stepping ~*~*~tactically~*~*~ (hiding).
 70486 | Pan      | 70486 ||| Stepping ~*~*~tactically~*~*~ (hiding).
 70487 | Pan      | 70487 ||| Stepping ~*~*~tactically~*~*~ (hiding).
 70535 | Pan      | 70535 ||| Stepping ~*~*~tactically~*~*~ (hiding).
 70541 | Pan      | Gained mutation: You have very sharp teeth. [a cacodemon]
 70691 | Pan      | Reached skill level 1 in Short Blades
 70766 | Pan      | 70766 ||| Stepping ~*~*~tactically~*~*~ (stealth).
 70768 | Pan      | 70768 ||| Stepping ~*~*~tactically~*~*~ (hiding).
 70779 | Pan      | 70779 ||| INVOKING Summon Divine Warrior.
 70784 | Pan      | 70784 ||| INVOKING Cleansing Flame.
 70785 | Pan      | 70785 ||| INVOKING Cleansing Flame.
 70786 | Pan      | 70786 ||| Stepping ~*~*~tactically~*~*~ (cloud).
 70849 | Pan      | 70849 ||| Stepping ~*~*~tactically~*~*~ (stealth).
 70850 | Pan      | 70850 ||| Stepping ~*~*~tactically~*~*~ (stealth).
 70852 | Pan      | 70852 ||| Stepping ~*~*~tactically~*~*~ (stealth).
 71044 | Pan      | 71044 ||| Stepping ~*~*~tactically~*~*~ (stealth).
 71046 | Pan      | 71046 ||| Stepping ~*~*~tactically~*~*~ (hiding).
 71048 | Pan      | 71048 ||| Stepping ~*~*~tactically~*~*~ (hiding).
 71049 | Pan      | 71049 ||| Stepping ~*~*~tactically~*~*~ (hiding).
 71050 | Pan      | 71050 ||| Stepping ~*~*~tactically~*~*~ (hiding).
 71054 | Pan      | Gained mutation: You are frail. (-10% HP) [a neqoxec]
 71106 | Pan      | 71106 ||| Stepping ~*~*~tactically~*~*~ (stealth).
 71107 | Pan      | 71107 ||| Stepping ~*~*~tactically~*~*~ (stealth).
 71126 | Pan      | Gained mutation: Your magical capacity is low. (-10% MP) [a
                  | neqoxec]
 71202 | Pan      | Noticed Cuzxo the pandemonium lord
 71203 | Pan      | 71203 ||| INVOKING Summon Divine Warrior.
 71206 | Pan      | 71206 ||| INVOKING Cleansing Flame.
 71209 | Pan      | Killed Cuzxo the pandemonium lord
 71349 | Pan      | Reached skill level 3 in Short Blades
 71363 | Pan      | 71363 ||| Stepping ~*~*~tactically~*~*~ (stealth).
 71364 | Pan      | 71364 ||| Stepping ~*~*~tactically~*~*~ (stealth).
 71365 | Pan      | 71365 ||| Stepping ~*~*~tactically~*~*~ (stealth).
 71390 | Pan      | 71390 ||| Stepping ~*~*~tactically~*~*~ (stealth).
 71392 | Pan      | 71392 ||| Stepping ~*~*~tactically~*~*~ (stealth).
 71393 | Pan      | 71393 ||| Stepping ~*~*~tactically~*~*~ (stealth).
 71444 | Pan      | 71444 ||| Stepping ~*~*~tactically~*~*~ (stealth).
 71538 | Pan      | Noticed Qeawn the pandemonium lord
 71539 | Pan      | 71539 ||| INVOKING Summon Divine Warrior.
 71542 | Pan      | 71542 ||| Stepping ~*~*~tactically~*~*~ (cloud).
 71543 | Pan      | 71543 ||| Stepping ~*~*~tactically~*~*~ (cloud).
 71544 | Pan      | 71544 ||| Stepping ~*~*~tactically~*~*~ (cloud).
 71544 | Pan      | HP: 41/177 [Qeawn the pandemonium lord/great blast of fire
                  | (17)]
 71545 | Pan      | 71545 ||| DRINKING 9 potions of heal wounds.
 71546 | Pan      | 71546 ||| Stepping ~*~*~tactically~*~*~ (cloud).
 71547 | Pan      | 71547 ||| INVOKING Cleansing Flame.
 71547 | Pan      | HP: 5/177 [Qeawn the pandemonium lord/great blast of fire
                  | (57)]
 71548 | Pan      | 71548 ||| DRINKING 8 potions of heal wounds.
 71549 | Pan      | 71549 ||| DRINKING 7 potions of heal wounds.
 71550 | Pan      | 71550 ||| INVOKING Summon Divine Warrior.
 71551 | Pan      | 71551 ||| INVOKING Cleansing Flame.
 71556 | Pan      | Killed Qeawn the pandemonium lord
 71847 | Pan      | 71847 ||| INVOKING Cleansing Flame.
 71925 | Pan      | Found an exit through the horrors of the Abyss.
 71988 | Pan      | Identified a scroll of acquirement
 71997 | Pan      | 71997 ||| READING scroll of acquirement.
 71997 | Pan      | 71997 ||| ACQUIRING +7 war axe of Tumult {freeze, rF++}
 71997 | Pan      | Acquired the +7 war axe of Tumult {freeze, rF++}
 72274 | Pan      | 72274 ||| INVOKING Cleansing Flame.
 72486 | Pan      | Noticed Zaecwo Estrue the pandemonium lord
 72487 | Pan      | 72487 ||| INVOKING Summon Divine Warrior.
 72493 | Pan      | Killed Zaecwo Estrue the pandemonium lord
 72494 | Pan      | Reached skill level 27 in Fighting
 72543 | Pan      | 72543 ||| INVOKING Cleansing Flame.
 72725 | Pan      | 72725 ||| Stepping ~*~*~tactically~*~*~ (hiding).
 72840 | Pan      | 72840 ||| Stepping ~*~*~tactically~*~*~ (cloud).
 72841 | Pan      | 72841 ||| Stepping ~*~*~tactically~*~*~ (cloud).
 72933 | Pan      | 72933 ||| Stepping ~*~*~tactically~*~*~ (stealth).
 72934 | Pan      | 72934 ||| Stepping ~*~*~tactically~*~*~ (stealth).
 72936 | Pan      | 72936 ||| Stepping ~*~*~tactically~*~*~ (hiding).
 73000 | Pan      | 73000 ||| Stepping ~*~*~tactically~*~*~ (stealth).
 73063 | Pan      | Gained mutation: You have hidden genetic defects. [a
                  | neqoxec]
 73284 | Pan      | 73284 ||| Stepping ~*~*~tactically~*~*~ (stealth).
 73285 | Pan      | 73285 ||| Stepping ~*~*~tactically~*~*~ (stealth).
 73337 | Pan      | 73337 ||| Stepping ~*~*~tactically~*~*~ (stealth).
 73338 | Pan      | 73338 ||| Stepping ~*~*~tactically~*~*~ (stealth).
 73364 | Pan      | 73364 ||| Stepping ~*~*~tactically~*~*~ (stealth).
 73561 | Pan      | 73561 ||| Stepping ~*~*~tactically~*~*~ (hiding).
 73565 | Pan      | 73565 ||| INVOKING Cleansing Flame.
 73583 | Pan      | Gained mutation: Armour fits poorly on your strangely
                  | shaped body. [a cacodemon]
 73587 | Pan      | 73587 ||| Stepping ~*~*~tactically~*~*~ (stealth).
 73635 | Pan      | 73635 ||| Stepping ~*~*~tactically~*~*~ (stealth).
 73651 | Pan      | 73651 ||| Stepping ~*~*~tactically~*~*~ (cloud).
 73702 | Pan      | 73702 ||| Stepping ~*~*~tactically~*~*~ (stealth).
 73704 | Pan      | 73704 ||| Stepping ~*~*~tactically~*~*~ (stealth).
 73763 | Pan      | 73763 ||| Stepping ~*~*~tactically~*~*~ (hiding).
 73764 | Pan      | Gained mutation: You occasionally lose the ability to drink
                  | potions when taking damage. [a neqoxec]
 73787 | Pan      | 73787 ||| Stepping ~*~*~tactically~*~*~ (hiding).
 73790 | Pan      | 73790 ||| Stepping ~*~*~tactically~*~*~ (hiding).
 73910 | Pan      | 73910 ||| Stepping ~*~*~tactically~*~*~ (stealth).
 73911 | Pan      | 73911 ||| Stepping ~*~*~tactically~*~*~ (stealth).
 73922 | Pan      | 73922 ||| INVOKING Cleansing Flame.
 74070 | Pan      | Found an exit through the horrors of the Abyss.
 74075 | Pan      | Found a runed translucent door.
 74083 | Pan      | Found a runed translucent door.
 74121 | Pan      | Found a runed translucent door.
 74131 | Pan      | Found a runed translucent door.
 74223 | Pan      | 74223 ||| Stepping ~*~*~tactically~*~*~ (cloud).
 74239 | Pan      | 74239 ||| Stepping ~*~*~tactically~*~*~ (stealth).
 74240 | Pan      | 74240 ||| Stepping ~*~*~tactically~*~*~ (stealth).
 74246 | Pan      | 74246 ||| INVOKING Cleansing Flame.
 74247 | Pan      | 74247 ||| INVOKING Summon Divine Warrior.
 74360 | Pan      | 74360 ||| INVOKING Cleansing Flame.
 74508 | Pan      | Noticed Rumoet the pandemonium lord
 74541 | Pan      | 74541 ||| Stepping ~*~*~tactically~*~*~ (hiding).
 74547 | Pan      | 74547 ||| Stepping ~*~*~tactically~*~*~ (hiding).
 74632 | Pan      | 74632 ||| Stepping ~*~*~tactically~*~*~ (stealth).
 74634 | Pan      | 74634 ||| Stepping ~*~*~tactically~*~*~ (hiding).
 74763 | Pan      | 74763 ||| INVOKING Summon Divine Warrior.
 74767 | Pan      | Killed Rumoet the pandemonium lord
 74768 | Pan      | 74768 ||| INVOKING Cleansing Flame.
 74769 | Pan      | 74769 ||| INVOKING Cleansing Flame.
 74776 | Pan      | 74776 ||| READING 7 scrolls of teleportation.
 74780 | Pan      | 74780 ||| Stepping ~*~*~tactically~*~*~ (stealth).
 74850 | Pan      | Gained mutation: You are weak. (Str -2) [hidden defects]
 74906 | Pan      | 74906 ||| Stepping ~*~*~tactically~*~*~ (stealth).
 74911 | Pan      | 74911 ||| INVOKING Summon Divine Warrior.
 75283 | Pan      | Found an exit through the horrors of the Abyss.
 75382 | Pan      | Noticed Well the pandemonium lord
 75386 | Pan      | 75386 ||| INVOKING Cleansing Flame.
 75395 | Pan      | Killed Well the pandemonium lord
 75603 | Pan      | 75603 ||| Stepping ~*~*~tactically~*~*~ (cloud).
 75642 | Pan      | 75642 ||| DROPPING +4 ring of slaying {mikee}.
 75694 | Depths:2 | Escaped Pandemonium
 76009 | Slime:1  | Entered Level 1 of the Pits of Slime
 76019 | Slime:1  | 76019 ||| READING 6 scrolls of teleportation.
 76020 | Slime:1  | 76020 ||| Stepping randomly (stuck).
 76021 | Slime:1  | 76021 ||| Stepping randomly (stuck).
 76022 | Slime:1  | 76022 ||| Stepping randomly (stuck).
 76023 | Slime:1  | 76023 ||| INVOKING Summon Divine Warrior.
 76032 | Slime:1  | HP: 44/179 [acid (2)]
 76034 | Slime:1  | 76034 ||| READING 5 scrolls of teleportation.
 76035 | Slime:1  | 76035 ||| DRINKING 7 potions of heal wounds.
 76036 | Slime:1  | 76036 ||| Stepping randomly (stuck).
 76044 | Slime:1  | Gained mutation: You are very weak. (Str -4) [hidden
                  | defects]
 76044 | Slime:1  | Lost mutation: You have hidden genetic defects. [hidden
                  | defects expressed]
 76100 | Slime:1  | 76100 ||| INVOKING Summon Divine Warrior.
 76405 | Slime:2  | Noticed Dissolution
 76405 | Slime:2  | You are sucked into a shaft and drop 2 floors!
 76441 | Slime:5  | Entered Level 5 of the Pits of Slime
 76447 | Slime:5  | 76447 ||| STAIRDANCE
 76453 | Slime:5  | 76453 ||| STAIRDANCE
 76805 | Slime:5  | 76805 ||| READING 4 scrolls of teleportation.
 76829 | Slime:5  | Noticed the Royal Jelly
 76830 | Slime:5  | 76830 ||| INVOKING Summon Divine Warrior.
 76851 | Slime:5  | 76851 ||| DRINKING 4 potions of cancellation.
 76852 | Slime:5  | HP: 44/179 [acid (1)]
 76853 | Slime:5  | 76853 ||| DRINKING 6 potions of heal wounds.
 76854 | Slime:5  | 76854 ||| INVOKING Summon Divine Warrior.
 76857 | Slime:5  | HP: 44/179 [acid[the Royal Jelly] (1)]
 76858 | Slime:5  | 76858 ||| DRINKING 3 potions of cancellation.
 76860 | Slime:5  | 76860 ||| DRINKING 5 potions of heal wounds.
 76866 | Slime:5  | Killed the Royal Jelly
 76870 | Slime:5  | Reached skill level 6 in Short Blades
 76871 | Slime:5  | HP: 40/179 [quicksilver ooze[the Royal Jelly] (11)]
 76872 | Slime:5  | 76872 ||| DRINKING 4 potions of heal wounds.
 76875 | Slime:5  | 76875 ||| INVOKING Summon Divine Warrior.
 77411 | Slime:5  | Identified the +3 sling "Oggoy" {flame, rN+++ rCorr Dex-2
                  | SInv}
 77432 | Slime:5  | Identified the +5 war axe of Caug {vorpal, *Corrode rC+ rN+
                  | Str+2}
 77443 | Slime:5  | Identified the +7 glaive of Skirmishing {flame, rElec rC+
                  | Dex+3}
 77472 | Slime:5  | Got a slimy rune of Zot
 77473 | Slime:5  | Identified the +1 pair of gloves "Naelool" {rPois rF+ rCorr
                  | Int+3}
 77499 | Slime:5  | 77499 ||| DRINKING potion of mutation.
 77499 | Slime:5  | Lost mutation: You are strong-willed. (Will+) [potion of
                  | mutation]
 77499 | Slime:5  | Lost mutation: You sometimes lose the ability to read
                  | scrolls when taking damage. [potion of mutation]
 77499 | Slime:5  | Lost mutation: You occasionally lose the ability to read
                  | scrolls when taking damage. [potion of mutation]
 77847 | Slime:5  | 77847 ||| PLANNING RUNE:DIS RUNE
 77847 | Slime:5  | 77847 ||| DROPPING +7 hand axe of Fate {venom, Fragile rF+
                  | rN++ rCorr}.
 77848 | Slime:5  | 77848 ||| UPGRADING to -1 cloak of Weirdness {Will++
                  | Str+2}.
 77858 | Slime:5  | 77858 ||| DROPPING +0 acid dragon scales.
 77859 | Slime:5  | 77859 ||| UPGRADING to +1 pair of gloves "Naelool" {rPois
                  | rF+ rCorr Int+3}.
 77869 | Slime:5  | 77869 ||| DROPPING +2 pair of gloves.
 77870 | Slime:5  | 77870 ||| DROPPING +1 acid dragon scales "Hozoeleas" {-Tele
                  | +Inv rCorr MP+9 Int+4}.
 77871 | Slime:5  | 77871 ||| UPGRADING to ring "Voalig" {Will+ AC+4}.
 77873 | Slime:5  | 77873 ||| UPGRADING to ring of Conformity {rF+ AC+4}.
 77875 | Slime:5  | 77875 ||| UPGRADING to ring of Cowardice {rC+ rN+ rCorr
                  | Str+5 Int-2}.
 77877 | Slime:5  | 77877 ||| UPGRADING to +2 pair of gloves of dexterity.
 77887 | Slime:5  | 77887 ||| DROPPING ring of resist corrosion.
 77947 | Slime:3  | Gained mutation: You occasionally lose the ability to read
                  | scrolls when taking damage. [a shining eye]
 77955 | Slime:3  | Gained mutation: You frequently scream uncontrollably at
                  | your foes. [a shining eye]
 77960 | Slime:3  | Gained mutation: Your magical capacity is very low. (-20%
                  | MP) [a shining eye]
 78203 | Slime:2  | 78203 ||| READING 6 scrolls of teleportation.
 78204 | Slime:2  | 78204 ||| Stepping randomly (stuck).
 78205 | Slime:2  | 78205 ||| Stepping randomly (stuck).
 78206 | Slime:2  | 78206 ||| Stepping randomly (stuck).
 78207 | Slime:2  | 78207 ||| READING 5 scrolls of teleportation.
 78208 | Slime:2  | 78208 ||| Stepping randomly (stuck).
 78209 | Slime:2  | 78209 ||| Stepping randomly (stuck).
 78210 | Slime:2  | 78210 ||| Stepping randomly (stuck).
 78211 | Slime:2  | 78211 ||| Stepping randomly (stuck).
 78549 | Slime:3  | Reached skill level 27 in Armour
 79221 | Slime:2  | Killed Dissolution
 79369 | Slime:2  | Gained mutation: Your magical capacity is extremely low.
                  | (-30% MP) [a shining eye]
 79467 | Slime:2  | 79467 ||| READING 4 scrolls of teleportation.
 79471 | Slime:2  | 79471 ||| READING 3 scrolls of teleportation.
 79472 | Slime:2  | 79472 ||| Stepping randomly (stuck).
 79473 | Slime:2  | 79473 ||| Stepping randomly (stuck).
 79536 | Slime:2  | 79536 ||| READING 2 scrolls of teleportation.
 79541 | Slime:2  | 79541 ||| READING scroll of teleportation.
 79544 | Slime:2  | 79544 ||| Stepping randomly (stuck).
 79545 | Slime:2  | 79545 ||| Stepping randomly (stuck).
 79546 | Slime:2  | 79546 ||| Stepping randomly (stuck).
 79547 | Slime:2  | 79547 ||| Stepping randomly (stuck).
 79548 | Slime:2  | 79548 ||| Stepping randomly (stuck).
 79549 | Slime:2  | 79549 ||| Stepping randomly (stuck).
 79550 | Slime:2  | 79550 ||| Stepping randomly (stuck).
 79551 | Slime:2  | 79551 ||| Stepping randomly (stuck).
 79552 | Slime:2  | 79552 ||| Stepping randomly (stuck).
 79553 | Slime:2  | 79553 ||| Stepping randomly (stuck).
 79687 | Slime:2  | 79687 ||| Stepping randomly (stuck).
 79688 | Slime:2  | 79688 ||| Stepping randomly (stuck).
 79708 | Slime:2  | 79708 ||| Stepping randomly (stuck).
 79709 | Slime:2  | 79709 ||| Stepping randomly (stuck).
 79710 | Slime:2  | 79710 ||| Stepping randomly (stuck).
 79711 | Slime:2  | 79711 ||| Stepping randomly (stuck).
 79754 | Slime:2  | 79754 ||| Stepping randomly (stuck).
 79755 | Slime:2  | 79755 ||| Stepping randomly (stuck).
 79756 | Slime:2  | 79756 ||| Stepping randomly (stuck).
 79757 | Slime:2  | 79757 ||| Stepping randomly (stuck).
 79767 | Slime:2  | 79767 ||| Stepping randomly (stuck).
 79768 | Slime:2  | 79768 ||| Stepping randomly (stuck).
 79769 | Slime:2  | 79769 ||| Stepping randomly (stuck).
 79770 | Slime:2  | 79770 ||| Stepping randomly (stuck).
 79771 | Slime:2  | 79771 ||| Stepping randomly (stuck).
 79772 | Slime:2  | 79772 ||| Stepping randomly (stuck).
 79773 | Slime:2  | 79773 ||| Stepping randomly (stuck).
 79774 | Slime:2  | 79774 ||| Stepping randomly (stuck).
 79775 | Slime:2  | 79775 ||| Stepping randomly (stuck).
 79776 | Slime:2  | 79776 ||| Stepping randomly (stuck).
 79777 | Slime:2  | 79777 ||| Stepping randomly (stuck).
 79778 | Slime:2  | 79778 ||| Stepping randomly (stuck).
 79779 | Slime:2  | 79779 ||| Stepping randomly (stuck).
 79780 | Slime:2  | 79780 ||| Stepping randomly (stuck).
 80087 | Slime:2  | 80087 ||| Stepping randomly (stuck).
 80088 | Slime:2  | 80088 ||| Stepping randomly (stuck).
 80089 | Slime:2  | 80089 ||| Stepping randomly (stuck).
 80090 | Slime:2  | 80090 ||| Stepping randomly (stuck).
 80136 | Slime:2  | 80136 ||| Stepping randomly (stuck).
 80137 | Slime:2  | 80137 ||| Stepping randomly (stuck).
 80146 | Slime:2  | 80146 ||| Stepping randomly (stuck).
 80147 | Slime:2  | 80147 ||| Stepping randomly (stuck).
 80148 | Slime:2  | 80148 ||| Stepping randomly (stuck).
 80180 | Slime:2  | 80180 ||| Stepping randomly (stuck).
 80181 | Slime:2  | 80181 ||| Stepping randomly (stuck).
 80187 | Slime:2  | 80187 ||| Stepping randomly (stuck).
 80188 | Slime:2  | 80188 ||| Stepping randomly (stuck).
 80189 | Slime:2  | 80189 ||| Stepping randomly (stuck).
 80190 | Slime:2  | 80190 ||| Stepping randomly (stuck).
 80191 | Slime:2  | 80191 ||| Stepping randomly (stuck).
 80192 | Slime:2  | 80192 ||| Stepping randomly (stuck).
 80193 | Slime:2  | 80193 ||| Stepping randomly (stuck).
 80194 | Slime:2  | 80194 ||| Stepping randomly (stuck).
 80195 | Slime:2  | 80195 ||| Stepping randomly (stuck).
 80196 | Slime:2  | 80196 ||| Stepping randomly (stuck).
 80197 | Slime:2  | 80197 ||| Stepping randomly (stuck).
 80328 | Slime:2  | 80328 ||| Stepping randomly (stuck).
 80329 | Slime:2  | 80329 ||| Stepping randomly (stuck).
 80330 | Slime:2  | 80330 ||| Stepping randomly (stuck).
 80331 | Slime:2  | 80331 ||| Stepping randomly (stuck).
 80346 | Slime:2  | 80346 ||| Stepping randomly (stuck).
 80347 | Slime:2  | 80347 ||| Stepping randomly (stuck).
 80348 | Slime:2  | 80348 ||| Stepping randomly (stuck).
 80349 | Slime:2  | 80349 ||| Stepping randomly (stuck).
 80350 | Slime:2  | 80350 ||| Stepping randomly (stuck).
 80351 | Slime:2  | 80351 ||| Stepping randomly (stuck).
 80352 | Slime:2  | 80352 ||| Stepping randomly (stuck).
 80353 | Slime:2  | 80353 ||| Stepping randomly (stuck).
 80354 | Slime:2  | 80354 ||| Stepping randomly (stuck).
 80355 | Slime:2  | 80355 ||| Stepping randomly (stuck).
 80385 | Slime:2  | 80385 ||| Stepping randomly (stuck).
 80386 | Slime:2  | 80386 ||| Stepping randomly (stuck).
 80398 | Slime:2  | 80398 ||| Stepping randomly (stuck).
 80399 | Slime:2  | 80399 ||| Stepping randomly (stuck).
 80400 | Slime:2  | 80400 ||| Stepping randomly (stuck).
 80416 | Slime:2  | 80416 ||| Stepping randomly (stuck).
 80417 | Slime:2  | 80417 ||| Stepping randomly (stuck).
 80418 | Slime:2  | 80418 ||| Stepping randomly (stuck).
 80419 | Slime:2  | 80419 ||| Stepping randomly (stuck).
 80420 | Slime:2  | 80420 ||| Stepping randomly (stuck).
 80421 | Slime:2  | 80421 ||| Stepping randomly (stuck).
 80428 | Slime:2  | 80428 ||| Stepping randomly (stuck).
 80429 | Slime:2  | 80429 ||| Stepping randomly (stuck).
 80430 | Slime:2  | 80430 ||| Stepping randomly (stuck).
 80431 | Slime:2  | 80431 ||| Stepping randomly (stuck).
 80432 | Slime:2  | 80432 ||| Stepping randomly (stuck).
 80433 | Slime:2  | 80433 ||| Stepping randomly (stuck).
 80434 | Slime:2  | 80434 ||| Stepping randomly (stuck).
 80435 | Slime:2  | 80435 ||| Stepping randomly (stuck).
 80436 | Slime:2  | 80436 ||| Stepping randomly (stuck).
 80437 | Slime:2  | 80437 ||| Stepping randomly (stuck).
 80441 | Slime:2  | 80441 ||| Stepping randomly (stuck).
 80442 | Slime:2  | 80442 ||| Stepping randomly (stuck).
 80443 | Slime:2  | 80443 ||| Stepping randomly (stuck).
 80444 | Slime:2  | 80444 ||| Stepping randomly (stuck).
 80445 | Slime:2  | 80445 ||| Stepping randomly (stuck).
 80446 | Slime:2  | 80446 ||| Stepping randomly (stuck).
 80447 | Slime:2  | 80447 ||| Stepping randomly (stuck).
 80448 | Slime:2  | 80448 ||| Stepping randomly (stuck).
 80449 | Slime:2  | 80449 ||| Stepping randomly (stuck).
 80450 | Slime:2  | 80450 ||| Stepping randomly (stuck).
 80451 | Slime:2  | 80451 ||| Stepping randomly (stuck).
 80452 | Slime:2  | 80452 ||| Stepping randomly (stuck).
 80453 | Slime:2  | 80453 ||| Stepping randomly (stuck).
 80454 | Slime:2  | 80454 ||| Stepping randomly (stuck).
 80455 | Slime:2  | 80455 ||| Stepping randomly (stuck).
 80456 | Slime:2  | 80456 ||| Stepping randomly (stuck).
 80457 | Slime:2  | 80457 ||| Stepping randomly (stuck).
 80458 | Slime:2  | 80458 ||| Stepping randomly (stuck).
 80459 | Slime:2  | 80459 ||| Stepping randomly (stuck).
 80460 | Slime:2  | 80460 ||| Stepping randomly (stuck).
 80461 | Slime:2  | 80461 ||| Stepping randomly (stuck).
 80462 | Slime:2  | 80462 ||| Stepping randomly (stuck).
 80463 | Slime:2  | 80463 ||| Stepping randomly (stuck).
 80464 | Slime:2  | 80464 ||| Stepping randomly (stuck).
 80465 | Slime:2  | 80465 ||| Stepping randomly (stuck).
 80466 | Slime:2  | 80466 ||| Stepping randomly (stuck).
 80467 | Slime:2  | 80467 ||| Stepping randomly (stuck).
 80468 | Slime:2  | 80468 ||| Stepping randomly (stuck).
 80469 | Slime:2  | 80469 ||| Stepping randomly (stuck).
 80470 | Slime:2  | 80470 ||| Stepping randomly (stuck).
 80471 | Slime:2  | 80471 ||| Stepping randomly (stuck).
 80472 | Slime:2  | 80472 ||| Stepping randomly (stuck).
 80473 | Slime:2  | 80473 ||| Stepping randomly (stuck).
 80474 | Slime:2  | 80474 ||| Stepping randomly (stuck).
 80475 | Slime:2  | 80475 ||| Stepping randomly (stuck).
 80476 | Slime:2  | 80476 ||| Stepping randomly (stuck).
 80477 | Slime:2  | 80477 ||| Stepping randomly (stuck).
 80478 | Slime:2  | 80478 ||| Stepping randomly (stuck).
 80479 | Slime:2  | 80479 ||| Stepping randomly (stuck).
 80480 | Slime:2  | 80480 ||| Stepping randomly (stuck).
 80481 | Slime:2  | 80481 ||| Stepping randomly (stuck).
 80528 | Slime:2  | 80528 ||| Stepping randomly (stuck).
 80529 | Slime:2  | 80529 ||| Stepping randomly (stuck).
 80539 | Slime:2  | 80539 ||| Stepping randomly (stuck).
 80540 | Slime:2  | 80540 ||| Stepping randomly (stuck).
 80541 | Slime:2  | 80541 ||| Stepping randomly (stuck).
 80551 | Slime:2  | 80551 ||| Stepping randomly (stuck).
 80552 | Slime:2  | 80552 ||| Stepping randomly (stuck).
 80553 | Slime:2  | 80553 ||| Stepping randomly (stuck).
 80554 | Slime:2  | 80554 ||| Stepping randomly (stuck).
 80593 | Slime:2  | 80593 ||| Stepping randomly (stuck).
 80594 | Slime:2  | 80594 ||| Stepping randomly (stuck).
 80595 | Slime:2  | 80595 ||| Stepping randomly (stuck).
 80623 | Slime:2  | 80623 ||| Stepping randomly (stuck).
 80624 | Slime:2  | 80624 ||| Stepping randomly (stuck).
 80625 | Slime:2  | 80625 ||| Stepping randomly (stuck).
 80649 | Slime:2  | 80649 ||| Stepping randomly (stuck).
 80650 | Slime:2  | 80650 ||| Stepping randomly (stuck).
 80662 | Slime:2  | 80662 ||| Stepping randomly (stuck).
 80663 | Slime:2  | 80663 ||| Stepping randomly (stuck).
 80664 | Slime:2  | 80664 ||| Stepping randomly (stuck).
 80665 | Slime:2  | 80665 ||| Stepping randomly (stuck).
 80666 | Slime:2  | 80666 ||| Stepping randomly (stuck).
 80667 | Slime:2  | 80667 ||| Stepping randomly (stuck).
 80668 | Slime:2  | 80668 ||| Stepping randomly (stuck).
 80669 | Slime:2  | 80669 ||| Stepping randomly (stuck).
 80670 | Slime:2  | 80670 ||| Stepping randomly (stuck).
 80671 | Slime:2  | 80671 ||| Stepping randomly (stuck).
 80672 | Slime:2  | 80672 ||| Stepping randomly (stuck).
 80673 | Slime:2  | 80673 ||| Stepping randomly (stuck).
 80674 | Slime:2  | 80674 ||| Stepping randomly (stuck).
 80675 | Slime:2  | 80675 ||| Stepping randomly (stuck).
 80676 | Slime:2  | 80676 ||| Stepping randomly (stuck).
 80677 | Slime:2  | 80677 ||| Stepping randomly (stuck).
 80678 | Slime:2  | 80678 ||| Stepping randomly (stuck).
 80679 | Slime:2  | 80679 ||| Stepping randomly (stuck).
 80680 | Slime:2  | 80680 ||| Stepping randomly (stuck).
 80681 | Slime:2  | 80681 ||| Stepping randomly (stuck).
 80682 | Slime:2  | 80682 ||| Stepping randomly (stuck).
 80683 | Slime:2  | 80683 ||| Stepping randomly (stuck).
 80684 | Slime:2  | 80684 ||| Stepping randomly (stuck).
 80703 | Slime:2  | 80703 ||| Stepping randomly (stuck).
 80704 | Slime:2  | 80704 ||| Stepping randomly (stuck).
 80713 | Slime:2  | 80713 ||| Stepping randomly (stuck).
 80714 | Slime:2  | 80714 ||| Stepping randomly (stuck).
 80715 | Slime:2  | 80715 ||| Stepping randomly (stuck).
 80716 | Slime:2  | 80716 ||| Stepping randomly (stuck).
 80717 | Slime:2  | 80717 ||| Stepping randomly (stuck).
 80718 | Slime:2  | 80718 ||| Stepping randomly (stuck).
 80719 | Slime:2  | 80719 ||| Stepping randomly (stuck).
 80720 | Slime:2  | 80720 ||| Stepping randomly (stuck).
 80721 | Slime:2  | 80721 ||| Stepping randomly (stuck).
 80722 | Slime:2  | 80722 ||| Stepping randomly (stuck).
 80723 | Slime:2  | 80723 ||| Stepping randomly (stuck).
 80724 | Slime:2  | 80724 ||| Stepping randomly (stuck).
 80725 | Slime:2  | 80725 ||| Stepping randomly (stuck).
 80726 | Slime:2  | 80726 ||| Stepping randomly (stuck).
 80727 | Slime:2  | 80727 ||| Stepping randomly (stuck).
 80728 | Slime:2  | 80728 ||| Stepping randomly (stuck).
 80729 | Slime:2  | 80729 ||| Stepping randomly (stuck).
 80730 | Slime:2  | 80730 ||| Stepping randomly (stuck).
 80731 | Slime:2  | 80731 ||| Stepping randomly (stuck).
 80732 | Slime:2  | 80732 ||| Stepping randomly (stuck).
 80733 | Slime:2  | 80733 ||| Stepping randomly (stuck).
 80734 | Slime:2  | 80734 ||| Stepping randomly (stuck).
 80735 | Slime:2  | 80735 ||| Stepping randomly (stuck).
 80736 | Slime:2  | 80736 ||| Stepping randomly (stuck).
 80737 | Slime:2  | 80737 ||| Stepping randomly (stuck).
 80738 | Slime:2  | 80738 ||| Stepping randomly (stuck).
 80739 | Slime:2  | 80739 ||| Stepping randomly (stuck).
 80740 | Slime:2  | 80740 ||| Stepping randomly (stuck).
 80772 | Slime:2  | 80772 ||| Stepping randomly (stuck).
 80773 | Slime:2  | 80773 ||| Stepping randomly (stuck).
 80774 | Slime:2  | 80774 ||| Stepping randomly (stuck).
 80775 | Slime:2  | 80775 ||| Stepping randomly (stuck).
 80776 | Slime:2  | 80776 ||| Stepping randomly (stuck).
 80803 | Slime:2  | 80803 ||| Stepping randomly (stuck).
 80804 | Slime:2  | 80804 ||| Stepping randomly (stuck).
 80805 | Slime:2  | 80805 ||| Stepping randomly (stuck).
 80806 | Slime:2  | 80806 ||| Stepping randomly (stuck).
 80807 | Slime:2  | 80807 ||| Stepping randomly (stuck).
 80808 | Slime:2  | 80808 ||| Stepping randomly (stuck).
 80818 | Slime:2  | 80818 ||| Stepping randomly (stuck).
 80819 | Slime:2  | 80819 ||| Stepping randomly (stuck).
 80828 | Slime:2  | 80828 ||| Stepping randomly (stuck).
 80829 | Slime:2  | 80829 ||| Stepping randomly (stuck).
 80830 | Slime:2  | 80830 ||| Stepping randomly (stuck).
 80831 | Slime:2  | 80831 ||| Stepping randomly (stuck).
 80832 | Slime:2  | 80832 ||| Stepping randomly (stuck).
 80833 | Slime:2  | 80833 ||| Stepping randomly (stuck).
 80834 | Slime:2  | 80834 ||| Stepping randomly (stuck).
 80835 | Slime:2  | 80835 ||| Stepping randomly (stuck).
 80836 | Slime:2  | 80836 ||| Stepping randomly (stuck).
 80837 | Slime:2  | 80837 ||| Stepping randomly (stuck).
 80838 | Slime:2  | 80838 ||| Stepping randomly (stuck).
 80839 | Slime:2  | 80839 ||| Stepping randomly (stuck).
 80840 | Slime:2  | 80840 ||| Stepping randomly (stuck).
 80841 | Slime:2  | 80841 ||| Stepping randomly (stuck).
 80842 | Slime:2  | 80842 ||| Stepping randomly (stuck).
 80843 | Slime:2  | 80843 ||| Stepping randomly (stuck).
 80844 | Slime:2  | 80844 ||| Stepping randomly (stuck).
 80845 | Slime:2  | 80845 ||| Stepping randomly (stuck).
 80846 | Slime:2  | 80846 ||| Stepping randomly (stuck).
 80847 | Slime:2  | 80847 ||| Stepping randomly (stuck).
 80848 | Slime:2  | 80848 ||| Stepping randomly (stuck).
 80849 | Slime:2  | 80849 ||| Stepping randomly (stuck).
 80850 | Slime:2  | 80850 ||| Stepping randomly (stuck).
 80851 | Slime:2  | 80851 ||| Stepping randomly (stuck).
 80852 | Slime:2  | 80852 ||| Stepping randomly (stuck).
 80853 | Slime:2  | 80853 ||| Stepping randomly (stuck).
 80854 | Slime:2  | 80854 ||| Stepping randomly (stuck).
 80855 | Slime:2  | 80855 ||| Stepping randomly (stuck).
 80856 | Slime:2  | 80856 ||| Stepping randomly (stuck).
 80857 | Slime:2  | 80857 ||| Stepping randomly (stuck).
 80858 | Slime:2  | 80858 ||| Stepping randomly (stuck).
 80859 | Slime:2  | 80859 ||| Stepping randomly (stuck).
 80860 | Slime:2  | 80860 ||| Stepping randomly (stuck).
 80861 | Slime:2  | 80861 ||| Stepping randomly (stuck).
 80862 | Slime:2  | 80862 ||| Stepping randomly (stuck).
 80863 | Slime:2  | 80863 ||| Stepping randomly (stuck).
 80864 | Slime:2  | 80864 ||| Stepping randomly (stuck).
 80865 | Slime:2  | 80865 ||| Stepping randomly (stuck).
 80866 | Slime:2  | 80866 ||| Stepping randomly (stuck).
 80867 | Slime:2  | 80867 ||| Stepping randomly (stuck).
 80868 | Slime:2  | 80868 ||| Stepping randomly (stuck).
 80869 | Slime:2  | 80869 ||| Stepping randomly (stuck).
 80870 | Slime:2  | 80870 ||| Stepping randomly (stuck).
 80871 | Slime:2  | 80871 ||| Stepping randomly (stuck).
 80872 | Slime:2  | 80872 ||| Stepping randomly (stuck).
 80873 | Slime:2  | 80873 ||| Stepping randomly (stuck).
 80874 | Slime:2  | 80874 ||| Stepping randomly (stuck).
 80975 | Slime:2  | 80975 ||| Stepping randomly (stuck).
 80976 | Slime:2  | 80976 ||| Stepping randomly (stuck).
 80977 | Slime:2  | 80977 ||| Stepping randomly (stuck).
 80985 | Slime:2  | 80985 ||| Stepping randomly (stuck).
 80986 | Slime:2  | 80986 ||| Stepping randomly (stuck).
 80987 | Slime:2  | 80987 ||| Stepping randomly (stuck).
 80988 | Slime:2  | 80988 ||| Stepping randomly (stuck).
 80989 | Slime:2  | 80989 ||| Stepping randomly (stuck).
 80990 | Slime:2  | 80990 ||| Stepping randomly (stuck).
 80991 | Slime:2  | 80991 ||| Stepping randomly (stuck).
 80992 | Slime:2  | 80992 ||| Stepping randomly (stuck).
 80993 | Slime:2  | 80993 ||| Stepping randomly (stuck).
 80994 | Slime:2  | 80994 ||| Stepping randomly (stuck).
 80995 | Slime:2  | 80995 ||| Stepping randomly (stuck).
 80996 | Slime:2  | 80996 ||| Stepping randomly (stuck).
 80997 | Slime:2  | 80997 ||| Stepping randomly (stuck).
 80998 | Slime:2  | 80998 ||| Stepping randomly (stuck).
 80999 | Slime:2  | 80999 ||| Stepping randomly (stuck).
 81000 | Slime:2  | 81000 ||| Stepping randomly (stuck).
 81001 | Slime:2  | 81001 ||| Stepping randomly (stuck).
 81002 | Slime:2  | 81002 ||| Stepping randomly (stuck).
 81026 | Slime:2  | 81026 ||| Stepping randomly (stuck).
 81027 | Slime:2  | 81027 ||| Stepping randomly (stuck).
 81028 | Slime:2  | 81028 ||| Stepping randomly (stuck).
 81029 | Slime:2  | 81029 ||| Stepping randomly (stuck).
 81030 | Slime:2  | 81030 ||| Stepping randomly (stuck).
 81031 | Slime:2  | 81031 ||| Stepping randomly (stuck).
 81032 | Slime:2  | 81032 ||| Stepping randomly (stuck).
 81033 | Slime:2  | 81033 ||| Stepping randomly (stuck).
 81034 | Slime:2  | 81034 ||| Stepping randomly (stuck).
 81035 | Slime:2  | 81035 ||| Stepping randomly (stuck).
 81051 | Slime:2  | 81051 ||| Stepping randomly (stuck).
 81052 | Slime:2  | 81052 ||| Stepping randomly (stuck).
 81062 | Slime:2  | 81062 ||| Stepping randomly (stuck).
 81063 | Slime:2  | 81063 ||| Stepping randomly (stuck).
 81064 | Slime:2  | 81064 ||| Stepping randomly (stuck).
 81065 | Slime:2  | 81065 ||| Stepping randomly (stuck).
 81066 | Slime:2  | 81066 ||| Stepping randomly (stuck).
 81067 | Slime:2  | 81067 ||| Stepping randomly (stuck).
 81068 | Slime:2  | 81068 ||| Stepping randomly (stuck).
 81069 | Slime:2  | 81069 ||| Stepping randomly (stuck).
 81070 | Slime:2  | 81070 ||| Stepping randomly (stuck).
 81071 | Slime:2  | 81071 ||| Stepping randomly (stuck).
 81072 | Slime:2  | 81072 ||| Stepping randomly (stuck).
 81073 | Slime:2  | 81073 ||| Stepping randomly (stuck).
 81074 | Slime:2  | 81074 ||| Stepping randomly (stuck).
 81075 | Slime:2  | 81075 ||| Stepping randomly (stuck).
 81076 | Slime:2  | 81076 ||| Stepping randomly (stuck).
 81077 | Slime:2  | 81077 ||| Stepping randomly (stuck).
 81078 | Slime:2  | 81078 ||| Stepping randomly (stuck).
 81079 | Slime:2  | 81079 ||| Stepping randomly (stuck).
 81080 | Slime:2  | 81080 ||| Stepping randomly (stuck).
 81081 | Slime:2  | 81081 ||| Stepping randomly (stuck).
 81082 | Slime:2  | 81082 ||| Stepping randomly (stuck).
 81083 | Slime:2  | 81083 ||| Stepping randomly (stuck).
 81084 | Slime:2  | 81084 ||| Stepping randomly (stuck).
 81085 | Slime:2  | 81085 ||| Stepping randomly (stuck).
 81086 | Slime:2  | 81086 ||| Stepping randomly (stuck).
 81087 | Slime:2  | 81087 ||| Stepping randomly (stuck).
 81088 | Slime:2  | 81088 ||| Stepping randomly (stuck).
 81098 | Slime:2  | 81098 ||| Stepping randomly (stuck).
 81099 | Slime:2  | 81099 ||| Stepping randomly (stuck).
 81105 | Slime:2  | 81105 ||| Stepping randomly (stuck).
 81106 | Slime:2  | 81106 ||| Stepping randomly (stuck).
 81126 | Slime:2  | 81126 ||| Stepping randomly (stuck).
 81127 | Slime:2  | 81127 ||| Stepping randomly (stuck).
 81128 | Slime:2  | 81128 ||| Stepping randomly (stuck).
 81129 | Slime:2  | 81129 ||| Stepping randomly (stuck).
 81130 | Slime:2  | 81130 ||| Stepping randomly (stuck).
 81131 | Slime:2  | 81131 ||| Stepping randomly (stuck).
 81132 | Slime:2  | 81132 ||| Stepping randomly (stuck).
 81133 | Slime:2  | 81133 ||| Stepping randomly (stuck).
 81216 | Slime:2  | 81216 ||| Stepping randomly (stuck).
 81217 | Slime:2  | 81217 ||| Stepping randomly (stuck).
 81218 | Slime:2  | 81218 ||| Stepping randomly (stuck).
 81219 | Slime:2  | 81219 ||| Stepping randomly (stuck).
 81220 | Slime:2  | 81220 ||| Stepping randomly (stuck).
 81249 | Slime:2  | 81249 ||| Stepping randomly (stuck).
 81250 | Slime:2  | 81250 ||| Stepping randomly (stuck).
 81251 | Slime:2  | 81251 ||| Stepping randomly (stuck).
 81252 | Slime:2  | 81252 ||| Stepping randomly (stuck).
 81253 | Slime:2  | 81253 ||| Stepping randomly (stuck).
 81285 | Slime:2  | 81285 ||| Stepping randomly (stuck).
 81286 | Slime:2  | 81286 ||| Stepping randomly (stuck).
 81295 | Slime:2  | 81295 ||| Stepping randomly (stuck).
 81296 | Slime:2  | 81296 ||| Stepping randomly (stuck).
 81297 | Slime:2  | 81297 ||| Stepping randomly (stuck).
 81318 | Slime:2  | 81318 ||| Stepping randomly (stuck).
 81319 | Slime:2  | 81319 ||| Stepping randomly (stuck).
 81320 | Slime:2  | 81320 ||| Stepping randomly (stuck).
 81321 | Slime:2  | 81321 ||| Stepping randomly (stuck).
 81322 | Slime:2  | 81322 ||| Stepping randomly (stuck).
 81328 | Slime:2  | 81328 ||| Stepping randomly (stuck).
 81329 | Slime:2  | 81329 ||| Stepping randomly (stuck).
 81330 | Slime:2  | 81330 ||| Stepping randomly (stuck).
 81331 | Slime:2  | 81331 ||| Stepping randomly (stuck).
 81332 | Slime:2  | 81332 ||| Stepping randomly (stuck).
 81333 | Slime:2  | 81333 ||| Stepping randomly (stuck).
 81334 | Slime:2  | 81334 ||| Stepping randomly (stuck).
 81335 | Slime:2  | 81335 ||| Stepping randomly (stuck).
 81336 | Slime:2  | 81336 ||| Stepping randomly (stuck).
 81351 | Slime:2  | 81351 ||| Stepping randomly (stuck).
 81352 | Slime:2  | 81352 ||| Stepping randomly (stuck).
 81353 | Slime:2  | 81353 ||| Stepping randomly (stuck).
 81354 | Slime:2  | 81354 ||| Stepping randomly (stuck).
 81355 | Slime:2  | 81355 ||| Stepping randomly (stuck).
 81434 | Slime:2  | 81434 ||| Stepping randomly (stuck).
 81435 | Slime:2  | 81435 ||| Stepping randomly (stuck).
 81436 | Slime:2  | 81436 ||| Stepping randomly (stuck).
 81437 | Slime:2  | 81437 ||| Stepping randomly (stuck).
 81438 | Slime:2  | 81438 ||| Stepping randomly (stuck).
 81457 | Slime:2  | 81457 ||| Stepping randomly (stuck).
 81458 | Slime:2  | 81458 ||| Stepping randomly (stuck).
 81475 | Slime:2  | 81475 ||| Stepping randomly (stuck).
 81476 | Slime:2  | 81476 ||| Stepping randomly (stuck).
 81477 | Slime:2  | 81477 ||| Stepping randomly (stuck).
 81478 | Slime:2  | 81478 ||| Stepping randomly (stuck).
 81479 | Slime:2  | 81479 ||| Stepping randomly (stuck).
 81518 | Slime:2  | 81518 ||| Stepping randomly (stuck).
 81519 | Slime:2  | 81519 ||| Stepping randomly (stuck).
 81520 | Slime:2  | 81520 ||| Stepping randomly (stuck).
 81526 | Slime:2  | 81526 ||| Stepping randomly (stuck).
 81527 | Slime:2  | 81527 ||| Stepping randomly (stuck).
 81528 | Slime:2  | 81528 ||| Stepping randomly (stuck).
 81529 | Slime:2  | 81529 ||| Stepping randomly (stuck).
 81539 | Slime:2  | 81539 ||| Stepping randomly (stuck).
 81540 | Slime:2  | 81540 ||| Stepping randomly (stuck).
 81549 | Slime:2  | 81549 ||| Stepping randomly (stuck).
 81550 | Slime:2  | 81550 ||| Stepping randomly (stuck).
 81551 | Slime:2  | 81551 ||| Stepping randomly (stuck).
 81552 | Slime:2  | 81552 ||| Stepping randomly (stuck).
 81553 | Slime:2  | 81553 ||| Stepping randomly (stuck).
 81587 | Slime:2  | 81587 ||| Stepping randomly (stuck).
 81588 | Slime:2  | 81588 ||| Stepping randomly (stuck).
 81589 | Slime:2  | 81589 ||| Stepping randomly (stuck).
 81590 | Slime:2  | 81590 ||| Stepping randomly (stuck).
 81591 | Slime:2  | 81591 ||| Stepping randomly (stuck).
 81592 | Slime:2  | 81592 ||| Stepping randomly (stuck).
 81593 | Slime:2  | 81593 ||| Stepping randomly (stuck).
 81594 | Slime:2  | 81594 ||| Stepping randomly (stuck).
 81595 | Slime:2  | 81595 ||| Stepping randomly (stuck).
 81596 | Slime:2  | 81596 ||| Stepping randomly (stuck).
 81597 | Slime:2  | 81597 ||| Stepping randomly (stuck).
 81754 | Slime:2  | 81754 ||| Stepping randomly (stuck).
 81755 | Slime:2  | 81755 ||| Stepping randomly (stuck).
 81756 | Slime:2  | 81756 ||| Stepping randomly (stuck).
 81757 | Slime:2  | 81757 ||| Stepping randomly (stuck).
 81758 | Slime:2  | 81758 ||| Stepping randomly (stuck).
 81759 | Slime:2  | 81759 ||| Stepping randomly (stuck).
 81760 | Slime:2  | 81760 ||| Stepping randomly (stuck).
 81761 | Slime:2  | 81761 ||| Stepping randomly (stuck).
 81785 | Slime:2  | 81785 ||| Stepping randomly (stuck).
 81786 | Slime:2  | 81786 ||| Stepping randomly (stuck).
 81787 | Slime:2  | 81787 ||| Stepping randomly (stuck).
 81795 | Slime:2  | 81795 ||| Stepping randomly (stuck).
 81796 | Slime:2  | 81796 ||| Stepping randomly (stuck).
 81797 | Slime:2  | 81797 ||| Stepping randomly (stuck).
 81798 | Slime:2  | 81798 ||| Stepping randomly (stuck).
 81799 | Slime:2  | 81799 ||| Stepping randomly (stuck).
 81800 | Slime:2  | 81800 ||| Stepping randomly (stuck).
 81801 | Slime:2  | 81801 ||| Stepping randomly (stuck).
 81802 | Slime:2  | 81802 ||| Stepping randomly (stuck).
 81803 | Slime:2  | 81803 ||| Stepping randomly (stuck).
 81821 | Slime:2  | 81821 ||| Stepping randomly (stuck).
 81822 | Slime:2  | 81822 ||| Stepping randomly (stuck).
 81834 | Slime:2  | 81834 ||| Stepping randomly (stuck).
 81835 | Slime:2  | 81835 ||| Stepping randomly (stuck).
 81841 | Slime:2  | 81841 ||| Stepping randomly (stuck).
 81842 | Slime:2  | 81842 ||| Stepping randomly (stuck).
 81843 | Slime:2  | 81843 ||| Stepping randomly (stuck).
 81844 | Slime:2  | 81844 ||| Stepping randomly (stuck).
 81845 | Slime:2  | 81845 ||| Stepping randomly (stuck).
 81846 | Slime:2  | 81846 ||| Stepping randomly (stuck).
 81847 | Slime:2  | 81847 ||| Stepping randomly (stuck).
 81848 | Slime:2  | 81848 ||| Stepping randomly (stuck).
 81849 | Slime:2  | 81849 ||| Stepping randomly (stuck).
 81850 | Slime:2  | 81850 ||| Stepping randomly (stuck).
 81851 | Slime:2  | 81851 ||| Stepping randomly (stuck).
 81852 | Slime:2  | 81852 ||| Stepping randomly (stuck).
 81853 | Slime:2  | 81853 ||| Stepping randomly (stuck).
 81854 | Slime:2  | 81854 ||| Stepping randomly (stuck).
 81855 | Slime:2  | 81855 ||| Stepping randomly (stuck).
 81856 | Slime:2  | 81856 ||| Stepping randomly (stuck).
 81857 | Slime:2  | 81857 ||| Stepping randomly (stuck).
 81858 | Slime:2  | 81858 ||| Stepping randomly (stuck).
 81859 | Slime:2  | 81859 ||| Stepping randomly (stuck).
 81860 | Slime:2  | 81860 ||| Stepping randomly (stuck).
 81861 | Slime:2  | 81861 ||| Stepping randomly (stuck).
 81862 | Slime:2  | 81862 ||| Stepping randomly (stuck).
 81863 | Slime:2  | 81863 ||| Stepping randomly (stuck).
 81864 | Slime:2  | 81864 ||| Stepping randomly (stuck).
 81865 | Slime:2  | 81865 ||| Stepping randomly (stuck).
 81866 | Slime:2  | 81866 ||| Stepping randomly (stuck).
 81867 | Slime:2  | 81867 ||| Stepping randomly (stuck).
 81868 | Slime:2  | 81868 ||| Stepping randomly (stuck).
 81869 | Slime:2  | 81869 ||| Stepping randomly (stuck).
 81870 | Slime:2  | 81870 ||| Stepping randomly (stuck).
 81871 | Slime:2  | 81871 ||| Stepping randomly (stuck).
 81872 | Slime:2  | 81872 ||| Stepping randomly (stuck).
 81873 | Slime:2  | 81873 ||| Stepping randomly (stuck).
 81874 | Slime:2  | 81874 ||| Stepping randomly (stuck).
 81875 | Slime:2  | 81875 ||| Stepping randomly (stuck).
 81876 | Slime:2  | 81876 ||| Stepping randomly (stuck).
 81885 | Slime:2  | 81885 ||| Stepping randomly (stuck).
 81886 | Slime:2  | 81886 ||| Stepping randomly (stuck).
 81887 | Slime:2  | 81887 ||| Stepping randomly (stuck).
 81888 | Slime:2  | 81888 ||| Stepping randomly (stuck).
 81889 | Slime:2  | 81889 ||| Stepping randomly (stuck).
 81890 | Slime:2  | 81890 ||| Stepping randomly (stuck).
 81891 | Slime:2  | 81891 ||| Stepping randomly (stuck).
 81892 | Slime:2  | 81892 ||| Stepping randomly (stuck).
 81893 | Slime:2  | 81893 ||| Stepping randomly (stuck).
 81894 | Slime:2  | 81894 ||| Stepping randomly (stuck).
 81895 | Slime:2  | 81895 ||| Stepping randomly (stuck).
 81896 | Slime:2  | 81896 ||| Stepping randomly (stuck).
 81897 | Slime:2  | 81897 ||| Stepping randomly (stuck).
 81898 | Slime:2  | 81898 ||| Stepping randomly (stuck).
 81899 | Slime:2  | 81899 ||| Stepping randomly (stuck).
 81900 | Slime:2  | 81900 ||| Stepping randomly (stuck).
 82000 | Slime:2  | 82000 ||| Stepping randomly (stuck).
 82001 | Slime:2  | 82001 ||| Stepping randomly (stuck).
 82002 | Slime:2  | 82002 ||| Stepping randomly (stuck).
 82003 | Slime:2  | 82003 ||| Stepping randomly (stuck).
 82004 | Slime:2  | 82004 ||| Stepping randomly (stuck).
 82005 | Slime:2  | 82005 ||| Stepping randomly (stuck).
 82006 | Slime:2  | 82006 ||| Stepping randomly (stuck).
 82036 | Slime:2  | 82036 ||| Stepping randomly (stuck).
 82037 | Slime:2  | 82037 ||| Stepping randomly (stuck).
 82038 | Slime:2  | 82038 ||| Stepping randomly (stuck).
 82039 | Slime:2  | 82039 ||| Stepping randomly (stuck).
 82040 | Slime:2  | 82040 ||| Stepping randomly (stuck).
 82098 | Slime:2  | 82098 ||| Stepping randomly (stuck).
 82099 | Slime:2  | 82099 ||| Stepping randomly (stuck).
 82110 | Slime:2  | 82110 ||| Stepping randomly (stuck).
 82111 | Slime:2  | 82111 ||| Stepping randomly (stuck).
 82112 | Slime:2  | 82112 ||| Stepping randomly (stuck).
 82113 | Slime:2  | 82113 ||| Stepping randomly (stuck).
 82114 | Slime:2  | 82114 ||| Stepping randomly (stuck).
 82115 | Slime:2  | 82115 ||| Stepping randomly (stuck).
 82116 | Slime:2  | 82116 ||| Stepping randomly (stuck).
 82117 | Slime:2  | 82117 ||| Stepping randomly (stuck).
 82151 | Slime:2  | 82151 ||| Stepping randomly (stuck).
 82152 | Slime:2  | 82152 ||| Stepping randomly (stuck).
 82153 | Slime:2  | 82153 ||| Stepping randomly (stuck).
 82154 | Slime:2  | 82154 ||| Stepping randomly (stuck).
 82155 | Slime:2  | 82155 ||| Stepping randomly (stuck).
 82156 | Slime:2  | 82156 ||| Stepping randomly (stuck).
 82157 | Slime:2  | 82157 ||| Stepping randomly (stuck).
 82158 | Slime:2  | 82158 ||| Stepping randomly (stuck).
 82159 | Slime:2  | 82159 ||| Stepping randomly (stuck).
 82160 | Slime:2  | 82160 ||| Stepping randomly (stuck).
 82161 | Slime:2  | 82161 ||| Stepping randomly (stuck).
 82162 | Slime:2  | 82162 ||| Stepping randomly (stuck).
 82163 | Slime:2  | 82163 ||| Stepping randomly (stuck).
 82164 | Slime:2  | 82164 ||| Stepping randomly (stuck).
 82165 | Slime:2  | 82165 ||| Stepping randomly (stuck).
 82428 | Slime:2  | 82428 ||| Stepping randomly (stuck).
 82429 | Slime:2  | 82429 ||| Stepping randomly (stuck).
 82430 | Slime:2  | 82430 ||| Stepping randomly (stuck).
 82464 | Slime:2  | 82464 ||| Stepping randomly (stuck).
 82465 | Slime:2  | 82465 ||| Stepping randomly (stuck).
 82477 | Slime:2  | 82477 ||| Stepping randomly (stuck).
 82478 | Slime:2  | 82478 ||| Stepping randomly (stuck).
 82479 | Slime:2  | 82479 ||| Stepping randomly (stuck).
 82480 | Slime:2  | 82480 ||| Stepping randomly (stuck).
 82481 | Slime:2  | 82481 ||| Stepping randomly (stuck).
 82482 | Slime:2  | 82482 ||| Stepping randomly (stuck).
 82487 | Slime:2  | 82487 ||| Stepping randomly (stuck).
 82488 | Slime:2  | 82488 ||| Stepping randomly (stuck).
 82489 | Slime:2  | 82489 ||| Stepping randomly (stuck).
 82505 | Slime:2  | 82505 ||| Stepping randomly (stuck).
 82506 | Slime:2  | 82506 ||| Stepping randomly (stuck).
 82507 | Slime:2  | 82507 ||| Stepping randomly (stuck).
 82508 | Slime:2  | 82508 ||| Stepping randomly (stuck).
 82509 | Slime:2  | 82509 ||| Stepping randomly (stuck).
 82510 | Slime:2  | 82510 ||| Stepping randomly (stuck).
 82511 | Slime:2  | 82511 ||| Stepping randomly (stuck).
 82512 | Slime:2  | 82512 ||| Stepping randomly (stuck).
 82513 | Slime:2  | 82513 ||| Stepping randomly (stuck).
 82514 | Slime:2  | 82514 ||| Stepping randomly (stuck).
 82528 | Slime:2  | 82528 ||| Stepping randomly (stuck).
 82529 | Slime:2  | 82529 ||| Stepping randomly (stuck).
 82530 | Slime:2  | 82530 ||| Stepping randomly (stuck).
 82559 | Slime:2  | 82559 ||| Stepping randomly (stuck).
 82560 | Slime:2  | 82560 ||| Stepping randomly (stuck).
 82561 | Slime:2  | 82561 ||| Stepping randomly (stuck).
 82562 | Slime:2  | 82562 ||| Stepping randomly (stuck).
 82563 | Slime:2  | 82563 ||| Stepping randomly (stuck).
 82564 | Slime:2  | 82564 ||| Stepping randomly (stuck).
 82565 | Slime:2  | 82565 ||| Stepping randomly (stuck).
 82566 | Slime:2  | 82566 ||| Stepping randomly (stuck).
 82567 | Slime:2  | 82567 ||| Stepping randomly (stuck).
 82568 | Slime:2  | 82568 ||| Stepping randomly (stuck).
 82569 | Slime:2  | 82569 ||| Stepping randomly (stuck).
 82587 | Slime:2  | 82587 ||| Stepping randomly (stuck).
 82588 | Slime:2  | 82588 ||| Stepping randomly (stuck).
 82589 | Slime:2  | 82589 ||| Stepping randomly (stuck).
 82590 | Slime:2  | 82590 ||| Stepping randomly (stuck).
 82591 | Slime:2  | 82591 ||| Stepping randomly (stuck).
 82626 | Slime:2  | 82626 ||| Stepping randomly (stuck).
 82627 | Slime:2  | 82627 ||| Stepping randomly (stuck).
 82628 | Slime:2  | 82628 ||| Stepping randomly (stuck).
 82629 | Slime:2  | 82629 ||| Stepping randomly (stuck).
 82630 | Slime:2  | 82630 ||| Stepping randomly (stuck).
 82631 | Slime:2  | 82631 ||| Stepping randomly (stuck).
 82632 | Slime:2  | 82632 ||| Stepping randomly (stuck).
 82664 | Slime:2  | 82664 ||| Stepping randomly (stuck).
 82665 | Slime:2  | 82665 ||| Stepping randomly (stuck).
 82666 | Slime:2  | 82666 ||| Stepping randomly (stuck).
 82698 | Slime:2  | 82698 ||| Stepping randomly (stuck).
 82699 | Slime:2  | 82699 ||| Stepping randomly (stuck).
 82721 | Slime:2  | 82721 ||| Stepping randomly (stuck).
 82722 | Slime:2  | 82722 ||| Stepping randomly (stuck).
 82723 | Slime:2  | 82723 ||| Stepping randomly (stuck).
 82736 | Slime:2  | 82736 ||| Stepping randomly (stuck).
 82737 | Slime:2  | 82737 ||| Stepping randomly (stuck).
 82738 | Slime:2  | 82738 ||| Stepping randomly (stuck).
 82739 | Slime:2  | 82739 ||| Stepping randomly (stuck).
 82740 | Slime:2  | 82740 ||| Stepping randomly (stuck).
 82741 | Slime:2  | 82741 ||| Stepping randomly (stuck).
 82742 | Slime:2  | 82742 ||| Stepping randomly (stuck).
 82743 | Slime:2  | 82743 ||| Stepping randomly (stuck).
 82893 | Slime:2  | 82893 ||| Stepping randomly (stuck).
 82894 | Slime:2  | 82894 ||| Stepping randomly (stuck).
 82895 | Slime:2  | 82895 ||| Stepping randomly (stuck).
 82896 | Slime:2  | 82896 ||| Stepping randomly (stuck).
 82897 | Slime:2  | 82897 ||| Stepping randomly (stuck).
 83000 | Slime:2  | 83000 ||| Stepping randomly (stuck).
 83001 | Slime:2  | 83001 ||| Stepping randomly (stuck).
 83002 | Slime:2  | 83002 ||| Stepping randomly (stuck).
 83003 | Slime:2  | 83003 ||| Stepping randomly (stuck).
 83004 | Slime:2  | 83004 ||| Stepping randomly (stuck).
 83075 | Slime:2  | 83075 ||| Stepping randomly (stuck).
 83076 | Slime:2  | 83076 ||| Stepping randomly (stuck).
 83077 | Slime:2  | 83077 ||| Stepping randomly (stuck).
 83078 | Slime:2  | 83078 ||| Stepping randomly (stuck).
 83079 | Slime:2  | 83079 ||| Stepping randomly (stuck).
 83080 | Slime:2  | 83080 ||| Stepping randomly (stuck).
 83100 | Slime:2  | 83100 ||| Stepping randomly (stuck).
 83101 | Slime:2  | 83101 ||| Stepping randomly (stuck).
 83102 | Slime:2  | 83102 ||| Stepping randomly (stuck).
 83103 | Slime:2  | 83103 ||| Stepping randomly (stuck).
 83157 | Slime:2  | 83157 ||| Stepping randomly (stuck).
 83158 | Slime:2  | 83158 ||| Stepping randomly (stuck).
 83169 | Slime:2  | 83169 ||| Stepping randomly (stuck).
 83170 | Slime:2  | 83170 ||| Stepping randomly (stuck).
 83171 | Slime:2  | 83171 ||| Stepping randomly (stuck).
 83172 | Slime:2  | 83172 ||| Stepping randomly (stuck).
 83173 | Slime:2  | 83173 ||| Stepping randomly (stuck).
 83174 | Slime:2  | 83174 ||| Stepping randomly (stuck).
 83259 | Slime:2  | 83259 ||| Stepping randomly (stuck).
 83260 | Slime:2  | 83260 ||| Stepping randomly (stuck).
 83261 | Slime:2  | 83261 ||| Stepping randomly (stuck).
 83262 | Slime:2  | 83262 ||| Stepping randomly (stuck).
 83263 | Slime:2  | 83263 ||| Stepping randomly (stuck).
 83264 | Slime:2  | 83264 ||| Stepping randomly (stuck).
 83265 | Slime:2  | 83265 ||| Stepping randomly (stuck).
 83266 | Slime:2  | 83266 ||| Stepping randomly (stuck).
 83267 | Slime:2  | 83267 ||| Stepping randomly (stuck).
 83268 | Slime:2  | 83268 ||| Stepping randomly (stuck).
 83269 | Slime:2  | 83269 ||| Stepping randomly (stuck).
 83270 | Slime:2  | 83270 ||| Stepping randomly (stuck).
 83271 | Slime:2  | 83271 ||| Stepping randomly (stuck).
 83272 | Slime:2  | 83272 ||| Stepping randomly (stuck).
 83273 | Slime:2  | 83273 ||| Stepping randomly (stuck).
 83273 | Slime:2  | HP: 33/179 [acid (12)]
 83274 | Slime:2  | 83274 ||| Stepping randomly (stuck).
 83275 | Slime:2  | 83275 ||| Stepping randomly (stuck).
 83275 | Slime:2  | HP: 6/179 [acid (18)]
 83276 | Slime:2  | 83276 ||| Stepping randomly (stuck).
 83276 | Slime:2  | Splashed with acid

Levels and vault maps discovered:
D:1:      wander_arrival_fairy_ring, layout_basic, minmay_tetromino_o2
D:2:      layout_basic, chequers_ecumenical_altar_simple
D:3:      layout_loops_ring, minmay_tree_intersection,
          minmay_misc_feat_more_columns
D:4:      layout_loops_ring, nicolae_overflow_quartered_altars, temple_doors_e,
          uniq_robin
D:5:      layout_rooms
D:6:      layout_loops_ring, uniq_pikel
D:7:      layout_cave_pools
D:8:      layout_gridville, uniq_grum
D:9:      layout_rooms, erik_lair_island, serial_shops, shop, uniq_maggie
D:10:     kennysheep_blocky_room, layout_rooms, tgw_sif
D:11:     layout_irregular_city
D:12:     minmay_the_grid_triangle_9x9_rhombus_full
          [minmay_the_grid_triangle_9x9_odd_lines,
          minmay_the_grid_triangle_9x9_corruption,
          minmay_the_grid_triangle_9x9_impossible_snake,
          minmay_the_grid_triangle_9x9_descending_squares,
          minmay_the_grid_triangle_9x9_subtriangle,
          minmay_the_grid_triangle_9x9_cache,
          minmay_the_grid_triangle_9x9_semitri,
          minmay_the_grid_triangle_9x9_prize_schism], layout_basic,
          serial_shops, nicolae_shop_stone, minmay_bent, uniq_nessos
D:13:     layout_gridville, minmay_unpleasant_kobolds
D:14:     layout_roguey, lightli_vaults_fourway_checkpoint, serial_shops, shop,
          nicolae_specific_store
D:15:     grunt_enter_depths_hoard, layout_basic, gauntlet_entry_generic,
          elyvilon_altar_4, uniq_azrael, uniq_jorgrun
Temple:   bh_familiar_temple
Lair:1:   layout_regular_city, patterned_corridor, serial_bayou_shore_a,
          grunt_megastairs_1, infiniplex_staircase_pool, uniq_joseph,
          uniq_amaemon
Lair:2:   layout_roguey, guppyfry_snake_entry_island,
          portal_ice_cave_demonic_guard, wad_woods_02, uniq_erica, uniq_sonja
Lair:3:   layout_regular_city, minmay_shoals_entry_centaurs, pond,
          serial_bayou_shore_b
Lair:4:   layout_regular_city, guppyfry_lair_drakes, uniq_urug
Lair:5:   cheibrodos_lair_end_hotspot, layout_regular_city,
          minmay_slime_entry_oklob_open, minivault_26,
          chequers_serial_rivers_marsh, chequers_serial_rivers_micro_c,
          nicolae_lair_liquid_snakes
Shoals:1: layout_shoals, serial_shops, shop, nicolae_shoals_shepherds
Shoals:2: layout_shoals, nicolae_shoals_pincushion_passage
Shoals:3: layout_shoals, uniq_donald
Shoals:4: shoals_end_simple, layout_shoals, nicolae_shop_gadgets, uniq_louise,
          uniq_roxanne
Snake:1:  layout_chambers, uniq_mlioglotl, uniq_aizul, uniq_nikola
Snake:2:  layout_chambers, serial_bayou_crossing
Snake:3:  layout_cave_town, st_stairs_5
Snake:4:  johnstein_snake_rune_scales, layout_rooms, uniq_kirke
Slime:1:  layout_caves
Slime:2:  layout_caves, dissolution_awaits
Slime:3:  layout_caves, cheibrodos_slime_lost_civilization_4
Slime:4:  layout_caves
Slime:5
Orc:1:    layout_diamond_mine, serial_shops, shop_statue
Orc:2:    st_orc_town, layout_caves, serial_shops, shop,
          nicolae_shop_statue_plus, shop, uniq_rupert
Vaults:1: ontoclasm_vaults_decontamination, v_pattern_3, ontoclasm_vaults_spin,
          v_misc_25, ontoclasm_vaults_gateway, v_rooms_3,
          vaults_room_guarded_vault, v_misc_27, v_misc_15, v_misc_13,
          vaults_mumra_lcd, layout_vaults_omnigrid
Vaults:2: hangedman_vaults_river_flow, v_pattern_1, grunt_vaults_twisty,
          vaults_room_ringed_pool, v_misc_15, hangedman_vaults_stitches,
          vaults_dpeg_diagonal, v_misc_33, vaults_mumra_hex,
          nicolae_vaults_circle_grid_b, grunt_vaults_focal,
          layout_vaults_maze_snakey
Vaults:3: grunt_vaults_hallway_long, serial_ice_h, nicolae_vaults_rhombus_7,
          nicolae_vaults_bisected_inception, v_rooms_4, v_misc_16,
          minmay_crypt_entry_necro_gods, ontoclasm_vaults_eye,
          nicolae_vaults_specimen_jars, v_misc_26,
          nicolae_vaults_ring_of_whatevers, v_misc_27, vaults_room_door_ring,
          layout_vaults_ring, serial_shops, nicolae_shop_stone
Vaults:4: v_misc_26, nicolae_vaults_stairing_the_circle, vaults_mumra_minichess,
          v_misc_16, nicolae_vaults_diagonal_hallway_9,
          vaults_room_stairs_pillars, v_misc_18, vaults_standard_mumra_x,
          v_pattern_2, ontoclasm_vaults_pinch,
          hangedman_vaults_stretched_pinwheel, nicolae_vaults_little_squares_4,
          layout_vaults_big_room
Vaults:5: uniq_margery, uniq_frederick
Crypt:1:  layout_misc_corridors
Crypt:2:  layout_misc_corridors, lemuel_dead_fish_pool
Crypt:3:  david_glass_crypt, layout_basic, nicolae_tomb_entry_rubble_hallway,
          uniq_zenata, uniq_jory, uniq_grunn, uniq_xtahua
Tomb:1
Tomb:2
Tomb:3
Depths:1: layout_gridville, hell_entry, kennysheep_generic_room_16,
          minmay_shoptagon
Depths:2: wad_cavern_with_rooms, layout_basic, abyss_entry, hell_entry,
          rand_demon_pan_entry_5, nemelex_xobeh_ov_fountains_minmay,
          lightli_giant_bouncers
Depths:3: minmay_connected_boxes_in_corner, layout_basic,
          abyss_entry_flame_altar, lightli_too_deep, pan_entry,
          corexii_hall_statues_x, uniq_enchantress
Depths:4: grunt_zot_entry_pinwheel, layout_basic, enter_ziggurat_a,
          minmay_room_of_horrors, hell_entry, hangedman_decor_clover_reticule
Zot:1:    layout_basic, st_single_dragon_hoard_3, grunt_megastairs_4
Zot:2:    layout_basic
Zot:3:    layout_gridville
Zot:4:    layout_misc_corridors

Skill      XL: |  1  2  3  4  5  6  7  8  9 10 11 12 13 14 15 16 17 18 19 20 21 22 23 24 25 26 27 |
---------------+----------------------------------------------------------------------------------+-----
Axes           | 2 4 5 6 9 11 13 14 16 17 18 | 18.0
Throwing       | 1 4 5 6 8 9 11 13 15 | 15.0
Dodging        | 1 2 3 4 5 6 7 8 14 | 14.0
Fighting       | 4 5 7 8 9 10 11 12 13 14 15 17 18 19 21 22 24 25 27 | 27.0
Invocations    | 3 4 7 10 12 19 27 | 27.0
Armour         | 4 5 7 10 11 13 14 15 16 17 19 20 21 22 27 | 27.0
Shields        | 4 5 6 7 8 9 15 18 19 20 21 22 23 | 23.9
Short Blades   | 7 |  7.1

Action                   |  1- 3 |  4- 6 |  7- 9 | 10-12 | 13-15 | 16-18 | 19-21 | 22-24 | 25-27 || total
-------------------------+-------+-------+-------+-------+-------+-------+-------+-------+-------++-------
Melee: War axe           |    49 |   188 |   232 |   480 |   429 |       |       |       |       ||  1378
       Demon whip        |       |       |       |     3 |    47 |       |       |       |       ||    50
       Broad axe         |       |       |       |       |   628 |  1375 |  1493 |  1581 |  3153 ||  8230
       Bite              |       |       |       |       |       |       |       |       |   147 ||   147
Throw: Javelin           |       |    13 |    12 |       |    86 |    73 |   123 |    96 |   255 ||   658
       Boomerang         |       |       |    46 |    45 |    63 |    53 |    10 |    23 |   207 ||   447
Invok: Heroism           |       |       |     8 |    25 |    43 |    52 |    44 |    49 |    15 ||   236
       Finesse           |       |       |       |     7 |    14 |    13 |    12 |    17 |     1 ||    64
       Cleansing Flame   |       |       |       |       |       |       |       |       |   137 ||   137
       Summon Divine War |       |       |       |       |       |       |       |       |    46 ||    46
       Brand Weapon With |       |       |       |       |       |       |       |       |     1 ||     1
  Use: Scroll            |     4 |     5 |    12 |     3 |    18 |     4 |     6 |     7 |    21 ||    80
       Potion            |     1 |     1 |     3 |       |     1 |     2 |       |     8 |    49 ||    65
Armor: Scale mail        |    18 |   114 |    15 |       |       |       |       |       |       ||   147
       Chain mail        |       |       |   108 |   187 |       |       |       |       |       ||   295
       Plate armour      |       |       |       |    45 |   562 |   782 |   625 |   738 |  1849 ||  4601
Dodge: Dodged            |    23 |    93 |    90 |   164 |   275 |   324 |   275 |   347 |   781 ||  2372
Block: Buckler           |    13 |    33 |    45 |    90 |   211 |    93 |       |       |       ||   485
       Tower shield      |       |       |       |       |       |  1003 |  1105 |  1218 |  2919 ||  6245
       Reflection        |       |       |       |       |       |       |       |       |    20 ||    20

Table legend:
 A = Non-vault XP
 B = Vault XP
 C = Vault XP percentage of total XP
 D = Non-vault monster count
 E = Vault monster count
 F = Vault count percentage of total count
                 A         B        C        D         E       F
            +---------+---------+-------+---------+---------+-------
      Total | 1262797 |  835098 |  39.8 |    2142 |     977 |  31.3
            +---------+---------+-------+---------+---------+-------
        D:1 |      18 |       2 |  10.0 |      12 |       1 |   7.7
        D:2 |     113 |       0 |   0.0 |      13 |       0 |   0.0
        D:3 |     146 |       0 |   0.0 |      18 |       0 |   0.0
        D:4 |     509 |      33 |   6.1 |      31 |      10 |  24.4
        D:5 |     509 |       0 |   0.0 |      13 |       0 |   0.0
        D:6 |    1991 |     607 |  23.4 |      23 |       1 |   4.2
        D:7 |     571 |       0 |   0.0 |      12 |       0 |   0.0
        D:8 |    1058 |     653 |  38.2 |      20 |       5 |  20.0
        D:9 |    1859 |    1217 |  39.6 |      20 |       9 |  31.0
       D:10 |    1763 |    2365 |  57.3 |      12 |       9 |  42.9
       D:11 |    3238 |     510 |  13.6 |      14 |       2 |  12.5
       D:12 |    6660 |   10194 |  60.5 |      15 |      26 |  63.4
       D:13 |    6577 |     104 |   1.6 |      14 |       6 |  30.0
       D:14 |    4416 |    8096 |  64.7 |      11 |      12 |  52.2
       D:15 |    5917 |    5837 |  49.7 |      20 |      11 |  35.5
     Lair:1 |    3717 |    1807 |  32.7 |      13 |       4 |  23.5
     Lair:2 |    3614 |    3287 |  47.6 |      15 |       9 |  37.5
     Lair:3 |    8271 |     771 |   8.5 |      27 |       7 |  20.6
     Lair:4 |   13544 |    1642 |  10.8 |      33 |       5 |  13.2
     Lair:5 |   13590 |    8179 |  37.6 |      39 |      35 |  47.3
   Shoals:1 |   15727 |    4713 |  23.1 |      30 |       8 |  21.1
   Shoals:2 |   18161 |    5222 |  22.3 |      36 |       7 |  16.3
   Shoals:3 |   21985 |    1437 |   6.1 |      45 |       1 |   2.2
   Shoals:4 |    7496 |   27133 |  78.4 |      20 |      40 |  66.7
    Snake:1 |   10740 |    5401 |  33.5 |      20 |       3 |  13.0
    Snake:2 |   18238 |       0 |   0.0 |      41 |       0 |   0.0
    Snake:3 |   12630 |     987 |   7.2 |      25 |       2 |   7.4
    Snake:4 |   19229 |   20765 |  51.9 |      33 |      38 |  53.5
    Slime:1 |    9719 |       0 |   0.0 |      11 |       0 |   0.0
    Slime:2 |    9147 |    5627 |  38.1 |      27 |       1 |   3.6
    Slime:3 |   16625 |       0 |   0.0 |      26 |       0 |   0.0
    Slime:4 |   16017 |       0 |   0.0 |      28 |       0 |   0.0
    Slime:5 |   16284 |   24703 |  60.3 |      32 |      17 |  34.7
      Orc:1 |    3566 |       0 |   0.0 |      30 |       0 |   0.0
      Orc:2 |    5033 |    9902 |  66.3 |      52 |      55 |  51.4
   Vaults:1 |   31243 |   29978 |  49.0 |      48 |      38 |  44.2
   Vaults:2 |   17215 |   20957 |  54.9 |      30 |      32 |  51.6
   Vaults:3 |   27299 |   17100 |  38.5 |      42 |      26 |  38.2
   Vaults:4 |   31108 |   40882 |  56.8 |      45 |      53 |  54.1
   Vaults:5 |   19389 |   80423 |  80.6 |      37 |      58 |  61.1
    Crypt:1 |   18200 |       0 |   0.0 |      36 |       0 |   0.0
    Crypt:2 |   28250 |    2226 |   7.3 |      46 |       6 |  11.5
    Crypt:3 |   40102 |   33310 |  45.4 |      52 |      19 |  26.8
     Tomb:1 |     723 |  104016 |  99.3 |       5 |      59 |  92.2
     Tomb:2 |    6224 |   31078 |  83.3 |      26 |      49 |  65.3
     Tomb:3 |   20822 |   61597 |  74.7 |      42 |      59 |  58.4
   Depths:1 |   37485 |    2255 |   5.7 |      40 |       2 |   4.8
   Depths:2 |   28710 |   16427 |  36.4 |      36 |      14 |  28.0
   Depths:3 |   34353 |   35919 |  51.1 |      40 |      31 |  43.7
   Depths:4 |   44604 |   25319 |  36.2 |      54 |      31 |  36.5
      Zot:1 |   55404 |    9138 |  14.2 |      51 |       8 |  13.6
      Zot:2 |   45238 |       0 |   0.0 |      37 |       0 |   0.0
      Zot:3 |   36742 |       0 |   0.0 |      28 |       0 |   0.0
      Zot:4 |   47735 |       0 |   0.0 |      38 |       0 |   0.0
        Pan |  413273 |  169383 |  29.1 |     578 |     156 |  21.3
   Gauntlet |       0 |    3896 | 100.0 |       0 |      12 | 100.0
            +---------+---------+-------+---------+---------+-------
